Workbook

Sheet DATOS DEL PROCESO
A2: ALCALDÍA LOCAL DE SUBA | B2: ALCALDÍA LOCAL DE SUBA
B3: OFICINA DE INFRAESTRUCTURA DEL FDLSUBA
A6: OBJETO DE LA LICITACIÓN: | B6: EJECUTAR POR EL SISTEMA DE PRECIOS UNITARIOS Y A MONTO AGOTABLE LAS ACTIVIDADES PARA LA CONSERVACION DE LA MALLA VIAL LOCAL E INTERMEDIA Y ESPACIO PÚBLICO EN LA LOCALIDAD DE SUBA EN LA CIUDAD DE BOGOTA D.C
A8: No. De proceso de contratacion | B8: -
A9: MODALIDAD DE PROYECTO | B9: CONTRATO DE OBRA PÚBLICA
A12: ACTIVIDADES | B12: MESES | C12: MONTOS
A13: EJECUCIÓN DE OBRAS MALLA VIAL COSTO DIRECTO | B13: 11 | C13: =+CostoDirecto[[#Totals],[COSTO DIRECTO MALLA VIAL ]] -> 7940847786
A14: EJECUCIÓN DE OBRAS ESPACIO PUBLICO COSTO DIRECTO | C14: =+CostoDirecto[[#Totals],[COSTO DIRECTO ESPACIO PUBLICO]] -> 934648359
A15: PROVISION ATENCION DE EMERGENCIAS | C15: 5.4112242e+08
A16: TOTAL PROYECTO CD | B16: =SUM(B13:B13) -> 11 | C16: =SUM(C13:C15) -> 9416618564
A18: AIU OBRA | B18: =+'AIU OBRA '!X75 -> 0.2714 | C18: =ROUND($C$16*B18,) -> 2555670278
A19: PMT (Incl. AIU) | B19: =+C19/C16 -> 0.02099344 | C19: =+PMT!V36 -> 197687213
A20: PGS (Incl. AIU) | B20: =+C20/C16 -> 0.035146147 | C20: =+PGS!L54 -> 330957863
A21: PGA Y SST (Incl. AIU) | B21: =+C21/C16 -> 0.03808257 | C21: =+'PGA Y SST'!N105 -> 358609035
A23: COSTOS ESTIMADOS PARA DIAGNOSTICOS, DISEÑOS Y ENSAYOS DE LABORATORIO (Incluye Iva) | C23: =+EYD!H35 -> 375198364
A24: PROVISIÓN POR CAMBIO DE VIGENCIA | C24: =+AjusteCambioVigencia!I30 -> 165258683
A26: COSTO TOTAL DEL PROYECTO | C26: =SUM(C16,C18,C19,C20,C21,C23,C24) -> 13400000000

Sheet Formulario
C2: Formulario 1 - Propuesta económica - Documento tipo de licitación de obra pública de infraestructura de transporte - versión 4
C3: Código | D3: CCE-EICP-FM-14 | E3: Versión | F3: 4
C4: FORMULARIO 1
C5: PRESUPUESTO OFICIAL
C6: [La entidad puede utilizar este formulario de detalle del presupuesto oficial para determinar las condiciones bajo las cuales los proponentes analizarán y presentarán su propuesta económica de forma detallada, sin perjuicio que la entidad pueda modificarlo o establecer la presentación de la oferta económica con un formulario distinto al indicado.]
C8: Adicionalmente, cuando el proceso de contratación es estructurado por precios unitarios, la Entidad debe aplicar las notas 1, 2 y 3 del presente formulario y las casillas de "Descripción", "Porcentaje" de la Administración, Imprevisto, Utilidad y total A.I.U. resaltadas en color amarillo. Tratándose de otras modalidades de precio, la Entidad puede o no configurar los mismos aspectos.
C10: Nº | D10: ÍTEM DE PAGO | E10: ESPECIFICACIONES | G10: DESCRIPCIÓN | H10: UND. | I10: CANTIDAD | J10: VALOR UNITARIO | K10: VALOR TOTAL
E11: GENERAL | F11: PARTICULAR
C12: 1 | D12: 3007 | E12: IDU | G12: =+_xlfn.XLOOKUP(D12,APU_IDU[Código],APU_IDU[Nombre],"",0) -> REPLANTEO GENERAL | H12: =+_xlfn.XLOOKUP(D12,APU_IDU[Código],APU_IDU[UM],"",0) -> M2 | I12: =ROUND(+VLOOKUP(D12,CantidadesConsolidadas[[#Headers],[#Data]],53,FALSE),2) -> 14702.38 | J12: =ROUND(_xlfn.XLOOKUP(D12,APU_IDU[Código],APU_IDU[Valor],"",0)*(1+$K$146),0) -> 1374 | K12: =ROUND(I12*J12,0) -> 20201070
C13: 2 | D13: 5360 | E13: IDU | G13: =+_xlfn.XLOOKUP(D13,APU_IDU[Código],APU_IDU[Nombre],"",0) -> ACOPIO Y TRASIEGO MECANICO DE MATERIAL DE FRESADO EN EL SITIO DE ALMACENAMIENTO TRANSITORIO. | H13: =+_xlfn.XLOOKUP(D13,APU_IDU[Código],APU_IDU[UM],"",0) -> HR | I13: =ROUND(+VLOOKUP(D13,CantidadesConsolidadas[[#Headers],[#Data]],53,FALSE),2) -> 49 | J13: =ROUND(_xlfn.XLOOKUP(D13,APU_IDU[Código],APU_IDU[Valor],"",0)*(1+$K$146),0) -> 232397 | K13: =ROUND(I13*J13,0) -> 11387453
C14: 3 | D14: 3010 | E14: IDU | G14: =+_xlfn.XLOOKUP(D14,APU_IDU[Código],APU_IDU[Nombre],"",0) -> DEMOLICION PAVIMENTO ASFALTICO (INCLUYE CARGUE). NO INCLUYE TRANSPORTE Y DISPOSICIÓN FINAL DE SOBRANTES. | H14: =+_xlfn.XLOOKUP(D14,APU_IDU[Código],APU_IDU[UM],"",0) -> M3 | I14: =ROUND(+VLOOKUP(D14,CantidadesConsolidadas[[#Headers],[#Data]],53,FALSE),2) -> 2126.83 | J14: =ROUND(_xlfn.XLOOKUP(D14,APU_IDU[Código],APU_IDU[Valor],"",0)*(1+$K$146),0) -> 55376 | K14: =ROUND(I14*J14,0) -> 117775338
C15: 4 | D15: 3710 | E15: IDU | G15: =+_xlfn.XLOOKUP(D15,APU_IDU[Código],APU_IDU[Nombre],"",0) -> EXCAVACIÓN MECÁNICA EN MATERIAL COMÚN (INCLUYE CARGUE) | H15: =+_xlfn.XLOOKUP(D15,APU_IDU[Código],APU_IDU[UM],"",0) -> M3 | I15: =ROUND(+VLOOKUP(D15,CantidadesConsolidadas[[#Headers],[#Data]],53,FALSE),2) -> 9954.6 | J15: =ROUND(_xlfn.XLOOKUP(D15,APU_IDU[Código],APU_IDU[Valor],"",0)*(1+$K$146),0) -> 7626 | K15: =ROUND(I15*J15,0) -> 75913780
C16: 5 | D16: 3017 | E16: IDU | G16: =+_xlfn.XLOOKUP(D16,APU_IDU[Código],APU_IDU[Nombre],"",0) -> TRANSPORTE Y DISPOSICIÓN FINAL DE ESCOMBROS EN SITIO AUTORIZADO (DISTANCIA DE TRANSPORTE 21 KM). A DISTANCIA MAYOR DEL ACARREO LIBRE (90 M) EN SITIO AUTORIZADO POR LA ENTIDAD AMBIENTAL COMPETENTE. | H16: =+_xlfn.XLOOKUP(D16,APU_IDU[Código],APU_IDU[UM],"",0) -> M3 | I16: =ROUND(+VLOOKUP(D16,CantidadesConsolidadas[[#Headers],[#Data]],53,FALSE),2) -> 23284.41 | J16: =ROUND(_xlfn.XLOOKUP(D16,APU_IDU[Código],APU_IDU[Valor],"",0)*(1+$K$146),0) -> 58146 | K16: =ROUND(I16*J16,0) -> 1353895304
C17: 6 | D17: 4015 | E17: IDU | G17: =+_xlfn.XLOOKUP(D17,APU_IDU[Código],APU_IDU[Nombre],"",0) -> GEOTEXTIL NO TEJIDO CON RESISTENCIA A LA TENSION GRAB: ENTRE 850 N Y 980 N. PARA SEPARACION SUBRASANTE/CAPAS GRANULARES. (INCLUYE SUMINISTRO E INSTALACION). | H17: =+_xlfn.XLOOKUP(D17,APU_IDU[Código],APU_IDU[UM],"",0) -> M2 | I17: =ROUND(+VLOOKUP(D17,CantidadesConsolidadas[[#Headers],[#Data]],53,FALSE),2) -> 14702.38 | J17: =ROUND(_xlfn.XLOOKUP(D17,APU_IDU[Código],APU_IDU[Valor],"",0)*(1+$K$146),0) -> 29144 | K17: =ROUND(I17*J17,0) -> 428486163
C18: 7 | D18: 6053 | E18: IDU | G18: =+_xlfn.XLOOKUP(D18,APU_IDU[Código],APU_IDU[Nombre],"",0) -> CAPA DE SUELO DE SUBRASANTE ESTABILIZADA CON CAL HIDRATADA TIPO N, IN SITU AL 4%. (SUMINISTRO, EXTENDIDO, NIVELACION, HUMEDECIMIENTO Y COMPACTACION). | H18: =+_xlfn.XLOOKUP(D18,APU_IDU[Código],APU_IDU[UM],"",0) -> M3 | I18: =ROUND(+VLOOKUP(D18,CantidadesConsolidadas[[#Headers],[#Data]],53,FALSE),2) -> 1261.21 | J18: =ROUND(_xlfn.XLOOKUP(D18,APU_IDU[Código],APU_IDU[Valor],"",0)*(1+$K$146),0) -> 163389 | K18: =ROUND(I18*J18,0) -> 206067841
C19: 8 | D19: 6016 | E19: IDU | G19: =+_xlfn.XLOOKUP(D19,APU_IDU[Código],APU_IDU[Nombre],"",0) -> ESTABILIZACIÓN DE SUBRASANTE CON RAJÓN, INCLUYE EQUIPO DE COMPACTACIÓN (SUMINISTRO, EXTENDIDO, NIVELACIÓN Y COMPACTACIÓN CON EQUIPO MECÁNICO. NO INCLUYE MATERIAL DE SELLO) | H19: =+_xlfn.XLOOKUP(D19,APU_IDU[Código],APU_IDU[UM],"",0) -> M3 | I19: =ROUND(+VLOOKUP(D19,CantidadesConsolidadas[[#Headers],[#Data]],53,FALSE),2) -> 477.77 | J19: =ROUND(_xlfn.XLOOKUP(D19,APU_IDU[Código],APU_IDU[Valor],"",0)*(1+$K$146),0) -> 189136 | K19: =ROUND(I19*J19,0) -> 90363507
C20: 9 | D20: 4142 | E20: IDU | G20: =+_xlfn.XLOOKUP(D20,APU_IDU[Código],APU_IDU[Nombre],"",0) -> SUBBASE GRANULAR SBG-A (SUMINISTRO, EXTENDIDO, NIVELACIÓN, HUMEDECIMIENTO Y COMPACTACIÓN CON VIBROCOMPACTADOR) | H20: =+_xlfn.XLOOKUP(D20,APU_IDU[Código],APU_IDU[UM],"",0) -> M3 | I20: =ROUND(+VLOOKUP(D20,CantidadesConsolidadas[[#Headers],[#Data]],53,FALSE),2) -> 37.75 | J20: =ROUND(_xlfn.XLOOKUP(D20,APU_IDU[Código],APU_IDU[Valor],"",0)*(1+$K$146),0) -> 282247 | K20: =ROUND(I20*J20,0) -> 10654824
C21: 10 | D21: 8617 | E21: IDU | G21: =+_xlfn.XLOOKUP(D21,APU_IDU[Código],APU_IDU[Nombre],"",0) -> AGREGADOS RECICLADOS PARA SUBBASE GRANULAR (AR_SBG50) (Suministro, Extendido, Nivelación, Humedecimiento y Compactación con vibrocompactador) | H21: =+_xlfn.XLOOKUP(D21,APU_IDU[Código],APU_IDU[UM],"",0) -> M3 | I21: =ROUND(+VLOOKUP(D21,CantidadesConsolidadas[[#Headers],[#Data]],53,FALSE),2) -> 142.44 | J21: =ROUND(_xlfn.XLOOKUP(D21,APU_IDU[Código],APU_IDU[Valor],"",0)*(1+$K$146),0) -> 260332 | K21: =ROUND(I21*J21,0) -> 37081690
C22: 11 | D22: 4140 | E22: IDU | G22: =+_xlfn.XLOOKUP(D22,APU_IDU[Código],APU_IDU[Nombre],"",0) -> BASE GRANULAR BG-A. (SUMINISTRO, EXTENDIDO, NIVELACIÓN Y HUMEDECIMIENTO MECÁNICO, COMPACTACIÓN MECÁNICA CON VIBROCOMPACTADOR TÁNDEM PEQUEÑO, INCLUYE OPERARIO Y COMBUSTIBLE). | H22: =+_xlfn.XLOOKUP(D22,APU_IDU[Código],APU_IDU[UM],"",0) -> M3 | I22: =ROUND(+VLOOKUP(D22,CantidadesConsolidadas[[#Headers],[#Data]],53,FALSE),2) -> 45.75 | J22: =ROUND(_xlfn.XLOOKUP(D22,APU_IDU[Código],APU_IDU[Valor],"",0)*(1+$K$146),0) -> 333994 | K22: =ROUND(I22*J22,0) -> 15280226
C23: 12 | D23: 4160 | E23: IDU | G23: =+_xlfn.XLOOKUP(D23,APU_IDU[Código],APU_IDU[Nombre],"",0) -> SUBBASE GRANULAR CLASE B (SBG_B) (SUMINISTRO, EXTENDIDO, NIVELACIÓN, HUMEDECIMIENTO Y COMPACTACIÓN CON VIBROCOMPACTADOR) | H23: =+_xlfn.XLOOKUP(D23,APU_IDU[Código],APU_IDU[UM],"",0) -> M3 | I23: =ROUND(+VLOOKUP(D23,CantidadesConsolidadas[[#Headers],[#Data]],53,FALSE),2) -> 2512.37 | J23: =ROUND(_xlfn.XLOOKUP(D23,APU_IDU[Código],APU_IDU[Valor],"",0)*(1+$K$146),0) -> 261680 | K23: =ROUND(I23*J23,0) -> 657436982
... C123: 112 | D123: 5426 | E123: IDU | G123: =+_xlfn.XLOOKUP(D123,APU_IDU[Código],APU_IDU[Nombre],"",0) -> CONCRETO 4000 PSI GRAVA COMÚN PARA RAMPAS Y ESCALERAS (PREMEZCLADO. INCL. SUMINISTRO, FORMALETEO Y COLOCACIÓN. NO INCL. REFUERZO, CURADO). | H123: =+_xlfn.XLOOKUP(D123,APU_IDU[Código],APU_IDU[UM],"",0) -> M3 | I123: =ROUND(+VLOOKUP(D123,CantidadesConsolidadas[[#Headers],[#Data]],53,FALSE),2) -> 3.6 | J123: =ROUND(_xlfn.XLOOKUP(D123,APU_IDU[Código],APU_IDU[Valor],"",0)*(1+$K$146),0) -> 1324150 | K123: =ROUND(I123*J123,0) -> 4766940
A124: =IF(I124=0,#REF!,#REF!+1) -> #REF! | C124: 113 | D124: 4051 | E124: IDU | G124: =+_xlfn.XLOOKUP(D124,APU_IDU[Código],APU_IDU[Nombre],"",0) -> ANDEN CONCRETO 3000 PSI (210 KG/CM2) HECHO EN OBRA E=0.10M (INCLUYE MEZCLA, FORMALETEO, FUNDIDA Y CURADO) | H124: =+_xlfn.XLOOKUP(D124,APU_IDU[Código],APU_IDU[UM],"",0) -> M2 | I124: =ROUND(+VLOOKUP(D124,CantidadesConsolidadas[[#Headers],[#Data]],53,FALSE),2) -> 2577.89 | J124: =ROUND(_xlfn.XLOOKUP(D124,APU_IDU[Código],APU_IDU[Valor],"",0)*(1+$K$146),0) -> 114000 | K124: =ROUND(I124*J124,0) -> 293879460
C125: SUBTOTAL VALORES OFERTADOS | K125: =SUM(K12:K124) -> 11284303262
G127: SUBTOTAL OBRAS (INCLUYE COSTOS DIRECTOS E INDIRECTOS) | K127: =K125 -> 11284303262
G129: PROVISION ATENCION DE EMERGENCIAS (INCLUYE A.I.U. (27,14%)) - VALOR NO OFERTABLE | K129: =ROUND('DATOS DEL PROCESO'!C15*(1+Formulario!$K$146)+2536,0) -> 687985580
G131: COMPONENTE GESTIÓN AMBIENTAL Y SST (INCLUYE A.I.U.) - VALOR NO OFERTABLE | I131: GLB | J131: 0.03808257 | K131: =+'DATOS DEL PROCESO'!C21 -> 358609035
G132: COMPONENTE GESTIÓN SOCIAL (INCLUYE A.I.U.) - VALOR NO OFERTABLE | I132: GLB | J132: 0.035146147 | K132: =+'DATOS DEL PROCESO'!C20 -> 330957863
G133: COMPONENTE PLAN DE MANEJO DE TRAFICO - PMT (INCLUYE A.I.U.) - VALOR NO OFERTABLE | I133: GLB | J133: 0.02099344 | K133: =+'DATOS DEL PROCESO'!C19 -> 197687213
G135: COSTOS ESTIMADOS PARA DIAGNOSTICOS, DISEÑOS Y ENSAYOS DE LABORATORIO (Incluye Iva) - VALOR NO OFERTABLE | I135: GLB | J135: 1 | K135: =+'DATOS DEL PROCESO'!C23 -> 375198364
G137: PROVISIÓN POR CAMBIO DE VIGENCIA - VALOR NO OFERTABLE | I137: GLB | J137: 1 | K137: =+'DATOS DEL PROCESO'!C24 -> 165258683
G139: VALOR TOTAL OFERTA ECONOMICA | K139: =K127+K129+K131+K132+K133+K135+K137 -> 13400000000
C142: NOTA 1: Se debe tener en cuenta que el PRECIO UNITARIO incluye el valor de A.I.U. | H142: DESCRIPCION | K142: PORCENTAJE
C143: NOTA 2: Cuando la fracción decimal del peso sea igual o superior a 5 se aproximará por exceso al número entero siguiente del peso y cuando la fracción decimal del peso sea inferior a 5 se aproximará por defecto al número entero del peso. | H143: ADMINISTRACIÓN | J143: A= | K143: =+'AIU OBRA '!X71 -> 0.2114
C144: NOTA 3: El A.I.U y su discriminación deben estar en porcentaje (%). | H144: IMPREVISTO | J144: I= | K144: =+'AIU OBRA '!X72 -> 0.01
H145: UTILIDAD | J145: U= | K145: =+'AIU OBRA '!X73 -> 0.05
H146: TOTAL A.I.U | J146: A.I.U.= | K146: =SUM(K143:K145) -> 0.2714

Sheet PRECIOS APU 2025
B2: Origen | C2: Capítulo | D2: Subcapítulo | E2: Código | F2: Nombre | G2: UM | H2: Valor | I2: Fecha de actualización
B3: Antiguo | C3: EXCAVACIONES | D3: EXC. CONFORMACIÓN DE SUBRASANTE | E3: 3007 | F3: REPLANTEO GENERAL | G3: M2 | H3: 1081 | I3: Actualización 2026-I Fase II + M.O. Ley 2101 de 2021
B4: Antiguo | C4: EXCAVACIONES | D4: EXC. ESTRUCTURAS Y REDES | E4: 3009 | F4: EXCAVACION MANUAL PARA REDES PROFUNDIDAD 0M - 2M (INCLUYE CARGUE) | G4: M3 | H4: 58471 | I4: Actualización 2026-I Fase II + M.O. Ley 2101 de 2021
B5: Antiguo | C5: DEMOLICIONES | D5: DEMOLICIONES | E5: 3010 | F5: DEMOLICION PAVIMENTO ASFALTICO (INCLUYE CARGUE). NO INCLUYE TRANSPORTE Y DISPOSICIÓN FINAL DE SOBRANTES. | G5: M3 | H5: 43555 | I5: Actualización 2026-I Fase II + M.O. Ley 2101 de 2021
B6: Antiguo | C6: DEMOLICIONES | D6: DEMOLICIONES | E6: 3011 | F6: DEMOLICION MANUAL SARDINEL EXISTENTE (INCLUYE CARGUE). NO INCLUYE TRANSPORTE Y DISPOSICIÓN FINAL DE SOBRANTES. | G6: ML | H6: 8176 | I6: Actualización 2026-I Fase II + M.O. Ley 2101 de 2021
B7: Antiguo | C7: DEMOLICIONES | D7: DEMOLICIONES | E7: 3012 | F7: DEMOLICIÓN PISOS DE CONCRETO (ESPESOR VARIABLE HASTA 0.10 M. INCLUYE CARGUE). NO INCLUYE TRANSPORTE Y DISPOSICIÓN FINAL DE SOBRANTES. | G7: M2 | H7: 9583 | I7: Actualización 2026-I Fase II + M.O. Ley 2101 de 2021
B8: Antiguo | C8: REDES ELECTRICAS | D8: RED ELECTRICA CODENSA | E8: 3015 | F8: RETIRO DE POSTES DE AP/LA (INCLUYE TRASLADO A SITIO DE ACOPIO) | G8: UN | H8: 256334 | I8: Actualización 2026-I Fase II + M.O. Ley 2101 de 2021
B9: Antiguo | C9: TRANSPORTES Y ACARREOS | D9: TRANSPORTES Y ACARREOS | E9: 3017 | F9: TRANSPORTE Y DISPOSICIÓN FINAL DE ESCOMBROS EN SITIO AUTORIZADO (DISTANCIA DE TRANSPORTE 21 KM). A DISTANCIA MAYOR DEL ACARREO LIBRE (90 M) EN SITIO AUTORIZADO POR LA ENTIDAD AMBIENTAL COMPETENTE. | G9: M3 | H9: 45734 | I9: Actualización 2026-I Fase I
B10: Antiguo | C10: RELLENOS Y CAPAS GRANULARES | D10: RELLENOS EN TIERRA | E10: 3018 | F10: RELLENO EN TIERRA NEGRA PARA EMPRADIZACION (SUMINISTRO Y EXTENDIDO) | G10: M3 | H10: 111152 | I10: Actualización 2026-I Fase II + M.O. Ley 2101 de 2021
B11: Antiguo | C11: DEMOLICIONES | D11: DEMOLICIONES | E11: 3021 | F11: DEMOLICION PAVIMENTO ASFALTICO (ESPESOR VARIABLE. INCLUYE CARGUE). NO INCLUYE TRANSPORTE Y DISPOSICIÓN FINAL DE SOBRANTES. | G11: M2 | H11: 8838 | I11: Actualización 2026-I Fase II + M.O. Ley 2101 de 2021
B12: Antiguo | C12: DEMOLICIONES | D12: DEMOLICIONES | E12: 3022 | F12: DEMOLICIÓN PISOS DE CONCRETO (INCLUYE CARGUE). NO INCLUYE TRANSPORTE Y DISPOSICIÓN FINAL DE SOBRANTES. | G12: M3 | H12: 64547 | I12: Actualización 2026-I Fase II + M.O. Ley 2101 de 2021
B13: Antiguo | C13: RELLENOS Y CAPAS GRANULARES | D13: RELLENOS PARA ANDENES Y REDES | E13: 3024 | F13: RELLENO PARA REDES EN ARENA DE PEÑA (SUMINISTRO, EXTENDIDO, HUMEDECIMIENTO Y COMPACTACIÓN) | G13: M3 | H13: 182185 | I13: Actualización 2026-I Fase II + M.O. Ley 2101 de 2021
B14: Antiguo | C14: ANDENES Y SARDINELES | D14: SARDINELES Y BORDILLOS | E14: 3027 | F14: SARDINEL TIPO A10 (SUMINISTRO E INSTALACIÓN. INCLUYE 3CM MORTERO 1:5) | G14: ML | H14: 90524 | I14: Actualización 2026-I Fase II + M.O. Ley 2101 de 2021
... B3173: Demanda | C3173: RELLENOS Y CAPAS GRANULARES | D3173: CAPAS GRANULARES | E3173: 10888 | F3173: SUBBASE GRANULAR CLASE A - Gr1 (SBGA_Gr1) ESTABILIZADA CON CEMENTO AL 4% (SUMINISTRO, EXTENDIDO, NIVELACIÓN, HUMEDECIMIENTO Y COMPACTACIÓN CON VIBROCOMPACTADOR), DISTANCIA DE TRANSPORTE A 21 KM | G3173: M3 | H3173: 264399 | I3173: Actualización 2026-I Fase II + M.O. Ley 2101 de 2021

Sheet INSUMOS 2025
B86: Origen | C86: Grupo de base de datos | D86: Código | E86: Nombre | F86: UM | G86: Precio | H86: Fecha de Actualización
B87: Demanda | C87: CONCRETOS Y MORTEROS PREMEZCLADOS | D87: 322 | E87: CONCRETO GRAVA COMÚN 2000 PSI 14 MPa (140 Kg/m2) | F87: M3 | G87: 564303 | H87: Actualización 2026-I Fase I
B88: Demanda | C88: CONCRETOS Y MORTEROS PREMEZCLADOS | D88: 323 | E88: CONCRETO GRAVA COMÚN 2500 PSI 17 MPa (175 Kg/cm2) | F88: M3 | G88: 599299 | H88: Actualización 2026-I Fase I
B89: Demanda | C89: CONCRETOS Y MORTEROS PREMEZCLADOS | D89: 324 | E89: CONCRETO GRAVA COMÚN 3000 PSI 21 MPa (210 Kg/cm2) | F89: M3 | G89: 603117 | H89: Actualización 2026-I Fase I
B90: Demanda | C90: CONCRETOS Y MORTEROS PREMEZCLADOS | D90: 325 | E90: CONCRETO GRAVA COMÚN 3500 PSI 24 MPa (245 Kg/cm2) | F90: M3 | G90: 619564 | H90: Actualización 2026-I Fase I
B91: Demanda | C91: CONCRETOS Y MORTEROS PREMEZCLADOS | D91: 326 | E91: CONCRETO GRAVA COMÚN 4000 PSI 28 MPa (280 Kg/cm2) | F91: M3 | G91: 637080 | H91: Actualización 2026-I Fase I
B92: Demanda | C92: CONCRETOS Y MORTEROS PREMEZCLADOS | D92: 328 | E92: CONCRETO GRAVA COMÚN 5000 PSI 34 MPa (350 Kg/cm2) | F92: M3 | G92: 663148 | H92: Actualización 2026-I Fase I
B93: Demanda | C93: CONCRETOS Y MORTEROS PREMEZCLADOS | D93: 333 | E93: CONCRETO GRAVA FINA 3000 PSI 21 MPa (210 Kg/cm2) | F93: M3 | G93: 616932 | H93: Actualización 2026-I Fase I
B94: Demanda | C94: CONCRETOS Y MORTEROS PREMEZCLADOS | D94: 366 | E94: MORTERO 2000 PSI 14 MPa (140 Kg/cm2) | F94: M3 | G94: 724353 | H94: Actualización 2026-I Fase I
B95: Demanda | C95: EQUIPO PESADO | D95: 1505 | E95: COMPACTADOR DE LLANTAS - MASA SIN LASTRES DE 9 A 11 TONELADAS - INCLUYE OPERARIO Y COMBUSTIBLE | F95: HR | G95: 196044 | H95: Actualización 2026-I Fase I
B96: Demanda | C96: ARBOLES-GRAMAS-VEGETACIÓN Y PLANTACIÓN PAISAJÍSTIC | D96: 1512 | E96: GRAMA | F96: M2 | G96: 19722 | H96: Actualización 2026-I Fase I
B97: Demanda | C97: FORMALETAS, ANDAMIOS Y ACCESORIOS | D97: 1515 | E97: FORMALETA METÁLICA SARDINEL | F97: ML/DI | G97: 1131 | H97: Actualización 2026-I Fase I
B98: Demanda | C98: MALLAS Y ACEROS PARA REFUERZO | D98: 1794 | E98: ALAMBRE RECOCIDO No.18 | F98: KG | G98: 5711 | H98: Actualización 2026-I Fase I
... B2814: Demanda | C2814: GEOSINTETICOS | D2814: 13590 | E2814: GEOMALLA BIAXIAL CON RESISTENCIA ULTIMA A LA TENSION, SENTIDO LONGITUDINAL Y TRANSVERSAL: ENTRE 100 KN/M Y 106 KN/M | F2814: M2 | G2814: 18568 | H2814: Actualización 2026-I Fase II + M.O. Ley 2101 de 2021

Sheet Filtro_Conservacion
A1: Código | B1: Subcapítulo | C1: Nombre | D1: UM | E1: Valor | F1: Malla vial | G1: EspacioPublico | H1: Cicloruta | I1: Local | J1: Intermedia | K1: Arterial | L1: Rigido | M1: Flexibe | N1: Adoquin concreto | O1: Adoquin Arcilla | P1: Mantenimiento Periodico | Q1: Mantenimiento Rutinario | R1: Rehabilitación | S1: Reconstrucción | T1: TipoEstructura | U1: Superficie | V1: TipoMalla | W1: TipoIntervencion | X1: Codigo unico
A2: 4583 | B2: REHABILITACION ZONA VERDE E=10 CM. INCLUYE DESCAPOTE, SIEMBRA DE GRAMA, TIERRA NEGRA Y RETIRO DE MATERIAL ORGANICO. NO INCLUYE REDES. | C2: REHABILITACION ZONA VERDE E=10 CM. INCLUYE DESCAPOTE, SIEMBRA DE GRAMA, TIERRA NEGRA Y RETIRO DE MATERIAL ORGANICO. NO INCLUYE REDES. | D2: M2 | E2: 46968 | T2: EP | U2: 04 | V2: XM | W2: 02 | X2: EP04XM02
A3: 7825 | B3: MANTENIMIENTO PERIODICO ESPACIO PÚBLICO EN ADOQUÍN DE CONCRETO TR LIVIANO SOBRE MORTERO. INCLUYE RETIRO Y LIMPIEZA ADOQUÍN E INSTALAR NUEVO. EMBOQUILLADA CON ARENA CEMENTO 5:1., TRANSPORTE Y DISPOSICION DE ESCOMBROS A 21KM. | C3: MANTENIMIENTO PERIODICO ESPACIO PÚBLICO EN ADOQUÍN DE CONCRETO TR LIVIANO SOBRE MORTERO. INCLUYE RETIRO Y LIMPIEZA ADOQUÍN E INSTALAR NUEVO. EMBOQUILLADA CON ARENA CEMENTO 5:1., TRANSPORTE Y DISPOSICION DE ESCOMBROS A 21KM. | D3: M2 | E3: 78995 | T3: MV | U3: XS | V3: RU | W3: 04 | X3: MVXSRU04
A4: 10094 | B4: RECONSTRUCCION DE MALLA VIAL TRONCAl EN PAVIMENTO FLEXIBLE e=0.26 (NO INCLUYE SARDINEL), INCLUYE DEMOLICIÓN RETIRO Y REEMPLAZO DEL MATERIAL, EXCAVACIÓN MECANICA, ESTABILIZACIÓN DE SUBRASANTE, IMPRIMACIÓN, RIEGO, DEMARCACIÓN, TRANSPORTE Y DISPOSICION DE ESCOMBROS A 21KM. | C4: RECONSTRUCCION DE MALLA VIAL TRONCAl EN PAVIMENTO FLEXIBLE e=0.26 (NO INCLUYE SARDINEL), INCLUYE DEMOLICIÓN RETIRO Y REEMPLAZO DEL MATERIAL, EXCAVACIÓN MECANICA, ESTABILIZACIÓN DE SUBRASANTE, IMPRIMACIÓN, RIEGO, DEMARCACIÓN, TRANSPORTE Y DISPOSICION DE ESCOMBROS A 21KM. | D4: M2 | E4: 637941 | T4: MV | U4: XS | V4: LO | W4: XI | X4: MVXSLOXI
A5: 10095 | B5: RECONSTRUCCIÓN DE MALLA VIAL TRONCAL EN PAVIMENTO RIGIDO MR 45 e=0.25 (NO INCLUYE SARDINEL), INCLUYE DEMOLICIÓN RETIRO Y REEMPLAZO DEL MATERIAL, EXCAVACIÓN MECANICA, ESTABILIZACIÓN DE SUBRASANTE, CURADO, SELLADO DE JUNTAS, DEMARCACIÓN, TRANSPORTE Y DISPOSICION DE ESCOMBROS A 21KM. | C5: RECONSTRUCCIÓN DE MALLA VIAL TRONCAL EN PAVIMENTO RIGIDO MR 45 e=0.25 (NO INCLUYE SARDINEL), INCLUYE DEMOLICIÓN RETIRO Y REEMPLAZO DEL MATERIAL, EXCAVACIÓN MECANICA, ESTABILIZACIÓN DE SUBRASANTE, CURADO, SELLADO DE JUNTAS, DEMARCACIÓN, TRANSPORTE Y DISPOSICION DE ESCOMBROS A 21KM. | D5: M2 | E5: 657579 | T5: MV | U5: XS | V5: IN | W5: 03 | X5: MVXSIN03
A6: 10096 | B6: REHABILITACION DE MALLA VIAL TRONCAL EN PAVIMENTO FLEXIBLE e=0.26 (NO INCLUYE SARDINEL), INCLUYE DEMOLICIÓN RETIRO Y REEMPLAZO DEL MATERIAL, EXCAVACIÓN MECANICA, ESTABILIZACIÓN DE SUBRASANTE, IMPRIMACIÓN, RIEGO, DEMARCACIÓN, TRANSPORTE Y DISPOSICION DE ESCOMBROS A 21KM. | C6: REHABILITACION DE MALLA VIAL TRONCAL EN PAVIMENTO FLEXIBLE e=0.26 (NO INCLUYE SARDINEL), INCLUYE DEMOLICIÓN RETIRO Y REEMPLAZO DEL MATERIAL, EXCAVACIÓN MECANICA, ESTABILIZACIÓN DE SUBRASANTE, IMPRIMACIÓN, RIEGO, DEMARCACIÓN, TRANSPORTE Y DISPOSICION DE ESCOMBROS A 21KM. | D6: M2 | E6: 581990 | T6: EP | U6: 01 | V6: XM | W6: 04 | X6: EP01XM04
A7: 10097 | B7: RECONSTRUCCIÓN DE ESPACIO PÚBLICO EN PAVIMENTO RIGIDO DE 3000 PSI, INCLUYE DEMOLICIÓN RETIRO Y REEMPLAZO DEL MATERIAL, EXCAVACIÓN MANUAL, SARDINEL, BORDILLO, TRANSPORTE Y DISPOSICION DE ESCOMBROS A 21KM. | C7: RECONSTRUCCIÓN DE ESPACIO PÚBLICO EN PAVIMENTO RIGIDO DE 3000 PSI, INCLUYE DEMOLICIÓN RETIRO Y REEMPLAZO DEL MATERIAL, EXCAVACIÓN MANUAL, SARDINEL, BORDILLO, TRANSPORTE Y DISPOSICION DE ESCOMBROS A 21KM. | D7: M2 | E7: 353402 | T7: MV | U7: XS | V7: EX | W7: 03 | X7: MVXSEX03
A8: 10098 | B8: REHABILITACION DE MALLA VIAL TRONCAL EN PAVIMENTO RIGIDO MR 45 e=0.25 (NO INCLUYE SARDINEL), INCLUYE DEMOLICIÓN RETIRO Y REEMPLAZO DEL MATERIAL, EXCAVACIÓN MECANICA, CURADO, SELLADO DE JUNTAS, DEMARCACIÓN, TRANSPORTE Y DISPOSICION DE ESCOMBROS A 21KM. | C8: REHABILITACION DE MALLA VIAL TRONCAL EN PAVIMENTO RIGIDO MR 45 e=0.25 (NO INCLUYE SARDINEL), INCLUYE DEMOLICIÓN RETIRO Y REEMPLAZO DEL MATERIAL, EXCAVACIÓN MECANICA, CURADO, SELLADO DE JUNTAS, DEMARCACIÓN, TRANSPORTE Y DISPOSICION DE ESCOMBROS A 21KM. | D8: M2 | E8: 605555 | T8: MV | U8: XS | V8: FD | W8: 02 | X8: MVXSFD02
A9: 10099 | B9: MANTENIMIENTO PERIODICO DE MALLA VIAL TRONCAL EN PAVIMENTO FLEXIBLE HORARIO NOCTURNO, INCLUYE DEMOLICIÓN RETIRO Y REEMPLAZO DEL MATERIAL, EXCAVACIÓN MANUAL, CURADO, SELLADO DE JUNTAS, RIEGO, IMPRIMACIÓN, DEMARCACIÓN, TRANSPORTE Y DISPOSICION DE ESCOMBROS A 21KM. | C9: MANTENIMIENTO PERIODICO DE MALLA VIAL TRONCAL EN PAVIMENTO FLEXIBLE HORARIO NOCTURNO, INCLUYE DEMOLICIÓN RETIRO Y REEMPLAZO DEL MATERIAL, EXCAVACIÓN MANUAL, CURADO, SELLADO DE JUNTAS, RIEGO, IMPRIMACIÓN, DEMARCACIÓN, TRANSPORTE Y DISPOSICION DE ESCOMBROS A 21KM. | D9: M2 | E9: 194033 | T9: MV | U9: XS | V9: XM | W9: 02 | X9: MVXSXM02
A10: 10100 | B10: MANTENIMIENTO PERIODICO DE MALLA VIAL TRONCAL EN CONCRETO RIGIDO HORARIO NOCTURNO, INCLUYE DEMOLICIÓN RETIRO Y REEMPLAZO DEL MATERIAL, EXCAVACIÓN MECANICA, CURADO, SELLADO DE JUNTAS, DEMARCACIÓN, TRANSPORTE Y DISPOSICION DE ESCOMBROS A 21KM. | C10: MANTENIMIENTO PERIODICO DE MALLA VIAL TRONCAL EN CONCRETO RIGIDO HORARIO NOCTURNO, INCLUYE DEMOLICIÓN RETIRO Y REEMPLAZO DEL MATERIAL, EXCAVACIÓN MECANICA, CURADO, SELLADO DE JUNTAS, DEMARCACIÓN, TRANSPORTE Y DISPOSICION DE ESCOMBROS A 21KM. | D10: M2 | E10: 440324 | T10: EP | U10: 01 | V10: XM | W10: 04 | X10: EP01XM04
A11: 10101 | B11: RECONSTRUCCIÓN DE ESPACIO PÚBLICO EN CONCRETO ESTAMPADO INCLUYE DEMOLICIÓN RETIRO Y REEMPLAZO DEL MATERIAL, SARDINEL, EXCAVACIÓN MANUAL, BORDILLO, JUEGO DE MOLDES, CURADOR, DESMOLDANTE, TRANSPORTE Y DISPOSICION DE ESCOMBROS A 21KM. | C11: RECONSTRUCCIÓN DE ESPACIO PÚBLICO EN CONCRETO ESTAMPADO INCLUYE DEMOLICIÓN RETIRO Y REEMPLAZO DEL MATERIAL, SARDINEL, EXCAVACIÓN MANUAL, BORDILLO, JUEGO DE MOLDES, CURADOR, DESMOLDANTE, TRANSPORTE Y DISPOSICION DE ESCOMBROS A 21KM. | D11: M2 | E11: 350461 | T11: EP | U11: 05 | V11: XM | W11: 04 | X11: EP05XM04
A12: 10102 | B12: RECONSTRUCCION ESPACIO PUBLICO ADOQUIN ARCILLA TRAFICO LIVIANO SOBRE MORTERO. INCL. RETIRO ADOQUIN E INSTALAR NUEVO. INCLUYE SARDINEL, BORDILLO, EXCAVACIÓN MANUAL, NIVELACIÓN Y COMPACTACIÓN DE SUBRASANTE, TRANSPORTE Y DISPOSICION DE ESCOMBROS A 21KM. | C12: RECONSTRUCCION ESPACIO PUBLICO ADOQUIN ARCILLA TRAFICO LIVIANO SOBRE MORTERO. INCL. RETIRO ADOQUIN E INSTALAR NUEVO. INCLUYE SARDINEL, BORDILLO, EXCAVACIÓN MANUAL, NIVELACIÓN Y COMPACTACIÓN DE SUBRASANTE, TRANSPORTE Y DISPOSICION DE ESCOMBROS A 21KM. | D12: M2 | E12: 368618 | T12: EP | U12: 05 | V12: XM | W12: 04 | X12: EP05XM04
A13: 10103 | B13: RECONSTRUCCION ESPACIO PÚBLICO ADOQUIN ARCILLA TRAFICO PESADO SOBRE MORTERO. INCL. RETIRO ADOQUIN E INSTALAR NUEVO, INCLUYE SARDINEL, BORDILLO, EXCAVACIÓN MANUAL, NIVELACIÓN Y COMPACTACIÓN DE SUBRASANTE, TRANSPORTE Y DISPOSICION DE ESCOMBROS A 21KM. | C13: RECONSTRUCCION ESPACIO PÚBLICO ADOQUIN ARCILLA TRAFICO PESADO SOBRE MORTERO. INCL. RETIRO ADOQUIN E INSTALAR NUEVO, INCLUYE SARDINEL, BORDILLO, EXCAVACIÓN MANUAL, NIVELACIÓN Y COMPACTACIÓN DE SUBRASANTE, TRANSPORTE Y DISPOSICION DE ESCOMBROS A 21KM. | D13: M2 | E13: 381286 | T13: CR | U13: XS | V13: XM | W13: 01 | X13: CRXSXM01
... A120: 10482 | B120: CONSTRUCCION ESPACIO PUBLICO EN ADOQUIN DE ARCILLA TRAFICO LIVIANO SOBRE MORTERO. CON ESTRUCTURA EN SUBBASE GRANULAR CLASE C (SBG_C) CON RECICLADO DE CONCRETO HIDRAULICO, INCLUYE FRANJA DE AJUSTE, GEOTEXTIL, SARDINEL, EXCAVACIÓN MANUAL, NIVELACIÓN Y COMPACTACIÓN DE SUBRASANTE, TRANSPORTE Y DISPOSICION DE ESCOMBROS A 21KM. NO INCLUYE BORDILLO | C120: CONSTRUCCION ESPACIO PUBLICO EN ADOQUIN DE ARCILLA TRAFICO LIVIANO SOBRE MORTERO. CON ESTRUCTURA EN SUBBASE GRANULAR CLASE C (SBG_C) CON RECICLADO DE CONCRETO HIDRAULICO, INCLUYE FRANJA DE AJUSTE, GEOTEXTIL, SARDINEL, EXCAVACIÓN MANUAL, NIVELACIÓN Y COMPACTACIÓN DE SUBRASANTE, TRANSPORTE Y DISPOSICION DE ESCOMBROS A 21KM. NO INCLUYE BORDILLO | D120: M2 | E120: 352965 | T120: CR | U120: XS | V120: LO | W120: XI | X120: CRXSLOXI
A121: 10483 | B121: CONSTRUCCION ESPACIO PUBLICO EN ADOQUIN DE ARCILLA TRAFICO LIVIANO SOBRE MORTERO. CON ESTRUCTURA EN SUBBASE GRANULAR CLASE C (SBG_C) CON RECICLADO DE CONCRETO HIDRAULICO, INCLUYE ZONA VERDE, FRANJA DE AJUSTE, GEOTEXTIL, SARDINEL, EXCAVACIÓN MANUAL, NIVELACIÓN Y COMPACTACIÓN DE SUBRASANTE, TRANSPORTE Y DISPOSICION DE ESCOMBROS A 21KM. NO INCLUYE BORDILLO | C121: CONSTRUCCION ESPACIO PUBLICO EN ADOQUIN DE ARCILLA TRAFICO LIVIANO SOBRE MORTERO. CON ESTRUCTURA EN SUBBASE GRANULAR CLASE C (SBG_C) CON RECICLADO DE CONCRETO HIDRAULICO, INCLUYE ZONA VERDE, FRANJA DE AJUSTE, GEOTEXTIL, SARDINEL, EXCAVACIÓN MANUAL, NIVELACIÓN Y COMPACTACIÓN DE SUBRASANTE, TRANSPORTE Y DISPOSICION DE ESCOMBROS A 21KM. NO INCLUYE BORDILLO | D121: M2 | E121: 328312
A122: 10592 | B122: MANTENIMIENTO PERIODICO DE BICICARRIL EN ADOQUÍN DE ARCILLA TR PESADO BASE MORTERO, SOBRE MALLA VIAL ARTERIAL, , INCLUYE RETIRO ADOQUIN E INSTALAR NUEVO, TRANSPORTE Y DISPOSICION DE ESCOMBROS A 21KM. | C122: MANTENIMIENTO PERIODICO DE BICICARRIL EN ADOQUÍN DE ARCILLA TR PESADO BASE MORTERO, SOBRE MALLA VIAL ARTERIAL, , INCLUYE RETIRO ADOQUIN E INSTALAR NUEVO, TRANSPORTE Y DISPOSICION DE ESCOMBROS A 21KM. | D122: M2 | E122: 146861
A123: 10928 | B123: MANTENIMIENTO RUTINARIO DE MALLA VIAL TRONCAL EN PAVIMENTO ASFALTICO, INCLUYE SELLO DE GRIETAS, SELLO DE FISURAS, LIMPIEZA DE POZOS, LIMPIEZA DE SUMIDEROS Y REALCE DE SARDINEL | C123: MANTENIMIENTO RUTINARIO DE MALLA VIAL TRONCAL EN PAVIMENTO ASFALTICO, INCLUYE SELLO DE GRIETAS, SELLO DE FISURAS, LIMPIEZA DE POZOS, LIMPIEZA DE SUMIDEROS Y REALCE DE SARDINEL | D123: M2 | E123: 43026
A124: 10929 | B124: RECONSTRUCCION DE CICLORRUTA SOBRE ANDÉN, EN ADOQUIN DE ARCILLA TRAFICO LIVIANO SOBRE MORTERO. INCLUYE RETIRO ADOQUIN E INSTALAR NUEVO, EXCAVACIÓN MANUAL, NIVELACIÓN Y COMPACTACIÓN, GEOTEXTIL, BORDILLO, SEÑALIZACIÓN, DEMARCACIÓN Y TRANSPORTE Y DISPOSICION DE ESCOMBROS A 21KM. ). | C124: RECONSTRUCCION DE CICLORRUTA SOBRE ANDÉN, EN ADOQUIN DE ARCILLA TRAFICO LIVIANO SOBRE MORTERO. INCLUYE RETIRO ADOQUIN E INSTALAR NUEVO, EXCAVACIÓN MANUAL, NIVELACIÓN Y COMPACTACIÓN, GEOTEXTIL, BORDILLO, SEÑALIZACIÓN, DEMARCACIÓN Y TRANSPORTE Y DISPOSICION DE ESCOMBROS A 21KM. ). | D124: M2 | E124: 288888
A125: 10930 | B125: RECONSTRUCCION DE CICLORRUTA SOBRE ANDÉN, EN PAVIMENTO RIGIDO. (INCLUYE DEMOLICIÓN RETIRO Y REEMPLAZO DEL MATERIAL, EXCAVACIÓN MANUAL, NIVELACIÓN Y COMPACTACIÓN, GEOTEXTIL, BORDILLO, SEÑALIZACIÓN, DEMARCACIÓN Y TRANSPORTE Y DISPOSICION DE ESCOMBROS A 21KM. ). | C125: RECONSTRUCCION DE CICLORRUTA SOBRE ANDÉN, EN PAVIMENTO RIGIDO. (INCLUYE DEMOLICIÓN RETIRO Y REEMPLAZO DEL MATERIAL, EXCAVACIÓN MANUAL, NIVELACIÓN Y COMPACTACIÓN, GEOTEXTIL, BORDILLO, SEÑALIZACIÓN, DEMARCACIÓN Y TRANSPORTE Y DISPOSICION DE ESCOMBROS A 21KM. ). | D125: M2 | E125: 288068
A126: 10931 | B126: RECONSTRUCCION DE CICLORRUTA SOBRE ANDÉN, EN ADOQUIN DE CONCRETO SOBRE MORTERO. INCLUYE RETIRO ADOQUIN E INSTALAR NUEVO, EXCAVACIÓN MANUAL, NIVELACIÓN Y COMPACTACIÓN, GEOTEXTIL, BORDILLO, SEÑALIZACIÓN, DEMARCACIÓN Y TRANSPORTE Y DISPOSICION DE ESCOMBROS A 21KM. ). | C126: RECONSTRUCCION DE CICLORRUTA SOBRE ANDÉN, EN ADOQUIN DE CONCRETO SOBRE MORTERO. INCLUYE RETIRO ADOQUIN E INSTALAR NUEVO, EXCAVACIÓN MANUAL, NIVELACIÓN Y COMPACTACIÓN, GEOTEXTIL, BORDILLO, SEÑALIZACIÓN, DEMARCACIÓN Y TRANSPORTE Y DISPOSICION DE ESCOMBROS A 21KM. ). | D126: M2 | E126: 325167
A127: 10932 | B127: RECONSTRUCCIÓN ESPACIO PUBLICO EN ADOQUIN DE PIEDRA. INCLUYE RETIRO ADOQUIN E INSTALAR NUEVO, EXCAVACIÓN MANUAL, BORDILLO, SARDINEL, TRANSPORTE Y DISPOSICION DE ESCOMBROS A 21KM. | C127: RECONSTRUCCIÓN ESPACIO PUBLICO EN ADOQUIN DE PIEDRA. INCLUYE RETIRO ADOQUIN E INSTALAR NUEVO, EXCAVACIÓN MANUAL, BORDILLO, SARDINEL, TRANSPORTE Y DISPOSICION DE ESCOMBROS A 21KM. | D127: M2 | E127: 461312
A128: 10933 | B128: MANTENIMIENTO PERIODICO DE MALLA VIAL ARTERIAL EN PAVIMENTO ASFALTICO (INCLUYE FRESADO Y REPOSICION CARPETA) HORARIO NOCTURNO, INCLUYE EXCAVACIÓN MANUAL, LIMPIEZA DE POZOS, LIMPIEZA DE SUMIDEROS, RIEGO, IMPRIMACIÓN, DEMARCACIÓN, TRANSPORTE Y DISPOSICION DE ESCOMBROS A 21KM. | C128: MANTENIMIENTO PERIODICO DE MALLA VIAL ARTERIAL EN PAVIMENTO ASFALTICO (INCLUYE FRESADO Y REPOSICION CARPETA) HORARIO NOCTURNO, INCLUYE EXCAVACIÓN MANUAL, LIMPIEZA DE POZOS, LIMPIEZA DE SUMIDEROS, RIEGO, IMPRIMACIÓN, DEMARCACIÓN, TRANSPORTE Y DISPOSICION DE ESCOMBROS A 21KM. | D128: M2 | E128: 191954
A129: 10934 | B129: MANTENIMIENTO RUTINARIO DE MALLA VIAL ARTERIAL EN PAVIMENTO ASFALTICO, INCLUYE LIMPIEZA DE POZOS, LIMPIEZA DE SUMIDEROS, SELLO DE GRIETAS, SELLO DE FISURAS Y REALCE DE SARDINEL. | C129: MANTENIMIENTO RUTINARIO DE MALLA VIAL ARTERIAL EN PAVIMENTO ASFALTICO, INCLUYE LIMPIEZA DE POZOS, LIMPIEZA DE SUMIDEROS, SELLO DE GRIETAS, SELLO DE FISURAS Y REALCE DE SARDINEL. | D129: M2 | E129: 41379
A130: 10935 | B130: MANTENIMIENTO RUTINARIO DE MALLA VIAL ARTERIAL EN PAVIMENTO RIGIDO, INCLUYE LIMPIEZA DE POZOS, LIMPIEZA DE SUMIDEROS, SELLADO DE JUNTAS, SELLO DE FISURAS Y REALCE DE SARDINEL. | C130: MANTENIMIENTO RUTINARIO DE MALLA VIAL ARTERIAL EN PAVIMENTO RIGIDO, INCLUYE LIMPIEZA DE POZOS, LIMPIEZA DE SUMIDEROS, SELLADO DE JUNTAS, SELLO DE FISURAS Y REALCE DE SARDINEL. | D130: M2 | E130: 22736
A131: 10936 | B131: MANTENIMIENTO PERIÓDICO DE MALLA VIAL INTERMEDIA EN PAVIMENTO ASFÁLTICO, (INCLUYE EXCAVACIÓN MANUAL, FRESADO, CORTE DE PAVIMENTO, SELLADO DE JUNTAS, RIEGO, LIMPIEZA DE SUMIDEROS, LIMPIEZA DE POZOS, DEMARCACIÓN, TRANSPORTE Y DISPOSICION DE ESCOMBROS A 21KM. HORARIO NOCTURNO | C131: MANTENIMIENTO PERIÓDICO DE MALLA VIAL INTERMEDIA EN PAVIMENTO ASFÁLTICO, (INCLUYE EXCAVACIÓN MANUAL, FRESADO, CORTE DE PAVIMENTO, SELLADO DE JUNTAS, RIEGO, LIMPIEZA DE SUMIDEROS, LIMPIEZA DE POZOS, DEMARCACIÓN, TRANSPORTE Y DISPOSICION DE ESCOMBROS A 21KM. HORARIO NOCTURNO | D131: M2 | E131: 129632
A132: 10937 | B132: MANTENIMIENTO RUTINARIO DE MALLA VIAL INTERMEDIA EN PAVIMENTO ASFÁLTICO (INCLUYE SELLO DE FISURAS, SELLO DE GRIETAS, LIMPIEZA DE SUMIDEROS, LIMPIEZA DE POZOS Y REALCE DE SARDINEL) | C132: MANTENIMIENTO RUTINARIO DE MALLA VIAL INTERMEDIA EN PAVIMENTO ASFÁLTICO (INCLUYE SELLO DE FISURAS, SELLO DE GRIETAS, LIMPIEZA DE SUMIDEROS, LIMPIEZA DE POZOS Y REALCE DE SARDINEL) | D132: M2 | E132: 14764
... A143: 10948 | B143: MANTENIMIENTO PERIODICO DE BICICARRIL EN PAVIMENTO FLEXIBLE SOBRE MALLA VIAL LOCAL. INCLUYE FRESADO Y REPOSICIÓN CARPETA, RIEGO DE LIGA, IMPRIMACIÓN,SELLO DE JUNTAS, DEMARCACION VIAL, ELEMENTO SEGREGADOR, TRANSPORTE Y DISPOSICION DE ESCOMBROS A 21KM. | C143: MANTENIMIENTO PERIODICO DE BICICARRIL EN PAVIMENTO FLEXIBLE SOBRE MALLA VIAL LOCAL. INCLUYE FRESADO Y REPOSICIÓN CARPETA, RIEGO DE LIGA, IMPRIMACIÓN,SELLO DE JUNTAS, DEMARCACION VIAL, ELEMENTO SEGREGADOR, TRANSPORTE Y DISPOSICION DE ESCOMBROS A 21KM. | D143: M2 | E143: 402228

Sheet TABLAS
A1: COD | B1: CARGO | C1: CATEGORÍA | D1: TOPE MÁXIMO SALARIO | E1: FACTOR PRESTACIONAL 2026
A2: 9084 | B2: =+_xlfn.XLOOKUP(A2,INSUMO_IDU[Código],INSUMO_IDU[Nombre],"",0) -> TARIFA MES - PERSONAL TÉCNICO-TECNÓLOGO EN ÁREAS DE INGENIERÍA (NO INCLUYE FACTOR DE PRESTACIONES) | C2: =+_xlfn.XLOOKUP(A2,INSUMO_IDU[Código],INSUMO_IDU[UM],"",0) -> MES | D2: =+_xlfn.XLOOKUP(A2,INSUMO_IDU[Código],INSUMO_IDU[Precio],"",0) -> 3584000 | E2: =+VLOOKUP(A2,F.P!$B$7:$H$44,7,FALSE) -> 1.451
A3: 9085 | B3: =+_xlfn.XLOOKUP(A3,INSUMO_IDU[Código],INSUMO_IDU[Nombre],"",0) -> TARIFA MES - PERSONAL TÉCNICO - AUXILIAR DE INGENIERÍA (NO INCLUYE FACTOR DE PRESTACIONES) | C3: =+_xlfn.XLOOKUP(A3,INSUMO_IDU[Código],INSUMO_IDU[UM],"",0) -> MES | D3: =+_xlfn.XLOOKUP(A3,INSUMO_IDU[Código],INSUMO_IDU[Precio],"",0) -> 3150000 | E3: =+VLOOKUP(A3,F.P!$B$7:$H$44,7,FALSE) -> 1.567
A4: 9086 | B4: =+_xlfn.XLOOKUP(A4,INSUMO_IDU[Código],INSUMO_IDU[Nombre],"",0) -> TARIFA MES - PERSONAL TÉCNICO - DIBUJANTE 1 (NO INCLUYE FACTOR DE PRESTACIONES) | C4: =+_xlfn.XLOOKUP(A4,INSUMO_IDU[Código],INSUMO_IDU[UM],"",0) -> MES | D4: =+_xlfn.XLOOKUP(A4,INSUMO_IDU[Código],INSUMO_IDU[Precio],"",0) -> 3303000 | E4: =+VLOOKUP(A4,F.P!$B$7:$H$44,7,FALSE) -> 1.567
A5: 9087 | B5: =+_xlfn.XLOOKUP(A5,INSUMO_IDU[Código],INSUMO_IDU[Nombre],"",0) -> TARIFA MES - PERSONAL TÉCNICO - DIBUJANTE 2 (NO INCLUYE FACTOR DE PRESTACIONES) | C5: =+_xlfn.XLOOKUP(A5,INSUMO_IDU[Código],INSUMO_IDU[UM],"",0) -> MES | D5: =+_xlfn.XLOOKUP(A5,INSUMO_IDU[Código],INSUMO_IDU[Precio],"",0) -> 2670000 | E5: =+VLOOKUP(A5,F.P!$B$7:$H$44,7,FALSE) -> 1.567
A6: 9088 | B6: =+_xlfn.XLOOKUP(A6,INSUMO_IDU[Código],INSUMO_IDU[Nombre],"",0) -> TARIFA MES - PERSONAL TÉCNICO - TOPÓGRAFO INSPECTOR (NO INCLUYE FACTOR DE PRESTACIONES) | C6: =+_xlfn.XLOOKUP(A6,INSUMO_IDU[Código],INSUMO_IDU[UM],"",0) -> MES | D6: =+_xlfn.XLOOKUP(A6,INSUMO_IDU[Código],INSUMO_IDU[Precio],"",0) -> 3736000 | E6: =+VLOOKUP(A6,F.P!$B$7:$H$44,7,FALSE) -> 1.451
A7: 9089 | B7: =+_xlfn.XLOOKUP(A7,INSUMO_IDU[Código],INSUMO_IDU[Nombre],"",0) -> TARIFA MES - PERSONAL TÉCNICO - LABORATORISTA INSPECTOR (NO INCLUYE FACTOR DE PRESTACIONES) | C7: =+_xlfn.XLOOKUP(A7,INSUMO_IDU[Código],INSUMO_IDU[UM],"",0) -> MES | D7: =+_xlfn.XLOOKUP(A7,INSUMO_IDU[Código],INSUMO_IDU[Precio],"",0) -> 3310000 | E7: =+VLOOKUP(A7,F.P!$B$7:$H$44,7,FALSE) -> 1.567
A8: 9090 | B8: =+_xlfn.XLOOKUP(A8,INSUMO_IDU[Código],INSUMO_IDU[Nombre],"",0) -> TARIFA MES - PERSONAL TÉCNICO - LABORATORISTA AUXILIAR (NO INCLUYE FACTOR DE PRESTACIONES) | C8: =+_xlfn.XLOOKUP(A8,INSUMO_IDU[Código],INSUMO_IDU[UM],"",0) -> MES | D8: =+_xlfn.XLOOKUP(A8,INSUMO_IDU[Código],INSUMO_IDU[Precio],"",0) -> 2316000 | E8: =+VLOOKUP(A8,F.P!$B$7:$H$44,7,FALSE) -> 1.567
A9: 9091 | B9: =+_xlfn.XLOOKUP(A9,INSUMO_IDU[Código],INSUMO_IDU[Nombre],"",0) -> TARIFA MES - PERSONAL TÉCNICO - OPERADOR EQUIPO PERFORACIÓN (INCLUYE FACTOR DE PRESTACIONES) | C9: =+_xlfn.XLOOKUP(A9,INSUMO_IDU[Código],INSUMO_IDU[UM],"",0) -> MES | D9: =+_xlfn.XLOOKUP(A9,INSUMO_IDU[Código],INSUMO_IDU[Precio],"",0) -> 4690453 | E9: =+VLOOKUP(A9,F.P!$B$7:$H$44,7,FALSE) -> 1.451
A10: 9092 | B10: =+_xlfn.XLOOKUP(A10,INSUMO_IDU[Código],INSUMO_IDU[Nombre],"",0) -> TARIFA MES - PERSONAL TÉCNICO - OPERADOR AUXILIAR DE EQUIPO (INCLUYE FACTOR DE PRESTACIONES) | C10: =+_xlfn.XLOOKUP(A10,INSUMO_IDU[Código],INSUMO_IDU[UM],"",0) -> MES | D10: =+_xlfn.XLOOKUP(A10,INSUMO_IDU[Código],INSUMO_IDU[Precio],"",0) -> 3264239 | E10: =+VLOOKUP(A10,F.P!$B$7:$H$44,7,FALSE) -> 1.567
A11: 9093 | B11: =+_xlfn.XLOOKUP(A11,INSUMO_IDU[Código],INSUMO_IDU[Nombre],"",0) -> TARIFA MES - PERSONAL TÉCNICO - INSPECTOR 1 (NO INCLUYE FACTOR DE PRESTACIONES) | C11: =+_xlfn.XLOOKUP(A11,INSUMO_IDU[Código],INSUMO_IDU[UM],"",0) -> MES | D11: =+_xlfn.XLOOKUP(A11,INSUMO_IDU[Código],INSUMO_IDU[Precio],"",0) -> 2718000 | E11: =+VLOOKUP(A11,F.P!$B$7:$H$44,7,FALSE) -> 1.567
A12: 9094 | B12: =+_xlfn.XLOOKUP(A12,INSUMO_IDU[Código],INSUMO_IDU[Nombre],"",0) -> TARIFA MES - PERSONAL TÉCNICO - INSPECTOR 2 (NO INCLUYE FACTOR DE PRESTACIONES) | C12: =+_xlfn.XLOOKUP(A12,INSUMO_IDU[Código],INSUMO_IDU[UM],"",0) -> MES | D12: =+_xlfn.XLOOKUP(A12,INSUMO_IDU[Código],INSUMO_IDU[Precio],"",0) -> 2447000 | E12: =+VLOOKUP(A12,F.P!$B$7:$H$44,7,FALSE) -> 1.567
A13: 9095 | B13: =+_xlfn.XLOOKUP(A13,INSUMO_IDU[Código],INSUMO_IDU[Nombre],"",0) -> TARIFA MES - PERSONAL TÉCNICO - TOPÓGRAFO AUXILIAR (NO INCLUYE FACTOR DE PRESTACIONES) | C13: =+_xlfn.XLOOKUP(A13,INSUMO_IDU[Código],INSUMO_IDU[UM],"",0) -> MES | D13: =+_xlfn.XLOOKUP(A13,INSUMO_IDU[Código],INSUMO_IDU[Precio],"",0) -> 3064000 | E13: =+VLOOKUP(A13,F.P!$B$7:$H$44,7,FALSE) -> 1.567
... A32: 9457 | B32: =+_xlfn.XLOOKUP(A32,INSUMO_IDU[Código],INSUMO_IDU[Nombre],"",0) -> TARIFA MES - PERSONAL DE OBRA - INSPECTOR 1 HORARIO NOCTURNO (NO INCLUYE FACTOR DE PRESTACIONES) | C32: =+_xlfn.XLOOKUP(A32,INSUMO_IDU[Código],INSUMO_IDU[UM],"",0) -> MES | D32: =+_xlfn.XLOOKUP(A32,INSUMO_IDU[Código],INSUMO_IDU[Precio],"",0) -> 3669300 | E32: =+VLOOKUP(A32,F.P!$B$7:$H$44,7,FALSE) -> 1.451
A33: 9575 | B33: =+_xlfn.XLOOKUP(A33,INSUMO_IDU[Código],INSUMO_IDU[Nombre],"",0) -> TARIFA MES - PERSONAL TÉCNICO - CELADOR ARMADO (24 horas por 30 dias dividos en 3 turnos de 8 horas diarias. Incluye prestaciones de ley, Administraciòn y servicios). | C33: =+_xlfn.XLOOKUP(A33,INSUMO_IDU[Código],INSUMO_IDU[UM],"",0) -> MES | D33: =+_xlfn.XLOOKUP(A33,INSUMO_IDU[Código],INSUMO_IDU[Precio],"",0) -> 18832062

Sheet F.P
A1: INSTITUTO DE DESARROLLO URBANO IDU
A2: "POR LA CUAL SE ESTABLECEN LOS TOPES MÁXIMOS PARA SUELDOS Y DEMÁS GASTOS QUE SE PUEDEN PAGAR EN LOS CONTRATOS DE CONSULTORÍA, POR EL SISTEMA DE COBRO DE COSTOS DIRECTOS MÁS SUELDOS AFECTADOS POR UN MULTIPLICADOR"
F4: AÑO 2026
F5: SALARIO | H5: FACTOR PRESTACIONAL | K5: 13400000000
B6: CODIGO IDU | C6: PERSONAL | D6: DESCRIPCIÓN | E6: CATEGORIA | F6: 1750905 | G6: SMLMV | H6: CALENDARIO SIN EXTRAS | J6: 500 | K6: =+J6*F6 -> 875452500
A7: PERSONAL PROFESIONAL | B7: 9107 | C7: Categoría 1 | D7: =+_xlfn.XLOOKUP(B7,INSUMO_IDU[Código],INSUMO_IDU[Nombre],"",0) -> TARIFA MES - PROFESIONAL CATEGORÍA 1 (NO INCLUYE FACTOR DE PRESTACIONES) | E7: 1 | F7: =+_xlfn.XLOOKUP(B7,INSUMO_IDU[Código],INSUMO_IDU[Precio],"",0) -> 17387000 | G7: =F7/$F$6 -> 9.9302932 | H7: 1.451 | K7: =+K5/F6 -> 7653.1851
B8: 9108 | C8: Categoría 2 | D8: =+_xlfn.XLOOKUP(B8,INSUMO_IDU[Código],INSUMO_IDU[Nombre],"",0) -> TARIFA MES - PROFESIONAL CATEGORÍA 2 (NO INCLUYE FACTOR DE PRESTACIONES) | E8: 2 | F8: =+_xlfn.XLOOKUP(B8,INSUMO_IDU[Código],INSUMO_IDU[Precio],"",0) -> 13251000 | G8: =F8/$F$6 -> 7.5680862 | H8: 1.451
B9: 9109 | C9: Categoría 3 | D9: =+_xlfn.XLOOKUP(B9,INSUMO_IDU[Código],INSUMO_IDU[Nombre],"",0) -> TARIFA MES - PROFESIONAL CATEGORÍA 3 (NO INCLUYE FACTOR DE PRESTACIONES) | E9: 3 | F9: =+_xlfn.XLOOKUP(B9,INSUMO_IDU[Código],INSUMO_IDU[Precio],"",0) -> 11183000 | G9: =F9/$F$6 -> 6.3869827 | H9: 1.451
B10: 9110 | C10: Categoría 4 | D10: =+_xlfn.XLOOKUP(B10,INSUMO_IDU[Código],INSUMO_IDU[Nombre],"",0) -> TARIFA MES - PROFESIONAL CATEGORÍA 4 (NO INCLUYE FACTOR DE PRESTACIONES) | E10: 4 | F10: =+_xlfn.XLOOKUP(B10,INSUMO_IDU[Código],INSUMO_IDU[Precio],"",0) -> 9522000 | G10: =F10/$F$6 -> 5.4383305 | H10: 1.451
B11: 9111 | C11: Categoría 5 | D11: =+_xlfn.XLOOKUP(B11,INSUMO_IDU[Código],INSUMO_IDU[Nombre],"",0) -> TARIFA MES - PROFESIONAL CATEGORÍA 5 (NO INCLUYE FACTOR DE PRESTACIONES) | E11: 5 | F11: =+_xlfn.XLOOKUP(B11,INSUMO_IDU[Código],INSUMO_IDU[Precio],"",0) -> 8589000 | G11: =F11/$F$6 -> 4.9054632 | H11: 1.451
B12: 9112 | C12: Categoría 6 | D12: =+_xlfn.XLOOKUP(B12,INSUMO_IDU[Código],INSUMO_IDU[Nombre],"",0) -> TARIFA MES - PROFESIONAL CATEGORÍA 6 (NO INCLUYE FACTOR DE PRESTACIONES) | E12: 6 | F12: =+_xlfn.XLOOKUP(B12,INSUMO_IDU[Código],INSUMO_IDU[Precio],"",0) -> 7659000 | G12: =F12/$F$6 -> 4.3743093 | H12: 1.451
B13: 9113 | C13: Categoría 7 | D13: =+_xlfn.XLOOKUP(B13,INSUMO_IDU[Código],INSUMO_IDU[Nombre],"",0) -> TARIFA MES - PROFESIONAL CATEGORÍA 7 (NO INCLUYE FACTOR DE PRESTACIONES) | E13: 7 | F13: =+_xlfn.XLOOKUP(B13,INSUMO_IDU[Código],INSUMO_IDU[Precio],"",0) -> 5791000 | G13: =F13/$F$6 -> 3.3074324 | H13: 1.451
E14: CODIGO IDU
A15: PERSONAL TECNICO | B15: 9084 | C15: Tecnólogo en áreas de Ingeniería | D15: =+_xlfn.XLOOKUP(B15,INSUMO_IDU[Código],INSUMO_IDU[Nombre],"",0) -> TARIFA MES - PERSONAL TÉCNICO-TECNÓLOGO EN ÁREAS DE INGENIERÍA (NO INCLUYE FACTOR DE PRESTACIONES) | E15: =+B15 -> 9084 | F15: =+_xlfn.XLOOKUP(B15,INSUMO_IDU[Código],INSUMO_IDU[Precio],"",0) -> 3584000 | G15: =F15/$F$6 -> 2.0469414 | H15: 1.451
B16: 9085 | C16: Auxiliar de Ingeniería | D16: =+_xlfn.XLOOKUP(B16,INSUMO_IDU[Código],INSUMO_IDU[Nombre],"",0) -> TARIFA MES - PERSONAL TÉCNICO - AUXILIAR DE INGENIERÍA (NO INCLUYE FACTOR DE PRESTACIONES) | E16: =+B16 -> 9085 | F16: =+_xlfn.XLOOKUP(B16,INSUMO_IDU[Código],INSUMO_IDU[Precio],"",0) -> 3150000 | G16: =F16/$F$6 -> 1.7990696 | H16: 1.567
B17: 9086 | C17: Dibujante 1 | D17: =+_xlfn.XLOOKUP(B17,INSUMO_IDU[Código],INSUMO_IDU[Nombre],"",0) -> TARIFA MES - PERSONAL TÉCNICO - DIBUJANTE 1 (NO INCLUYE FACTOR DE PRESTACIONES) | E17: =+B17 -> 9086 | F17: =+_xlfn.XLOOKUP(B17,INSUMO_IDU[Código],INSUMO_IDU[Precio],"",0) -> 3303000 | G17: =F17/$F$6 -> 1.886453 | H17: 1.567
B18: 9087 | C18: Dibujante 2 | D18: =+_xlfn.XLOOKUP(B18,INSUMO_IDU[Código],INSUMO_IDU[Nombre],"",0) -> TARIFA MES - PERSONAL TÉCNICO - DIBUJANTE 2 (NO INCLUYE FACTOR DE PRESTACIONES) | E18: =+B18 -> 9087 | F18: =+_xlfn.XLOOKUP(B18,INSUMO_IDU[Código],INSUMO_IDU[Precio],"",0) -> 2670000 | G18: =F18/$F$6 -> 1.5249257 | H18: 1.567
B19: 9088 | C19: Topógrafo Inspector | D19: =+_xlfn.XLOOKUP(B19,INSUMO_IDU[Código],INSUMO_IDU[Nombre],"",0) -> TARIFA MES - PERSONAL TÉCNICO - TOPÓGRAFO INSPECTOR (NO INCLUYE FACTOR DE PRESTACIONES) | E19: =+B19 -> 9088 | F19: =+_xlfn.XLOOKUP(B19,INSUMO_IDU[Código],INSUMO_IDU[Precio],"",0) -> 3736000 | G19: =F19/$F$6 -> 2.1337537 | H19: 1.451
B20: 9095 | C20: Topógrafo Auxiliar | D20: =+_xlfn.XLOOKUP(B20,INSUMO_IDU[Código],INSUMO_IDU[Nombre],"",0) -> TARIFA MES - PERSONAL TÉCNICO - TOPÓGRAFO AUXILIAR (NO INCLUYE FACTOR DE PRESTACIONES) | E20: =+B20 -> 9095 | F20: =+_xlfn.XLOOKUP(B20,INSUMO_IDU[Código],INSUMO_IDU[Precio],"",0) -> 3064000 | G20: =F20/$F$6 -> 1.7499522 | H20: 1.567
B21: 9096 | C21: Batimetrista Inspector | D21: =+_xlfn.XLOOKUP(B21,INSUMO_IDU[Código],INSUMO_IDU[Nombre],"",0) -> TARIFA MES - PERSONAL TÉCNICO - BATIMETRISTA INSPECTOR (NO INCLUYE FACTOR DE PRESTACIONES) | E21: =+B21 -> 9096 | F21: =+_xlfn.XLOOKUP(B21,INSUMO_IDU[Código],INSUMO_IDU[Precio],"",0) -> 3736000 | G21: =F21/$F$6 -> 2.1337537 | H21: 1.451
B22: 9097 | C22: Batimetrista Auxiliar | D22: =+_xlfn.XLOOKUP(B22,INSUMO_IDU[Código],INSUMO_IDU[Nombre],"",0) -> TARIFA MES - PERSONAL TÉCNICO - BATIMETRISTA AUXILIAR (NO INCLUYE FACTOR DE PRESTACIONES) | E22: =+B22 -> 9097 | F22: =+_xlfn.XLOOKUP(B22,INSUMO_IDU[Código],INSUMO_IDU[Precio],"",0) -> 3064000 | G22: =F22/$F$6 -> 1.7499522 | H22: 1.567
B23: 9089 | C23: Laboratorista Inspector | D23: =+_xlfn.XLOOKUP(B23,INSUMO_IDU[Código],INSUMO_IDU[Nombre],"",0) -> TARIFA MES - PERSONAL TÉCNICO - LABORATORISTA INSPECTOR (NO INCLUYE FACTOR DE PRESTACIONES) | E23: =+B23 -> 9089 | F23: =+_xlfn.XLOOKUP(B23,INSUMO_IDU[Código],INSUMO_IDU[Precio],"",0) -> 3310000 | G23: =F23/$F$6 -> 1.8904509 | H23: 1.567
B24: 9090 | C24: Laboratorista Auxiliar | D24: =+_xlfn.XLOOKUP(B24,INSUMO_IDU[Código],INSUMO_IDU[Nombre],"",0) -> TARIFA MES - PERSONAL TÉCNICO - LABORATORISTA AUXILIAR (NO INCLUYE FACTOR DE PRESTACIONES) | E24: =+B24 -> 9090 | F24: =+_xlfn.XLOOKUP(B24,INSUMO_IDU[Código],INSUMO_IDU[Precio],"",0) -> 2316000 | G24: =F24/$F$6 -> 1.3227445 | H24: 1.567
B25: 9091 | C25: Operador Equipo de Perforación | D25: =+_xlfn.XLOOKUP(B25,INSUMO_IDU[Código],INSUMO_IDU[Nombre],"",0) -> TARIFA MES - PERSONAL TÉCNICO - OPERADOR EQUIPO PERFORACIÓN (INCLUYE FACTOR DE PRESTACIONES) | E25: =+B25 -> 9091 | F25: =+_xlfn.XLOOKUP(B25,INSUMO_IDU[Código],INSUMO_IDU[Precio],"",0) -> 4690453 | G25: =F25/$F$6 -> 2.6788735 | H25: 1.451
B26: 9092 | C26: Operador Auxiliar de Equipo | D26: =+_xlfn.XLOOKUP(B26,INSUMO_IDU[Código],INSUMO_IDU[Nombre],"",0) -> TARIFA MES - PERSONAL TÉCNICO - OPERADOR AUXILIAR DE EQUIPO (INCLUYE FACTOR DE PRESTACIONES) | E26: =+B26 -> 9092 | F26: =+_xlfn.XLOOKUP(B26,INSUMO_IDU[Código],INSUMO_IDU[Precio],"",0) -> 3264239 | G26: =F26/$F$6 -> 1.8643153 | H26: 1.567
B27: 9093 | C27: Inspector 1 | D27: =+_xlfn.XLOOKUP(B27,INSUMO_IDU[Código],INSUMO_IDU[Nombre],"",0) -> TARIFA MES - PERSONAL TÉCNICO - INSPECTOR 1 (NO INCLUYE FACTOR DE PRESTACIONES) | E27: =+B27 -> 9093 | F27: =+_xlfn.XLOOKUP(B27,INSUMO_IDU[Código],INSUMO_IDU[Precio],"",0) -> 2718000 | G27: =F27/$F$6 -> 1.5523401 | H27: 1.567
... B29: 9094 | C29: Inspector 2 | D29: =+_xlfn.XLOOKUP(B29,INSUMO_IDU[Código],INSUMO_IDU[Nombre],"",0) -> TARIFA MES - PERSONAL TÉCNICO - INSPECTOR 2 (NO INCLUYE FACTOR DE PRESTACIONES) | E29: =+B29 -> 9094 | F29: =+_xlfn.XLOOKUP(B29,INSUMO_IDU[Código],INSUMO_IDU[Precio],"",0) -> 2447000 | G29: =F29/$F$6 -> 1.397563 | H29: 1.567
A31: PERSONAL ADMINISTRATIVO | B31: 9102 | C31: Administrador | D31: =+_xlfn.XLOOKUP(B31,INSUMO_IDU[Código],INSUMO_IDU[Nombre],"",0) -> TARIFA MES - PERSONAL ADMINISTRATIVO - ADMINISTRADOR (NO INCLUYE FACTOR DE PRESTACIONES) | E31: =+B31 -> 9102 | F31: =+_xlfn.XLOOKUP(B31,INSUMO_IDU[Código],INSUMO_IDU[Precio],"",0) -> 3479000 | G31: =F31/$F$6 -> 1.9869725 | H31: 1.567
B32: 9103 | C32: Auxiliar Administrativo | D32: =+_xlfn.XLOOKUP(B32,INSUMO_IDU[Código],INSUMO_IDU[Nombre],"",0) -> TARIFA MES - PERSONAL ADMINISTRATIVO - AUXILIAR ADMINISTRATIVO-ALMACENISTA (NO INCLUYE FACTOR DE PRESTACIONES) | E32: =+B32 -> 9103 | F32: =+_xlfn.XLOOKUP(B32,INSUMO_IDU[Código],INSUMO_IDU[Precio],"",0) -> 2481000 | G32: =F32/$F$6 -> 1.4169815 | H32: 1.567
B33: 9104 | C33: Secretaria 1 | D33: =+_xlfn.XLOOKUP(B33,INSUMO_IDU[Código],INSUMO_IDU[Nombre],"",0) -> TARIFA MES - PERSONAL ADMINISTRATIVO - SECRETARIA 1 (NO INCLUYE FACTOR DE PRESTACIONES) | E33: =+B33 -> 9104 | F33: =+_xlfn.XLOOKUP(B33,INSUMO_IDU[Código],INSUMO_IDU[Precio],"",0) -> 2018000 | G33: =F33/$F$6 -> 1.1525468 | H33: 1.567
B34: 9105 | C34: Secretaria 2 | D34: =+_xlfn.XLOOKUP(B34,INSUMO_IDU[Código],INSUMO_IDU[Nombre],"",0) -> TARIFA MES - PERSONAL ADMINISTRATIVO - SECRETARIA 2 (NO INCLUYE FACTOR DE PRESTACIONES) | E34: =+B34 -> 9105 | F34: =+_xlfn.XLOOKUP(B34,INSUMO_IDU[Código],INSUMO_IDU[Precio],"",0) -> 1750905 | G34: =F34/$F$6 -> 1 | H34: 1.567
A36: PERSONAL AUXILIAR TECNICO | B36: 9098 | C36: Cadenero 1 | D36: =+_xlfn.XLOOKUP(B36,INSUMO_IDU[Código],INSUMO_IDU[Nombre],"",0) -> TARIFA MES - PERSONAL AUXILIAR TÉCNICO - CADENERO 1 (NO INCLUYE FACTOR DE PRESTACIONES) | E36: =+B36 -> 9098 | F36: =+_xlfn.XLOOKUP(B36,INSUMO_IDU[Código],INSUMO_IDU[Precio],"",0) -> 2316000 | G36: =F36/$F$6 -> 1.3227445 | H36: 1.567
B37: 9099 | C37: Cadenero 2 | D37: =+_xlfn.XLOOKUP(B37,INSUMO_IDU[Código],INSUMO_IDU[Nombre],"",0) -> TARIFA MES - PERSONAL AUXILIAR TÉCNICO - CADENERO 2 (NO INCLUYE FACTOR DE PRESTACIONES) | E37: =+B37 -> 9099 | F37: =+_xlfn.XLOOKUP(B37,INSUMO_IDU[Código],INSUMO_IDU[Precio],"",0) -> 2018000 | G37: =F37/$F$6 -> 1.1525468 | H37: 1.567
B38: 9100 | C38: Secretaria o Motorista | D38: =+_xlfn.XLOOKUP(B38,INSUMO_IDU[Código],INSUMO_IDU[Nombre],"",0) -> TARIFA MES - PERSONAL AUXILIAR TÉCNICO - CONDUCTOR O MOTORISTA (NO INCLUYE FACTOR DE PRESTACIONES) | E38: =+B38 -> 9100 | F38: =+_xlfn.XLOOKUP(B38,INSUMO_IDU[Código],INSUMO_IDU[Precio],"",0) -> 1750905 | G38: =F38/$F$6 -> 1 | H38: 1.567
A40: PERSONAL DE OBRA | B40: 9101 | C40: Maestro de Obra | D40: =+_xlfn.XLOOKUP(B40,INSUMO_IDU[Código],INSUMO_IDU[Nombre],"",0) -> TARIFA MES - PERSONAL DE OBRA - MAESTRO DE OBRA (NO INCLUYE FACTOR DE PRESTACIONES) | E40: =+B40 -> 9101 | F40: =+_xlfn.XLOOKUP(B40,INSUMO_IDU[Código],INSUMO_IDU[Precio],"",0) -> 4488000 | G40: =F40/$F$6 -> 2.5632459 | H40: 1.451
B41: 9461 | C41: Oficial | D41: =+_xlfn.XLOOKUP(B41,INSUMO_IDU[Código],INSUMO_IDU[Nombre],"",0) -> TARIFA MES - PERSONAL DE OBRA - OFICIAL (NO INCLUYE FACTOR DE PRESTACIONES) | E41: =+B41 -> 9461 | F41: =+_xlfn.XLOOKUP(B41,INSUMO_IDU[Código],INSUMO_IDU[Precio],"",0) -> 2244000 | G41: =F41/$F$6 -> 1.2816229 | H41: 1.567
B42: 9455 | C42: Ayudante | D42: =+_xlfn.XLOOKUP(B42,INSUMO_IDU[Código],INSUMO_IDU[Nombre],"",0) -> TARIFA MES - PERSONAL DE OBRA - AYUDANTE (NO INCLUYE FACTOR DE PRESTACIONES) | E42: =+B42 -> 9455 | F42: =+_xlfn.XLOOKUP(B42,INSUMO_IDU[Código],INSUMO_IDU[Precio],"",0) -> 1750905 | G42: =F42/$F$6 -> 1 | H42: 1.567
B43: 9463 | C43: Plomero-Electrcista | D43: =+_xlfn.XLOOKUP(B43,INSUMO_IDU[Código],INSUMO_IDU[Nombre],"",0) -> TARIFA MES - PERSONAL DE OBRA - TÉCNICO ELÉCTRICO (NO INCLUYE FACTOR DE PRESTACIONES) | E43: =+B43 -> 9463 | F43: =+_xlfn.XLOOKUP(B43,INSUMO_IDU[Código],INSUMO_IDU[Precio],"",0) -> 2618000 | G43: =F43/$F$6 -> 1.4952268 | H43: 1.567
B44: 9464 | C44: Operario | D44: =+_xlfn.XLOOKUP(B44,INSUMO_IDU[Código],INSUMO_IDU[Nombre],"",0) -> TARIFA MES - PERSONAL DE OBRA - OPERARIO (NO INCLUYE FACTOR DE PRESTACIONES) | E44: =+B44 -> 9464 | F44: =+_xlfn.XLOOKUP(B44,INSUMO_IDU[Código],INSUMO_IDU[Precio],"",0) -> 2992000 | G44: =F44/$F$6 -> 1.7088306 | H44: 1.567
A46: CELADURIA | B46: 9575 | C46: CELADOR ARMADO | D46: =+_xlfn.XLOOKUP(B46,INSUMO_IDU[Código],INSUMO_IDU[Nombre],"",0) -> TARIFA MES - PERSONAL TÉCNICO - CELADOR ARMADO (24 horas por 30 dias dividos en 3 turnos de 8 horas diarias. Incluye prestaciones de ley, Administraciòn y servicios). | E46: =+B46 -> 9575 | F46: =+_xlfn.XLOOKUP(B46,INSUMO_IDU[Código],INSUMO_IDU[Precio],"",0) -> 18832062

Sheet CIV PRIO
A4: No. | B4: PK-ID | C4: CIV | D4: Tipo | E4: TRAMO | F4: DESDE | G4: HASTA | H4: Ancho (m) | I4: Largo (m) | J4: Área (m²) | K4: km-carril
A5: 1 | B5: 91013913 | C5: 11013106 | D5: Calzada | E5: DG 150 | F5: TV 142 | G5: KR 145 | H5: 7.75 | I5: 192.18 | J5: 1489.08 | K5: =+ROUND(PresupuestoOficial[[#This Row],[Área (m²)]]/3500,3) -> 0.425
A6: 2 | B6: 472330 | C6: 11014251 | D6: Calzada | E6: CL 96 | F6: KR 69B | G6: KR 69D | H6: 6.26 | I6: 115.95 | J6: 726 | K6: =+ROUND(PresupuestoOficial[[#This Row],[Área (m²)]]/3500,3) -> 0.207
A7: 3 | B7: 167810 | C7: 11009620 | D7: Calzada | E7: KR 58D | F7: CL 128B | G7: CL 128BBIS | H7: 6.2 | I7: 125.97 | J7: 781.12 | K7: =+ROUND(PresupuestoOficial[[#This Row],[Área (m²)]]/3500,3) -> 0.223
A8: 4 | B8: 166646 | C8: 11011333 | D8: Calzada | E8: CL 104C | F8: KR 47 | G8: Sin Establecer | H8: 5.35 | I8: 88.72 | J8: 474.81 | K8: =+ROUND(PresupuestoOficial[[#This Row],[Área (m²)]]/3500,3) -> 0.136
A9: 5 | B9: 167491 | C9: 11009523 | D9: Calzada | E9: CL 131A | F9: KR 49 | G9: KR 50 | H9: 5.16 | I9: 85.74 | J9: 442.11 | K9: =+ROUND(PresupuestoOficial[[#This Row],[Área (m²)]]/3500,3) -> 0.126
A10: 6 | B10: 167266 | C10: 11010015 | D10: Calzada | E10: CL 128A | F10: KR 53 | G10: KR 53A | H10: 6.33 | I10: 89.62 | J10: 567.01 | K10: =+ROUND(PresupuestoOficial[[#This Row],[Área (m²)]]/3500,3) -> 0.162
A11: 7 | B11: 170896 | C11: 11008605 | D11: Calzada | E11: KR 92 | F11: CL 128C | G11: CL 128CBIS | H11: 4.58 | I11: 24.59 | J11: 112.52 | K11: =+ROUND(PresupuestoOficial[[#This Row],[Área (m²)]]/3500,3) -> 0.032
A12: 8 | B12: 170897 | C12: 11008568 | D12: Calzada | E12: KR 92 | F12: CL 128CBIS | G12: CL 128D | H12: 5.19 | I12: 24.15 | J12: 125.44 | K12: =+ROUND(PresupuestoOficial[[#This Row],[Área (m²)]]/3500,3) -> 0.036
A13: 9 | B13: 170898 | C13: 11008512 | D13: Calzada | E13: KR 92 | F13: CL 128CBIS | G13: CL 128D | H13: 5.77 | I13: 8.64 | J13: 49.89 | K13: =+ROUND(PresupuestoOficial[[#This Row],[Área (m²)]]/3500,3) -> 0.014
A14: 10 | B14: 91064150 | C14: 11012053 | D14: Calzada | E14: KR 92 | F14: CL 128D | G14: CL 128F | H14: 5.78 | I14: 25.68 | J14: 148.31 | K14: =+ROUND(PresupuestoOficial[[#This Row],[Área (m²)]]/3500,3) -> 0.042
A15: 11 | B15: 168919 | C15: 11007985 | D15: Calzada | E15: CL 144 | F15: AK 45 | G15: KR 46 | H15: 7.27 | I15: 66.62 | J15: 484.43 | K15: =+ROUND(PresupuestoOficial[[#This Row],[Área (m²)]]/3500,3) -> 0.138
A16: 12 | B16: 168426 | C16: 11011099 | D16: Calzada | E16: CL 107 | F16: KR 70A | G16: KR 70B | H16: 6.03 | I16: 70.72 | J16: 426.72 | K16: =+ROUND(PresupuestoOficial[[#This Row],[Área (m²)]]/3500,3) -> 0.122
... A37: 33 | B37: 174353 | C37: 11004328 | D37: Calzada | E37: KR 136 | F37: CL 132A | G37: CL 132B | H37: 5.18 | I37: 101.44 | J37: 525.6 | K37: =+ROUND(PresupuestoOficial[[#This Row],[Área (m²)]]/3500,3) -> 0.15
A38: 1 | B38: 52531 | C38: 11007928 | D38: Anden | E38: KR 95 | F38: CL 129B | G38: CL 129C | H38: 2.02 | I38: 78.04 | J38: 157.38
A39: 2 | B39: 52456 | C39: 11008018 | D39: Anden | E39: KR 94B | F39: CL 129B | G39: CL 129C | H39: 1.7 | I39: 64.65 | J39: 110.14
A40: 3 | B40: 92058103 | C40: 11008018 | D40: Anden | E40: KR 94B | F40: CL 129B | G40: CL 129C | H40: 1.55 | I40: 20.01 | J40: 30.97
A41: 4 | B41: 20011114 | C41: 11007271 | D41: Anden | E41: KR 96 | F41: CL 130C | G41: CL 130CBIS | H41: 5.61 | I41: 27.67 | J41: 155.35
A42: 5 | B42: 20013540 | C42: 11007212 | D42: Anden | E42: KR 96 | F42: CL 130CBIS | G42: CL 130CBISA | H42: 5.34 | I42: 12.7 | J42: 67.83
A43: 6 | B43: 55337 | C43: 11006342 | D43: Anden | E43: CL 129 D | F43: KR 122 | G43: KR 122 D | H43: 4.16 | I43: 41.85 | J43: 174.27
A44: 7 | B44: 92087422 | C44: 11006703 | D44: Anden | E44: CL 128B | F44: KR 121C | G44: KR 122 | H44: 3 | I44: 86.68 | J44: 267.25
A45: 8 | B45: 55259 | C45: 11006438 | D45: Anden | E45: CL 129 D | F45: KR 121C | G45: KR 122 | H45: 4.61 | I45: 78.11 | J45: 360.09
A46: 9 | B46: 466904 | C46: 11011896 | D46: Anden | E46: KR 54C | F46: CL 167A | G46: CL 167A | H46: 2.57 | I46: 8 | J46: 19.02
A47: 10 | B47: 48591 | C47: 11002322 | D47: Anden | E47: CL 166BIS | F47: KR 54 C | G47: KR 55A | H47: 2.5 | I47: 172.21 | J47: 417.55
A48: 11 | B48: 48590 | C48: 11002322 | D48: Anden | E48: CL 166BIS | F48: KR 54 C | G48: KR 55A | H48: 2.5 | I48: 171.88 | J48: 430.38
A49: 12 | B49: 48561 | C49: 11002412 | D49: Anden | E49: CL 166 | F49: KR 54 C | G49: KR 55A | H49: 2.5 | I49: 176.66 | J49: 441.41
... A52: 15 | B52: 48655 | C52: 11002186 | D52: Anden | E52: CL 167A | F52: KR 54A | G52: KR 54B | H52: 1.7 | I52: 39.77 | J52: 67.69

Sheet Cantidades
E2: CIV | G2: 11013106 | H2: 11014251 | I2: 11009620 | J2: 11011333 | K2: 11009523 | L2: 11010015 | M2: 11008605 | N2: 11008568 | O2: 11008512 | P2: 11012053 | Q2: 11007985 | R2: 11011099 | S2: 11013411 | T2: 11004832 | U2: 11008637 | V2: 11000997 | W2: 11005322 | X2: 11009558 | Y2: 11009559 | Z2: 11009572 | AA2: 11009576 | AB2: 11007928 | AC2: 11011648 | AD2: 11009567 | AE2: 11005175 | AF2: 11007507 | AG2: 11005122 | AH2: 11003381 | AI2: 11014231 | AJ2: 11001707 | AK2: 11010961 | AL2: 11010967 | AM2: 11004328 | AN2: 11007928 | AO2: 11008018 | AP2: 11008018 | AQ2: 11007271 | AR2: 11007212 | AS2: 11006342 | AT2: 11006703 | AU2: 11006438 | AV2: 11011896 | AW2: 11002322 | AX2: 11002322 | AY2: 11002412 | AZ2: 11002412 | BA2: 11002180 | BB2: 11002186
E3: PK | G3: 91013913 | H3: 472330 | I3: 167810 | J3: 166646 | K3: 167491 | L3: 167266 | M3: 170896 | N3: 170897 | O3: 170898 | P3: 91064150 | Q3: 168919 | R3: 168426 | S3: 91020796 | T3: 176184 | U3: 167636 | V3: 176730 | W3: 173038 | X3: 170222 | Y3: 170229 | Z3: 170227 | AA3: 170226 | AB3: 171567 | AC3: 166632 | AD3: 170228 | AE3: 172926 | AF3: 171152 | AG3: 173058 | AH3: 174478 | AI3: 91010089 | AJ3: 176122 | AK3: 168536 | AL3: 166934 | AM3: 174353 | AN3: 52531 | AO3: 52456 | AP3: 92058103 | AQ3: 20011114 | AR3: 20013540 | AS3: 55337 | AT3: 92087422 | AU3: 55259 | AV3: 466904 | AW3: 48591 | AX3: 48590 | AY3: 48561 | AZ3: 48560 | BA3: 48657 | BB3: 48655
E4: Ancho (m) | G4: 7.75 | H4: 6.26 | I4: 6.2 | J4: 5.35 | K4: 5.16 | L4: 6.33 | M4: 4.58 | N4: 5.19 | O4: 5.77 | P4: 5.78 | Q4: 7.27 | R4: 6.03 | S4: 7.83 | T4: 7.63 | U4: 5.77 | V4: 3.78 | W4: 6.95 | X4: 6.71 | Y4: 5.77 | Z4: 5.19 | AA4: 4.92 | AB4: 6.46 | AC4: 5.39 | AD4: 5.38 | AE4: 5.5 | AF4: 7.37 | AG4: 3.32 | AH4: 8.89 | AI4: 5.37 | AJ4: 6.74 | AK4: 8.36 | AL4: 6.19 | AM4: 5.18 | AN4: 2.02 | AO4: 1.7 | AP4: 1.55 | AQ4: 5.61 | AR4: 5.34 | AS4: 4.16 | AT4: 3 | AU4: 4.61 | AV4: 2.57 | AW4: 2.5 | AX4: 2.5 | AY4: 2.5 | AZ4: 2.5 | BA4: 6.16 | BB4: 1.7
E5: Largo (m) | G5: 192.18 | H5: 115.95 | I5: 125.97 | J5: 88.72 | K5: 85.74 | L5: 89.62 | M5: 24.59 | N5: 24.15 | O5: 8.64 | P5: 25.68 | Q5: 66.62 | R5: 70.72 | S5: 14.92 | T5: 31.16 | U5: 92.52 | V5: 38.25 | W5: 71.32 | X5: 126.09 | Y5: 13.15 | Z5: 36.24 | AA5: 20.94 | AB5: 81.08 | AC5: 60.72 | AD5: 38.11 | AE5: 26.26 | AF5: 101.91 | AG5: 59.23 | AH5: 103.92 | AI5: 55.38 | AJ5: 102.93 | AK5: 72.49 | AL5: 151.83 | AM5: 101.44 | AN5: 78.04 | AO5: 64.65 | AP5: 20.01 | AQ5: 27.67 | AR5: 12.7 | AS5: 41.85 | AT5: 86.68 | AU5: 78.11 | AV5: 8 | AW5: 172.21 | AX5: 171.88 | AY5: 176.66 | AZ5: 177.87 | BA5: 35.14 | BB5: 39.77
E6: Area (m²) | G6: 1489.08 | H6: 726 | I6: 781.12 | J6: 474.81 | K6: 442.11 | L6: 567.01 | M6: 112.52 | N6: 125.44 | O6: 49.89 | P6: 148.31 | Q6: 484.43 | R6: 426.72 | S6: 116.78 | T6: 237.65 | U6: 533.41 | V6: 144.71 | W6: 495.42 | X6: 845.83 | Y6: 75.92 | Z6: 187.93 | AA6: 102.95 | AB6: 523.46 | AC6: 327.35 | AD6: 205.14 | AE6: 144.43 | AF6: 751.07 | AG6: 196.67 | AH6: 924.18 | AI6: 297.23 | AJ6: 693.96 | AK6: 606.14 | AL6: 939.11 | AM6: 525.6 | AN6: 157.38 | AO6: 110.14 | AP6: 30.97 | AQ6: 155.35 | AR6: 67.83 | AS6: 174.27 | AT6: 267.25 | AU6: 360.09 | AV6: 19.02 | AW6: 417.55 | AX6: 430.38 | AY6: 441.41 | AZ6: 445.04 | BA6: 216.48 | BB6: 67.69
E7: Tipo elemento | G7: Calzada | H7: Calzada | I7: Calzada | J7: Calzada | K7: Calzada | L7: Calzada | M7: Calzada | N7: Calzada | O7: Calzada | P7: Calzada | Q7: Calzada | R7: Calzada | S7: Calzada | T7: Calzada | U7: Calzada | V7: Calzada | W7: Calzada | X7: Calzada | Y7: Calzada | Z7: Calzada | AA7: Calzada | AB7: Calzada | AC7: Calzada | AD7: Calzada | AE7: Calzada | AF7: Calzada | AG7: Calzada | AH7: Calzada | AI7: Calzada | AJ7: Calzada | AK7: Calzada | AL7: Calzada | AM7: Calzada | AN7: Anden | AO7: Anden | AP7: Anden | AQ7: Anden | AR7: Anden | AS7: Anden | AT7: Anden | AU7: Anden | AV7: Anden | AW7: Anden | AX7: Anden | AY7: Anden | AZ7: Anden | BA7: Anden | BB7: Anden
D8: Mantenimiento Periodico | E8: Tipo de intervención | G8: RECONSTRUCCION - REHABILITACION VIA PAVIMENTO FLEXIBLE | H8: RECONSTRUCCION - REHABILITACION VIA PAVIMENTO FLEXIBLE | I8: RECONSTRUCCION - REHABILITACION VIA PAVIMENTO FLEXIBLE | J8: RECONSTRUCCION - REHABILITACION VIA PAVIMENTO FLEXIBLE | K8: RECONSTRUCCION - REHABILITACION VIA PAVIMENTO FLEXIBLE | L8: RECONSTRUCCION - REHABILITACION VIA PAVIMENTO FLEXIBLE | M8: RECONSTRUCCION - REHABILITACION VIA PAVIMENTO FLEXIBLE | N8: RECONSTRUCCION - REHABILITACION VIA PAVIMENTO FLEXIBLE | O8: RECONSTRUCCION - REHABILITACION VIA PAVIMENTO FLEXIBLE | P8: RECONSTRUCCION - REHABILITACION VIA PAVIMENTO FLEXIBLE | Q8: RECONSTRUCCION - REHABILITACION VIA PAVIMENTO FLEXIBLE | R8: RECONSTRUCCION - REHABILITACION VIA PAVIMENTO FLEXIBLE | S8: RECONSTRUCCION - REHABILITACION VIA PAVIMENTO FLEXIBLE | T8: RECONSTRUCCION - REHABILITACION VIA PAVIMENTO FLEXIBLE | U8: RECONSTRUCCION - REHABILITACION VIA PAVIMENTO FLEXIBLE | V8: RECONSTRUCCION - REHABILITACION VIA PAVIMENTO FLEXIBLE | W8: RECONSTRUCCION - REHABILITACION VIA PAVIMENTO FLEXIBLE | X8: RECONSTRUCCION - REHABILITACION VIA PAVIMENTO FLEXIBLE | Y8: RECONSTRUCCION - REHABILITACION VIA PAVIMENTO FLEXIBLE | Z8: RECONSTRUCCION - REHABILITACION VIA PAVIMENTO FLEXIBLE | AA8: RECONSTRUCCION - REHABILITACION VIA PAVIMENTO FLEXIBLE | AB8: RECONSTRUCCION - REHABILITACION VIA PAVIMENTO RIGIDO | AC8: RECONSTRUCCION - REHABILITACION VIA PAVIMENTO FLEXIBLE | AD8: RECONSTRUCCION - REHABILITACION VIA PAVIMENTO FLEXIBLE | AE8: RECONSTRUCCION - REHABILITACION VIA PAVIMENTO FLEXIBLE | AF8: RECONSTRUCCION - REHABILITACION VIA PAVIMENTO FLEXIBLE | AG8: RECONSTRUCCION - REHABILITACION VIA PAVIMENTO FLEXIBLE | AH8: RECONSTRUCCION - REHABILITACION VIA PAVIMENTO FLEXIBLE | AI8: RECONSTRUCCION - REHABILITACION VIA PAVIMENTO FLEXIBLE | AJ8: RECONSTRUCCION - REHABILITACION VIA PAVIMENTO FLEXIBLE | AK8: RECONSTRUCCION - REHABILITACION VIA PAVIMENTO FLEXIBLE | AL8: RECONSTRUCCION - REHABILITACION VIA PAVIMENTO FLEXIBLE | AM8: RECONSTRUCCION - REHABILITACION VIA PAVIMENTO FLEXIBLE | AN8: Rehabilitación | AO8: Rehabilitación | AP8: Rehabilitación | AQ8: Rehabilitación | AR8: Rehabilitación | AS8: Rehabilitación | AT8: Rehabilitación | AU8: Rehabilitación | AV8: Rehabilitación | AW8: Rehabilitación | AX8: Rehabilitación | AY8: Rehabilitación | AZ8: Rehabilitación | BA8: Rehabilitación | BB8: Rehabilitación
E9: Tipo de superficie | G9: Flexible | H9: Flexible | I9: Flexible | J9: Flexible | K9: Flexible | L9: Flexible | M9: Flexible | N9: Flexible | O9: Flexible | P9: Flexible | Q9: Flexible | R9: Flexible | S9: Flexible | T9: Flexible | U9: Flexible | V9: Flexible | W9: Flexible | X9: Flexible | Y9: Flexible | Z9: Flexible | AA9: Flexible | AB9: Rígido | AC9: Flexible | AD9: Flexible | AE9: Flexible | AF9: Flexible | AG9: Flexible | AH9: Flexible | AI9: Flexible | AJ9: Flexible | AK9: Flexible | AL9: Flexible | AM9: Flexible | AN9: Rigido | AO9: Rigido | AP9: Rigido | AQ9: Rigido | AR9: Rigido | AS9: Rigido | AT9: Rigido | AU9: Rigido | AV9: Rigido | AW9: Rigido | AX9: Rigido | AY9: Rigido | AZ9: Rigido | BA9: Rigido | BB9: Rigido
D10: =8*5 -> 40 | E10: Tipo de malla vial | G10: Intermedia | H10: Local | I10: Local | J10: Local | K10: Local | L10: Local | M10: Local | N10: Local | O10: Local | P10: Local | Q10: Local | R10: Local | S10: Local | T10: Local | U10: Local | V10: Local | W10: Local | X10: Local | Y10: Local | Z10: Local | AA10: Local | AB10: Local | AC10: Local | AD10: Local | AE10: Local | AF10: Intermedia | AG10: Local | AH10: Intermedia | AI10: Intermedia | AJ10: Intermedia | AK10: Intermedia | AL10: Local | AM10: Local | AN10: Local | AO10: Local | AP10: Local | AQ10: Local | AR10: Local | AS10: Local | AT10: Local | AU10: Local | AV10: Local | AW10: Local | AX10: Local | AY10: Local | AZ10: Local | BA10: Local | BB10: Local
E11: Espesor superficie pavimento | G11: =IF(G7="Calzada",IF(G10="Intermedia",0.15,0.15),0.1) -> 0.15 | H11: =IF(H7="Calzada",IF(H10="Intermedia",0.15,0.15),0.1) -> 0.15 | I11: =IF(I7="Calzada",IF(I10="Intermedia",0.15,0.15),0.1) -> 0.15 | J11: =IF(J7="Calzada",IF(J10="Intermedia",0.15,0.15),0.1) -> 0.15 | K11: =IF(K7="Calzada",IF(K10="Intermedia",0.15,0.15),0.1) -> 0.15 | L11: =IF(L7="Calzada",IF(L10="Intermedia",0.15,0.15),0.1) -> 0.15 | M11: =IF(M7="Calzada",IF(M10="Intermedia",0.15,0.15),0.1) -> 0.15 | N11: =IF(N7="Calzada",IF(N10="Intermedia",0.15,0.15),0.1) -> 0.15 | ... AM11: =IF(AM7="Calzada",IF(AM10="Intermedia",0.15,0.15),0.1) -> 0.15 | AN11: =IF(AN7="Calzada",IF(AN10="Intermedia",0.18,0.12),0.1) -> 0.1 | AO11: =IF(AO7="Calzada",IF(AO10="Intermedia",0.18,0.12),0.1) -> 0.1 | AP11: =IF(AP7="Calzada",IF(AP10="Intermedia",0.18,0.12),0.1) -> 0.1 | AQ11: =IF(AQ7="Calzada",IF(AQ10="Intermedia",0.18,0.12),0.1) -> 0.1 | AR11: =IF(AR7="Calzada",IF(AR10="Intermedia",0.18,0.12),0.1) -> 0.1 | AS11: =IF(AS7="Calzada",IF(AS10="Intermedia",0.18,0.12),0.1) -> 0.1 | AT11: =IF(AT7="Calzada",IF(AT10="Intermedia",0.18,0.12),0.1) -> 0.1 | AU11: =IF(AU7="Calzada",IF(AU10="Intermedia",0.18,0.12),0.1) -> 0.1 | ... BB11: =IF(BB7="Calzada",IF(BB10="Intermedia",0.18,0.12),0.1) -> 0.1
E12: Espesor Base | G12: 0.3 | H12: 0.25 | I12: 0.25 | J12: 0.25 | K12: 0.25 | L12: 0.25 | M12: 0.2 | N12: 0.2 | O12: 0.2 | P12: 0.2 | Q12: 0.25 | R12: 0.25 | S12: 0.2 | T12: 0.2 | U12: 0.25 | V12: 0.2 | W12: 0.25 | X12: 0.25 | Y12: 0.2 | Z12: 0.2 | AA12: 0.2 | AB12: 0.25 | AC12: 0.2 | AD12: 0.2 | AE12: 0.2 | AF12: 0.3 | AG12: 0.2 | AH12: 0.3 | AI12: 0.3 | AJ12: 0.3 | AK12: 0.3 | AL12: 0.25 | AM12: 0.25 | AN12: =IF(AN7="Calzada",IF(AN10="Intermedia",0.2,0.3),0.15) -> 0.15 | AO12: =IF(AO7="Calzada",IF(AO10="Intermedia",0.2,0.3),0.15) -> 0.15 | AP12: =IF(AP7="Calzada",IF(AP10="Intermedia",0.2,0.3),0.15) -> 0.15 | AQ12: =IF(AQ7="Calzada",IF(AQ10="Intermedia",0.2,0.3),0.15) -> 0.15 | AR12: =IF(AR7="Calzada",IF(AR10="Intermedia",0.2,0.3),0.15) -> 0.15 | AS12: =IF(AS7="Calzada",IF(AS10="Intermedia",0.2,0.3),0.15) -> 0.15 | AT12: =IF(AT7="Calzada",IF(AT10="Intermedia",0.2,0.3),0.15) -> 0.15 | AU12: =IF(AU7="Calzada",IF(AU10="Intermedia",0.2,0.3),0.15) -> 0.15 | ... BB12: =IF(BB7="Calzada",IF(BB10="Intermedia",0.2,0.3),0.15) -> 0.15
E13: Subbase | G13: 0.3 | H13: 0.3 | I13: 0.3 | J13: 0.3 | K13: 0.3 | L13: 0.3 | M13: 0.3 | N13: 0.3 | O13: 0.3 | P13: 0.3 | Q13: 0.3 | R13: 0.3 | S13: 0.3 | T13: 0.3 | U13: 0.3 | V13: 0.3 | W13: 0.3 | X13: 0.3 | Y13: 0.3 | Z13: 0.3 | AA13: 0.3 | AB13: 0.3 | AC13: 0.3 | AD13: 0.3 | AE13: 0.3 | AF13: 0.3 | AG13: 0.3 | AH13: 0.3 | AI13: 0.3 | AJ13: 0.3 | AK13: 0.3 | AL13: 0.3 | AM13: 0.3 | AN13: 0 | AO13: 0 | AP13: 0 | AQ13: 0 | AR13: 0 | AS13: 0 | AT13: 0 | AU13: 0 | AV13: 0 | AW13: 0 | AX13: 0 | AY13: 0 | AZ13: 0 | BA13: 0 | BB13: 0
E14: Suelo estabilizado | G14: =IF(G7="Calzada",IF(G10="Intermedia",0.2,0.1),0) -> 0.2 | H14: 0 | I14: 0 | J14: =IF(J7="Calzada",IF(J10="Intermedia",0.2,0.1),0) -> 0.1 | K14: =IF(K7="Calzada",IF(K10="Intermedia",0.2,0.1),0) -> 0.1 | L14: 0 | M14: =IF(M7="Calzada",IF(M10="Intermedia",0.2,0.1),0) -> 0.1 | N14: =IF(N7="Calzada",IF(N10="Intermedia",0.2,0.1),0) -> 0.1 | O14: =IF(O7="Calzada",IF(O10="Intermedia",0.2,0.1),0) -> 0.1 | P14: =IF(P7="Calzada",IF(P10="Intermedia",0.2,0.1),0) -> 0.1 | Q14: =IF(Q7="Calzada",IF(Q10="Intermedia",0.2,0.1),0) -> 0.1 | R14: =IF(R7="Calzada",IF(R10="Intermedia",0.2,0.1),0) -> 0.1 | S14: =IF(S7="Calzada",IF(S10="Intermedia",0.2,0.1),0) -> 0.1 | T14: =IF(T7="Calzada",IF(T10="Intermedia",0.2,0.1),0) -> 0.1 | ... AM14: =IF(AM7="Calzada",IF(AM10="Intermedia",0.2,0.1),0) -> 0.1 | AN14: =IF(AN7="Calzada",IF(AN10="Intermedia",0.2,0),0) -> 0 | AO14: =IF(AO7="Calzada",IF(AO10="Intermedia",0.2,0),0) -> 0 | AP14: =IF(AP7="Calzada",IF(AP10="Intermedia",0.2,0),0) -> 0 | AQ14: =IF(AQ7="Calzada",IF(AQ10="Intermedia",0.2,0),0) -> 0 | AR14: =IF(AR7="Calzada",IF(AR10="Intermedia",0.2,0),0) -> 0 | AS14: =IF(AS7="Calzada",IF(AS10="Intermedia",0.2,0),0) -> 0 | AT14: =IF(AT7="Calzada",IF(AT10="Intermedia",0.2,0),0) -> 0 | AU14: =IF(AU7="Calzada",IF(AU10="Intermedia",0.2,0),0) -> 0 | ... BB14: =IF(BB7="Calzada",IF(BB10="Intermedia",0.2,0),0) -> 0 | BD14: 1.33
B15: intervención | C15: cod Idu | D15: Descripcion | E15: UM | F15: VU | G15: 91013913 | H15: 472330 | I15: 167810 | J15: 166646 | K15: 167491 | L15: 167266 | M15: 170896 | N15: 170897 | O15: 170898 | P15: 91064150 | Q15: 168919 | R15: 168426 | S15: 91020796 | T15: 176184 | U15: 167636 | V15: 176730 | W15: 173038 | X15: 170222 | Y15: 170229 | Z15: 170227 | AA15: 170226 | AB15: 171567 | AC15: 166632 | AD15: 170228 | AE15: 172926 | AF15: 171152 | AG15: 173058 | AH15: 174478 | AI15: 91010089 | AJ15: 176122 | AK15: 168536 | AL15: 166934 | AM15: 174353 | AN15: 52531 | AO15: 52456 | AP15: 92058103 | AQ15: 20011114 | AR15: 20013540 | AS15: 55337 | AT15: 92087422 | AU15: 55259 | AV15: 466904 | AW15: 48591 | AX15: 48590 | AY15: 48561 | AZ15: 48560 | BA15: 48657 | BB15: 48655
B16: RECONSTRUCCION - REHABILITACION VIA PAVIMENTO FLEXIBLE | C16: 3007 | D16: =+_xlfn.XLOOKUP(Cantidades[[#This Row],[cod Idu]],APU_IDU[Código],APU_IDU[Nombre],"",0) -> REPLANTEO GENERAL | E16: =+_xlfn.XLOOKUP(Cantidades[[#This Row],[cod Idu]],APU_IDU[Código],APU_IDU[UM],"",0) -> M2 | F16: =+_xlfn.XLOOKUP(Cantidades[[#This Row],[cod Idu]],APU_IDU[Código],APU_IDU[Valor],"",0) -> 1081 | G16: =IF($B$16=G$8,G$6,0) -> 1489.08 | H16: =IF($B$16=H$8,H$6,0) -> 726 | I16: =IF($B$16=I$8,I$6,0) -> 781.12 | J16: =IF($B$16=J$8,J$6,0) -> 474.81 | K16: =IF($B$16=K$8,K$6,0) -> 442.11 | L16: =IF($B$16=L$8,L$6,0) -> 567.01 | M16: =IF($B$16=M$8,M$6,0) -> 112.52 | N16: =IF($B$16=N$8,N$6,0) -> 125.44 | ... AM16: =IF($B$16=AM$8,AM$6,0) -> 525.6
B17: RECONSTRUCCION - REHABILITACION VIA PAVIMENTO FLEXIBLE | C17: 5360 | D17: =+_xlfn.XLOOKUP(Cantidades[[#This Row],[cod Idu]],APU_IDU[Código],APU_IDU[Nombre],"",0) -> ACOPIO Y TRASIEGO MECANICO DE MATERIAL DE FRESADO EN EL SITIO DE ALMACENAMIENTO TRANSITORIO. | E17: =+_xlfn.XLOOKUP(Cantidades[[#This Row],[cod Idu]],APU_IDU[Código],APU_IDU[UM],"",0) -> HR | F17: =+_xlfn.XLOOKUP(Cantidades[[#This Row],[cod Idu]],APU_IDU[Código],APU_IDU[Valor],"",0) -> 182788 | G17: 0 | H17: 0 | I17: 0 | J17: 0 | K17: 0 | L17: 0 | M17: 4 | N17: 5 | O17: 4 | P17: 5 | Q17: 0 | R17: 0 | S17: 6 | T17: 0 | U17: 5 | V17: 0 | W17: 0 | X17: 6 | Y17: 0 | Z17: 0 | AA17: 6 | AB17: 0 | AC17: 6 | AD17: 0 | AE17: 0 | AF17: 0 | AG17: 0 | AH17: 0 | AI17: 0 | AJ17: 0 | AK17: 0 | AL17: 1 | AM17: 1
B18: RECONSTRUCCION - REHABILITACION VIA PAVIMENTO FLEXIBLE | C18: 3010 | D18: =+_xlfn.XLOOKUP(Cantidades[[#This Row],[cod Idu]],APU_IDU[Código],APU_IDU[Nombre],"",0) -> DEMOLICION PAVIMENTO ASFALTICO (INCLUYE CARGUE). NO INCLUYE TRANSPORTE Y DISPOSICIÓN FINAL DE SOBRANTES. | E18: =+_xlfn.XLOOKUP(Cantidades[[#This Row],[cod Idu]],APU_IDU[Código],APU_IDU[UM],"",0) -> M3 | F18: =+_xlfn.XLOOKUP(Cantidades[[#This Row],[cod Idu]],APU_IDU[Código],APU_IDU[Valor],"",0) -> 43555 | G18: =IF($B18=G$8,ROUND(G$6*G$11,2),0) -> 223.36 | H18: =IF($B18=H$8,ROUND(H$6*H$11,2),0) -> 108.9 | I18: =IF($B18=I$8,ROUND(I$6*I$11,2),0) -> 117.17 | J18: =IF($B18=J$8,ROUND(J$6*J$11,2),0) -> 71.22 | K18: =IF($B18=K$8,ROUND(K$6*K$11,2),0) -> 66.32 | L18: =IF($B18=L$8,ROUND(L$6*L$11,2),0) -> 85.05 | M18: =IF($B18=M$8,ROUND(M$6*M$11,2),0) -> 16.88 | N18: =IF($B18=N$8,ROUND(N$6*N$11,2),0) -> 18.82 | ... AM18: =IF($B18=AM$8,ROUND(AM$6*AM$11,2),0) -> 78.84
B19: RECONSTRUCCION - REHABILITACION VIA PAVIMENTO FLEXIBLE | C19: 3710 | D19: =+_xlfn.XLOOKUP(Cantidades[[#This Row],[cod Idu]],APU_IDU[Código],APU_IDU[Nombre],"",0) -> EXCAVACIÓN MECÁNICA EN MATERIAL COMÚN (INCLUYE CARGUE) | E19: =+_xlfn.XLOOKUP(Cantidades[[#This Row],[cod Idu]],APU_IDU[Código],APU_IDU[UM],"",0) -> M3 | F19: =+_xlfn.XLOOKUP(Cantidades[[#This Row],[cod Idu]],APU_IDU[Código],APU_IDU[Valor],"",0) -> 5998 | G19: =IF($B$19=G$8,ROUND(G$6*SUM(G$12:G$14),2),0) -> 1191.26 | H19: =IF($B$19=H$8,ROUND(H$6*SUM(H$12:H$14),2),0) -> 399.3 | I19: =IF($B$19=I$8,ROUND(I$6*SUM(I$12:I$14),2),0) -> 429.62 | J19: =IF($B$19=J$8,ROUND(J$6*SUM(J$12:J$14),2),0) -> 308.63 | K19: =IF($B$19=K$8,ROUND(K$6*SUM(K$12:K$14),2),0) -> 287.37 | L19: =IF($B$19=L$8,ROUND(L$6*SUM(L$12:L$14),2),0) -> 311.86 | M19: =IF($B$19=M$8,ROUND(M$6*SUM(M$12:M$14),2),0) -> 67.51 | N19: =IF($B$19=N$8,ROUND(N$6*SUM(N$12:N$14),2),0) -> 75.26 | ... AM19: =IF($B$19=AM$8,ROUND(AM$6*SUM(AM$12:AM$14),2),0) -> 341.64
B20: RECONSTRUCCION - REHABILITACION VIA PAVIMENTO FLEXIBLE | C20: 3017 | D20: =+_xlfn.XLOOKUP(Cantidades[[#This Row],[cod Idu]],APU_IDU[Código],APU_IDU[Nombre],"",0) -> TRANSPORTE Y DISPOSICIÓN FINAL DE ESCOMBROS EN SITIO AUTORIZADO (DISTANCIA DE TRANSPORTE 21 KM). A DISTANCIA MAYOR DEL ACARREO LIBRE (90 M) EN SITIO AUTORIZADO POR LA ENTIDAD AMBIENTAL COMPETENTE. | E20: =+_xlfn.XLOOKUP(Cantidades[[#This Row],[cod Idu]],APU_IDU[Código],APU_IDU[UM],"",0) -> M3 | F20: =+_xlfn.XLOOKUP(Cantidades[[#This Row],[cod Idu]],APU_IDU[Código],APU_IDU[Valor],"",0) -> 45734 | G20: =IF($B$20=G$8,ROUND((G$19+G$18)*1.3+G31,2),0) -> 1839.01 | H20: =IF($B$20=H$8,ROUND((H$19+H$18)*1.3+H31,2),0) -> 660.66 | I20: =IF($B$20=I$8,ROUND((I$19+I$18)*1.3+I31,2),0) -> 710.83 | J20: =IF($B$20=J$8,ROUND((J$19+J$18)*1.3+J31,2),0) -> 493.81 | K20: =IF($B$20=K$8,ROUND((K$19+K$18)*1.3+K31,2),0) -> 459.8 | L20: =IF($B$20=L$8,ROUND((L$19+L$18)*1.3+L31,2),0) -> 515.98 | M20: =IF($B$20=M$8,ROUND((M$19+M$18)*1.3+M31,2),0) -> 112.71 | N20: =IF($B$20=N$8,ROUND((N$19+N$18)*1.3+N31,2),0) -> 122.3 | ... AM20: =IF($B$20=AM$8,ROUND((AM$19+AM$18)*1.3+AM31,2),0) -> 546.62
B21: RECONSTRUCCION - REHABILITACION VIA PAVIMENTO FLEXIBLE | C21: 4015 | D21: =+_xlfn.XLOOKUP(Cantidades[[#This Row],[cod Idu]],APU_IDU[Código],APU_IDU[Nombre],"",0) -> GEOTEXTIL NO TEJIDO CON RESISTENCIA A LA TENSION GRAB: ENTRE 850 N Y 980 N. PARA SEPARACION SUBRASANTE/CAPAS GRANULARES. (INCLUYE SUMINISTRO E INSTALACION). | E21: =+_xlfn.XLOOKUP(Cantidades[[#This Row],[cod Idu]],APU_IDU[Código],APU_IDU[UM],"",0) -> M2 | F21: =+_xlfn.XLOOKUP(Cantidades[[#This Row],[cod Idu]],APU_IDU[Código],APU_IDU[Valor],"",0) -> 22923 | G21: =IF($B21=G$8,ROUND(G$6,2),0) -> 1489.08 | H21: =IF($B21=H$8,ROUND(H$6,2),0) -> 726 | I21: =IF($B21=I$8,ROUND(I$6,2),0) -> 781.12 | J21: =IF($B21=J$8,ROUND(J$6,2),0) -> 474.81 | K21: =IF($B21=K$8,ROUND(K$6,2),0) -> 442.11 | L21: =IF($B21=L$8,ROUND(L$6,2),0) -> 567.01 | M21: =IF($B21=M$8,ROUND(M$6,2),0) -> 112.52 | N21: =IF($B21=N$8,ROUND(N$6,2),0) -> 125.44 | ... AM21: =IF($B21=AM$8,ROUND(AM$6,2),0) -> 525.6
B22: RECONSTRUCCION - REHABILITACION VIA PAVIMENTO FLEXIBLE | C22: 6053 | D22: =+_xlfn.XLOOKUP(Cantidades[[#This Row],[cod Idu]],APU_IDU[Código],APU_IDU[Nombre],"",0) -> CAPA DE SUELO DE SUBRASANTE ESTABILIZADA CON CAL HIDRATADA TIPO N, IN SITU AL 4%. (SUMINISTRO, EXTENDIDO, NIVELACION, HUMEDECIMIENTO Y COMPACTACION). | E22: =+_xlfn.XLOOKUP(Cantidades[[#This Row],[cod Idu]],APU_IDU[Código],APU_IDU[UM],"",0) -> M3 | F22: =+_xlfn.XLOOKUP(Cantidades[[#This Row],[cod Idu]],APU_IDU[Código],APU_IDU[Valor],"",0) -> 128511 | G22: =IF($B23=G$8,ROUND(G$14*G$6,2),0) -> 297.82 | H22: 0 | J22: =IF($B22=J$8,ROUND(J$14*J$6*0.7,2),0) -> 33.24 | K22: =IF($B22=K$8,ROUND(K$14*K$6*0.7,2),0) -> 30.95 | M22: =IF($B22=M$8,ROUND(M$14*M$6*0.7,2),0) -> 7.88 | N22: =IF($B22=N$8,ROUND(N$14*N$6*0.7,2),0) -> 8.78 | P22: =IF($B22=P$8,ROUND(P$14*P$6*0.7,2),0) -> 10.38 | Q22: =IF($B22=Q$8,ROUND(Q$14*Q$6*0.7,2),0) -> 33.91 | R22: =IF($B22=R$8,ROUND(R$14*R$6*0.7,2),0) -> 29.87 | S22: =IF($B22=S$8,ROUND(S$14*S$6*0.7,2),0) -> 8.17 | T22: =IF($B22=T$8,ROUND(T$14*T$6*0.7,2),0) -> 16.64 | U22: =IF($B22=U$8,ROUND(U$14*U$6*0.7,2),0) -> 37.34 | V22: =IF($B22=V$8,ROUND(V$14*V$6*0.7,2),0) -> 10.13 | W22: =IF($B22=W$8,ROUND(W$14*W$6*0.7,2),0) -> 34.68 | X22: =IF($B22=X$8,ROUND(X$14*X$6*0.7,2),0) -> 59.21 | Z22: =IF($B22=Z$8,ROUND(Z$14*Z$6*0.7,2),0) -> 13.16 | AA22: =IF($B22=AA$8,ROUND(AA$14*AA$6*0.7,2),0) -> 7.21 | AB22: =IF($B22=AB$8,ROUND(AB$14*AB$6*0.7,2),0) -> 0 | AC22: =IF($B22=AC$8,ROUND(AC$14*AC$6*0.7,2),0) -> 22.91 | AD22: =IF($B22=AD$8,ROUND(AD$14*AD$6*0.7,2),0) -> 14.36 | AE22: =IF($B22=AE$8,ROUND(AE$14*AE$6*0.7,2),0) -> 10.11 | AF22: =IF($B22=AF$8,ROUND(AF$14*AF$6*0.7,2),0) -> 105.15 | AG22: =IF($B22=AG$8,ROUND(AG$14*AG$6*0.7,2),0) -> 13.77 | ... AM22: =IF($B22=AM$8,ROUND(AM$14*AM$6*0.7,2),0) -> 36.79
B23: RECONSTRUCCION - REHABILITACION VIA PAVIMENTO FLEXIBLE | C23: 6016 | D23: =+_xlfn.XLOOKUP(Cantidades[[#This Row],[cod Idu]],APU_IDU[Código],APU_IDU[Nombre],"",0) -> ESTABILIZACIÓN DE SUBRASANTE CON RAJÓN, INCLUYE EQUIPO DE COMPACTACIÓN (SUMINISTRO, EXTENDIDO, NIVELACIÓN Y COMPACTACIÓN CON EQUIPO MECÁNICO. NO INCLUYE MATERIAL DE SELLO) | E23: =+_xlfn.XLOOKUP(Cantidades[[#This Row],[cod Idu]],APU_IDU[Código],APU_IDU[UM],"",0) -> M3 | F23: =+_xlfn.XLOOKUP(Cantidades[[#This Row],[cod Idu]],APU_IDU[Código],APU_IDU[Valor],"",0) -> 148762 | G23: 0 | H23: =IF($B23=H$8,ROUND(H$14*H$6,2),0) -> 0 | I23: =IF($B23=I$8,ROUND(I$14*I$6,2),0) -> 0 | J23: =IF($B23=J$8,ROUND(J$14*J$6*0.3,2),0) -> 14.24 | K23: =IF($B23=K$8,ROUND(K$14*K$6*0.3,2),0) -> 13.26 | L23: =IF($B23=L$8,ROUND(L$14*L$6,2),0) -> 0 | M23: =IF($B23=M$8,ROUND(M$14*M$6*0.3,2),0) -> 3.38 | N23: =IF($B23=N$8,ROUND(N$14*N$6*0.3,2),0) -> 3.76 | O23: =IF($B23=O$8,ROUND(O$14*O$6,2),0) -> 4.99 | P23: =IF($B23=P$8,ROUND(P$14*P$6*0.3,2),0) -> 4.45 | Q23: =IF($B23=Q$8,ROUND(Q$14*Q$6*0.3,2),0) -> 14.53 | R23: =IF($B23=R$8,ROUND(R$14*R$6*0.3,2),0) -> 12.8 | S23: =IF($B23=S$8,ROUND(S$14*S$6*0.3,2),0) -> 3.5 | T23: =IF($B23=T$8,ROUND(T$14*T$6*0.3,2),0) -> 7.13 | U23: =IF($B23=U$8,ROUND(U$14*U$6*0.3,2),0) -> 16 | V23: =IF($B23=V$8,ROUND(V$14*V$6*0.3,2),0) -> 4.34 | W23: =IF($B23=W$8,ROUND(W$14*W$6*0.3,2),0) -> 14.86 | X23: =IF($B23=X$8,ROUND(X$14*X$6*0.3,2),0) -> 25.37 | Y23: =IF($B23=Y$8,ROUND(Y$14*Y$6,2),0) -> 7.59 | Z23: =IF($B23=Z$8,ROUND(Z$14*Z$6*0.3,2),0) -> 5.64 | AA23: =IF($B23=AA$8,ROUND(AA$14*AA$6*0.3,2),0) -> 3.09 | AB23: =IF($B23=AB$8,ROUND(AB$14*AB$6*0.3,2),0) -> 0 | AC23: =IF($B23=AC$8,ROUND(AC$14*AC$6*0.3,2),0) -> 9.82 | AD23: =IF($B23=AD$8,ROUND(AD$14*AD$6*0.3,2),0) -> 6.15 | AE23: =IF($B23=AE$8,ROUND(AE$14*AE$6*0.3,2),0) -> 4.33 | AF23: =IF($B23=AF$8,ROUND(AF$14*AF$6*0.3,2),0) -> 45.06 | AG23: =IF($B23=AG$8,ROUND(AG$14*AG$6*0.3,2),0) -> 5.9 | ... AM23: =IF($B23=AM$8,ROUND(AM$14*AM$6*0.3,2),0) -> 15.77
B24: RECONSTRUCCION - REHABILITACION VIA PAVIMENTO FLEXIBLE | C24: 4142 | D24: =+_xlfn.XLOOKUP(Cantidades[[#This Row],[cod Idu]],APU_IDU[Código],APU_IDU[Nombre],"",0) -> SUBBASE GRANULAR SBG-A (SUMINISTRO, EXTENDIDO, NIVELACIÓN, HUMEDECIMIENTO Y COMPACTACIÓN CON VIBROCOMPACTADOR) | E24: =+_xlfn.XLOOKUP(Cantidades[[#This Row],[cod Idu]],APU_IDU[Código],APU_IDU[UM],"",0) -> M3 | F24: =+_xlfn.XLOOKUP(Cantidades[[#This Row],[cod Idu]],APU_IDU[Código],APU_IDU[Valor],"",0) -> 221997 | G24: 0 | H24: 0 | I24: 0 | J24: 0 | K24: 0 | L24: 0 | M24: 0 | N24: 0 | O24: =IF($B24=O$8,IF(O$10="LOCAL",ROUND(O$13*O$6,2),0),0) -> 14.97 | P24: 0 | Q24: 0 | R24: 0 | S24: 0 | T24: 0 | U24: 0 | V24: 0 | W24: 0 | X24: 0 | Y24: =IF(Cantidades[[#This Row],[intervención]]=Y$8,IF(Y$10="LOCAL",ROUND(Y$13*Y$6,2),0),0) -> 22.78 | Z24: 0 | AA24: 0 | AB24: 0 | AC24: 0 | AD24: 0 | AE24: 0 | AF24: 0 | AG24: 0 | AH24: 0 | AI24: 0 | AJ24: 0 | AK24: 0 | AL24: 0 | AM24: 0
B25: RECONSTRUCCION - REHABILITACION VIA PAVIMENTO FLEXIBLE | C25: 8617 | D25: =+_xlfn.XLOOKUP(Cantidades[[#This Row],[cod Idu]],APU_IDU[Código],APU_IDU[Nombre],"",0) -> AGREGADOS RECICLADOS PARA SUBBASE GRANULAR (AR_SBG50) (Suministro, Extendido, Nivelación, Humedecimiento y Compactación con vibrocompactador) | E25: =+_xlfn.XLOOKUP(Cantidades[[#This Row],[cod Idu]],APU_IDU[Código],APU_IDU[UM],"",0) -> M3 | F25: =+_xlfn.XLOOKUP(Cantidades[[#This Row],[cod Idu]],APU_IDU[Código],APU_IDU[Valor],"",0) -> 204760 | G25: 0 | H25: 0 | I25: 0 | J25: =IF($B25=J$8,IF(J$10="LOCAL",ROUND(J$13*J$6,2),0),0) -> 142.44 | K25: 0 | L25: 0 | M25: 0 | N25: 0 | O25: 0 | P25: 0 | Q25: 0 | R25: 0 | S25: 0 | T25: 0 | U25: 0 | V25: 0 | W25: 0 | X25: 0 | Y25: 0 | Z25: 0 | AA25: 0 | AB25: 0 | AC25: 0 | AD25: 0 | AE25: 0 | AF25: 0 | AG25: 0 | AH25: 0 | AI25: 0 | AJ25: 0 | AK25: 0 | AL25: 0 | AM25: 0
B26: RECONSTRUCCION - REHABILITACION VIA PAVIMENTO FLEXIBLE | C26: 4140 | D26: =+_xlfn.XLOOKUP(Cantidades[[#This Row],[cod Idu]],APU_IDU[Código],APU_IDU[Nombre],"",0) -> BASE GRANULAR BG-A. (SUMINISTRO, EXTENDIDO, NIVELACIÓN Y HUMEDECIMIENTO MECÁNICO, COMPACTACIÓN MECÁNICA CON VIBROCOMPACTADOR TÁNDEM PEQUEÑO, INCLUYE OPERARIO Y COMBUSTIBLE). | E26: =+_xlfn.XLOOKUP(Cantidades[[#This Row],[cod Idu]],APU_IDU[Código],APU_IDU[UM],"",0) -> M3 | F26: =+_xlfn.XLOOKUP(Cantidades[[#This Row],[cod Idu]],APU_IDU[Código],APU_IDU[Valor],"",0) -> 262698 | G26: 0 | H26: 0 | I26: 0 | J26: 0 | K26: 0 | L26: 0 | M26: 0 | N26: 0 | O26: =IF($B26=O$8,IF(O$10="LOCAL",ROUND(O$12*O$6,2),0),0) -> 9.98 | P26: 0 | Q26: 0 | R26: 0 | S26: 0 | T26: 0 | U26: 0 | V26: 0 | W26: 0 | X26: 0 | Y26: =IF($B26=Y$8,IF(Y$10="LOCAL",ROUND(Y$12*Y$6,2),0),0) -> 15.18 | Z26: 0 | AA26: =IF($B30=AA$8,IF(AA$10="LOCAL",ROUND(AA$12*AA$6,2),0),0) -> 20.59 | AB26: 0 | AC26: 0 | AD26: 0 | AE26: 0 | AF26: 0 | AG26: 0 | AH26: 0 | AI26: 0 | AJ26: 0 | AK26: 0 | AL26: 0 | AM26: 0
B27: RECONSTRUCCION - REHABILITACION VIA PAVIMENTO FLEXIBLE | C27: 4160 | D27: =+_xlfn.XLOOKUP(Cantidades[[#This Row],[cod Idu]],APU_IDU[Código],APU_IDU[Nombre],"",0) -> SUBBASE GRANULAR CLASE B (SBG_B) (SUMINISTRO, EXTENDIDO, NIVELACIÓN, HUMEDECIMIENTO Y COMPACTACIÓN CON VIBROCOMPACTADOR) | E27: =+_xlfn.XLOOKUP(Cantidades[[#This Row],[cod Idu]],APU_IDU[Código],APU_IDU[UM],"",0) -> M3 | F27: =+_xlfn.XLOOKUP(Cantidades[[#This Row],[cod Idu]],APU_IDU[Código],APU_IDU[Valor],"",0) -> 205820 | G27: =IF($B27=G$8,IF(G$10="LOCAL",ROUND(G$13*G$6,2),0),0) -> 0 | H27: =IF($B27=H$8,IF(H$10="LOCAL",ROUND(H$13*H$6,2),0),0) -> 217.8 | I27: =IF($B27=I$8,IF(I$10="LOCAL",ROUND(I$13*I$6,2),0),0) -> 234.34 | J27: 0 | K27: 0 | L27: =IF($B27=L$8,IF(L$10="LOCAL",ROUND(L$13*L$6,2),0),0) -> 170.1 | M27: =IF($B27=M$8,IF(M$10="LOCAL",ROUND(M$13*M$6,2),0),0) -> 33.76 | N27: =IF($B27=N$8,IF(N$10="LOCAL",ROUND(N$13*N$6,2),0),0) -> 37.63 | O27: 0 | P27: =IF($B27=P$8,IF(P$10="LOCAL",ROUND(P$13*P$6,2),0),0) -> 44.49 | Q27: =IF($B27=Q$8,IF(Q$10="LOCAL",ROUND(Q$13*Q$6,2),0),0) -> 145.33 | R27: =IF($B27=R$8,IF(R$10="LOCAL",ROUND(R$13*R$6,2),0),0) -> 128.02 | S27: =IF($B27=S$8,IF(S$10="LOCAL",ROUND(S$13*S$6,2),0),0) -> 35.03 | T27: =IF($B27=T$8,IF(T$10="LOCAL",ROUND(T$13*T$6,2),0),0) -> 71.3 | U27: =IF($B27=U$8,IF(U$10="LOCAL",ROUND(U$13*U$6,2),0),0) -> 160.02 | V27: =IF($B27=V$8,IF(V$10="LOCAL",ROUND(V$13*V$6,2),0),0) -> 43.41 | W27: =IF($B27=W$8,IF(W$10="LOCAL",ROUND(W$13*W$6,2),0),0) -> 148.63 | X27: =IF($B27=X$8,IF(X$10="LOCAL",ROUND(X$13*X$6,2),0),0) -> 253.75 | Y27: 0 | Z27: =IF($B27=Z$8,IF(Z$10="LOCAL",ROUND(Z$13*Z$6,2),0),0) -> 56.38 | AA27: =IF($B27=AA$8,IF(AA$10="LOCAL",ROUND(AA$13*AA$6,2),0),0) -> 30.89 | AB27: =IF($B27=AB$8,IF(AB$10="LOCAL",ROUND(AB$13*AB$6,2),0),0) -> 0 | AC27: =IF($B27=AC$8,IF(AC$10="LOCAL",ROUND(AC$13*AC$6,2),0),0) -> 98.21 | AD27: =IF($B27=AD$8,IF(AD$10="LOCAL",ROUND(AD$13*AD$6,2),0),0) -> 61.54 | AE27: =IF($B27=AE$8,IF(AE$10="LOCAL",ROUND(AE$13*AE$6,2),0),0) -> 43.33 | AF27: =IF($B27=AF$8,IF(AF$10="LOCAL",ROUND(AF$13*AF$6,2),0),0) -> 0 | AG27: =IF($B27=AG$8,IF(AG$10="LOCAL",ROUND(AG$13*AG$6,2),0),0) -> 59 | ... AM27: =IF($B27=AM$8,IF(AM$10="LOCAL",ROUND(AM$13*AM$6,2),0),0) -> 157.68
B28: RECONSTRUCCION - REHABILITACION VIA PAVIMENTO FLEXIBLE | C28: 4747 | D28: =+_xlfn.XLOOKUP(Cantidades[[#This Row],[cod Idu]],APU_IDU[Código],APU_IDU[Nombre],"",0) -> SUBBASE GRANULAR CLASE B (SBG_B) CON RECICLADO DE CONCRETO (SUMINISTRO, EXTENDIDO, NIVELACIÓN, HUMEDECIMIENTO Y COMPACTACIÓN CON VIBROCOMPACTADOR) | E28: =+_xlfn.XLOOKUP(Cantidades[[#This Row],[cod Idu]],APU_IDU[Código],APU_IDU[UM],"",0) -> M3 | F28: =+_xlfn.XLOOKUP(Cantidades[[#This Row],[cod Idu]],APU_IDU[Código],APU_IDU[Valor],"",0) -> 167179 | G28: =IF($B24=G$8,IF(G$10="Intermedia",ROUND(G$13*G$6,2),0),0) -> 446.72 | H28: =IF($B28=H$8,IF(H$10="Intermedia",ROUND(H$13*H$6,2),0),0) -> 0 | I28: =IF($B28=I$8,IF(I$10="Intermedia",ROUND(I$13*I$6,2),0),0) -> 0 | J28: =IF($B28=J$8,IF(J$10="Intermedia",ROUND(J$13*J$6,2),0),0) -> 0 | K28: =IF($B28=K$8,IF(K$10="LOCAL",ROUND(K$13*K$6,2),0),0) -> 132.63 | L28: =IF($B28=L$8,IF(L$10="Intermedia",ROUND(L$13*L$6,2),0),0) -> 0 | M28: =IF($B28=M$8,IF(M$10="Intermedia",ROUND(M$13*M$6,2),0),0) -> 0 | N28: =IF($B28=N$8,IF(N$10="Intermedia",ROUND(N$13*N$6,2),0),0) -> 0 | O28: =IF($B28=O$8,IF(O$10="Intermedia",ROUND(O$13*O$6,2),0),0) -> 0 | P28: =IF($B28=P$8,IF(P$10="Intermedia",ROUND(P$13*P$6,2),0),0) -> 0 | Q28: =IF($B28=Q$8,IF(Q$10="Intermedia",ROUND(Q$13*Q$6,2),0),0) -> 0 | R28: =IF($B28=R$8,IF(R$10="Intermedia",ROUND(R$13*R$6,2),0),0) -> 0 | S28: =IF($B28=S$8,IF(S$10="Intermedia",ROUND(S$13*S$6,2),0),0) -> 0 | ... AM28: =IF($B28=AM$8,IF(AM$10="Intermedia",ROUND(AM$13*AM$6,2),0),0) -> 0
B29: RECONSTRUCCION - REHABILITACION VIA PAVIMENTO FLEXIBLE | C29: 4157 | D29: =+_xlfn.XLOOKUP(Cantidades[[#This Row],[cod Idu]],APU_IDU[Código],APU_IDU[Nombre],"",0) -> BASE GRANULAR CLASE B (BG_B) (SUMINISTRO, EXTENDIDO, NIVELACIÓN, HUMEDECIMIENTO Y COMPACTACIÓN CON VIBROCOMPACTADOR) | E29: =+_xlfn.XLOOKUP(Cantidades[[#This Row],[cod Idu]],APU_IDU[Código],APU_IDU[UM],"",0) -> M3 | F29: =+_xlfn.XLOOKUP(Cantidades[[#This Row],[cod Idu]],APU_IDU[Código],APU_IDU[Valor],"",0) -> 233666 | G29: 0 | H29: =IF($B29=H$8,IF(H$10="LOCAL",ROUND(H$12*H$6,2),0),0) -> 181.5 | I29: =IF($B29=I$8,IF(I$10="LOCAL",ROUND(I$12*I$6,2),0),0) -> 195.28 | J29: =IF($B29=J$8,IF(J$10="LOCAL",ROUND(J$12*J$6,2),0),0) -> 118.7 | K29: 0 | L29: =IF($B29=L$8,IF(L$10="LOCAL",ROUND(L$12*L$6,2),0),0) -> 141.75 | M29: =IF($B29=M$8,IF(M$10="LOCAL",ROUND(M$12*M$6,2),0),0) -> 22.5 | N29: =IF($B29=N$8,IF(N$10="LOCAL",ROUND(N$12*N$6,2),0),0) -> 25.09 | O29: 0 | P29: =IF($B29=P$8,IF(P$10="LOCAL",ROUND(P$12*P$6,2),0),0) -> 29.66 | Q29: =IF($B29=Q$8,IF(Q$10="LOCAL",ROUND(Q$12*Q$6,2),0),0) -> 121.11 | R29: =IF($B29=R$8,IF(R$10="LOCAL",ROUND(R$12*R$6,2),0),0) -> 106.68 | S29: =IF($B29=S$8,IF(S$10="LOCAL",ROUND(S$12*S$6,2),0),0) -> 23.36 | T29: =IF($B29=T$8,IF(T$10="LOCAL",ROUND(T$12*T$6,2),0),0) -> 47.53 | U29: =IF($B29=U$8,IF(U$10="INTERMEDIA",ROUND(U$12*U$6,2),0),0) -> 0 | V29: =IF($B29=V$8,IF(V$10="INTERMEDIA",ROUND(V$12*V$6,2),0),0) -> 0 | W29: =IF($B29=W$8,IF(W$10="INTERMEDIA",ROUND(W$12*W$6,2),0),0) -> 0 | X29: =IF($B29=X$8,IF(X$10="INTERMEDIA",ROUND(X$12*X$6,2),0),0) -> 0 | Y29: 0 | Z29: =IF($B29=Z$8,IF(Z$10="LOCAL",ROUND(Z$12*Z$6,2),0),0) -> 37.59 | AA29: =IF($B29=AA$8,IF(AA$10="INTERMEDIA",ROUND(AA$12*AA$6,2),0),0) -> 0 | AB29: =IF($B29=AB$8,IF(AB$10="INTERMEDIA",ROUND(AB$12*AB$6,2),0),0) -> 0 | AC29: =IF($B29=AC$8,IF(AC$10="INTERMEDIA",ROUND(AC$12*AC$6,2),0),0) -> 0 | AD29: =IF($B29=AD$8,IF(AD$10="INTERMEDIA",ROUND(AD$12*AD$6,2),0),0) -> 0 | AE29: =IF($B29=AE$8,IF(AE$10="INTERMEDIA",ROUND(AE$12*AE$6,2),0),0) -> 0 | AF29: =IF($B29=AF$8,IF(AF$10="LOCAL",ROUND(AF$12*AF$6,2),0),0) -> 0 | AG29: =IF($B29=AG$8,IF(AG$10="LOCAL",ROUND(AG$12*AG$6,2),0),0) -> 39.33 | AH29: =IF($B29=AH$8,IF(AH$10="LOCAL",ROUND(AH$12*AH$6,2),0),0) -> 0 | AI29: =IF($B29=AI$8,IF(AI$10="LOCAL",ROUND(AI$12*AI$6,2),0),0) -> 0 | AJ29: =IF($B29=AJ$8,IF(AJ$10="LOCAL",ROUND(AJ$12*AJ$6,2),0),0) -> 0 | AK29: =IF($B29=AK$8,IF(AK$10="LOCAL",ROUND(AK$12*AK$6,2),0),0) -> 0 | AL29: =IF($B29=AL$8,IF(AL$10="LOCAL",ROUND(AL$12*AL$6,2),0),0) -> 234.78 | AM29: =IF($B29=AM$8,IF(AM$10="LOCAL",ROUND(AM$12*AM$6,2),0),0) -> 131.4
B30: RECONSTRUCCION - REHABILITACION VIA PAVIMENTO FLEXIBLE | C30: 4743 | D30: =+_xlfn.XLOOKUP(Cantidades[[#This Row],[cod Idu]],APU_IDU[Código],APU_IDU[Nombre],"",0) -> BASE GRANULAR CLASE B (BG_B) CON RECICLADO DE CONCRETO (SUMINISTRO, EXTENDIDO, NIVELACIÓN, HUMEDECIMIENTO Y COMPACTACIÓN CON VIBROCOMPACTADOR) | E30: =+_xlfn.XLOOKUP(Cantidades[[#This Row],[cod Idu]],APU_IDU[Código],APU_IDU[UM],"",0) -> M3 | F30: =+_xlfn.XLOOKUP(Cantidades[[#This Row],[cod Idu]],APU_IDU[Código],APU_IDU[Valor],"",0) -> 179874 | G30: =IF($B26=G$8,IF(G$10="Intermedia",ROUND(G$13*G$6,2),0),0) -> 446.72 | H30: =IF($B30=H$8,IF(H$10="INTER",ROUND(H$13*H$6,2),0),0) -> 0 | I30: =IF($B30=I$8,IF(I$10="INTER",ROUND(I$13*I$6,2),0),0) -> 0 | J30: =IF($B30=J$8,IF(J$10="INTER",ROUND(J$13*J$6,2),0),0) -> 0 | K30: =IF($B30=K$8,IF(K$10="LOCAL",ROUND(K$12*K$6,2),0),0) -> 110.53 | L30: =IF($B30=L$8,IF(L$10="INTER",ROUND(L$13*L$6,2),0),0) -> 0 | M30: =IF($B30=M$8,IF(M$10="INTER",ROUND(M$13*M$6,2),0),0) -> 0 | N30: =IF($B30=N$8,IF(N$10="INTER",ROUND(N$13*N$6,2),0),0) -> 0 | O30: =IF($B30=O$8,IF(O$10="INTER",ROUND(O$13*O$6,2),0),0) -> 0 | P30: =IF($B30=P$8,IF(P$10="INTER",ROUND(P$13*P$6,2),0),0) -> 0 | Q30: =IF($B30=Q$8,IF(Q$10="INTER",ROUND(Q$13*Q$6,2),0),0) -> 0 | R30: =IF($B30=R$8,IF(R$10="INTER",ROUND(R$13*R$6,2),0),0) -> 0 | S30: =IF($B30=S$8,IF(S$10="LOCAL",ROUND(S$13*S$6,2),0),0) -> 35.03 | T30: =IF($B30=T$8,IF(T$10="LOCAL",ROUND(T$13*T$6,2),0),0) -> 71.3 | U30: =IF($B30=U$8,IF(U$10="LOCAL",ROUND(U$12*U$6,2),0),0) -> 133.35 | V30: =IF($B30=V$8,IF(V$10="LOCAL",ROUND(V$12*V$6,2),0),0) -> 28.94 | W30: =IF($B30=W$8,IF(W$10="LOCAL",ROUND(W$12*W$6,2),0),0) -> 123.86 | X30: =IF($B30=X$8,IF(X$10="LOCAL",ROUND(X$12*X$6,2),0),0) -> 211.46 | Y30: 0 | Z30: 0 | AA30: 0 | AB30: =IF($B30=AB$8,IF(AB$10="LOCAL",ROUND(AB$12*AB$6,2),0),0) -> 0 | AC30: =IF($B30=AC$8,IF(AC$10="LOCAL",ROUND(AC$12*AC$6,2),0),0) -> 65.47 | AD30: =IF($B30=AD$8,IF(AD$10="LOCAL",ROUND(AD$13*AD$6,2),0),0) -> 61.54 | AE30: =IF($B30=AE$8,IF(AE$10="LOCAL",ROUND(AE$12*AE$6,2),0),0) -> 28.89 | AF30: 0 | AG30: 0 | AH30: 0 | AI30: 0 | AJ30: 0 | AK30: 0 | AL30: 0 | AM30: 0
B31: RECONSTRUCCION - REHABILITACION VIA PAVIMENTO FLEXIBLE | C31: 3012 | D31: =+_xlfn.XLOOKUP(Cantidades[[#This Row],[cod Idu]],APU_IDU[Código],APU_IDU[Nombre],"",0) -> DEMOLICIÓN PISOS DE CONCRETO (ESPESOR VARIABLE HASTA 0.10 M. INCLUYE CARGUE). NO INCLUYE TRANSPORTE Y DISPOSICIÓN FINAL DE SOBRANTES. | E31: =+_xlfn.XLOOKUP(Cantidades[[#This Row],[cod Idu]],APU_IDU[Código],APU_IDU[UM],"",0) -> M2 | F31: =+_xlfn.XLOOKUP(Cantidades[[#This Row],[cod Idu]],APU_IDU[Código],APU_IDU[Valor],"",0) -> 9583 | G31: 0 | H31: 0 | I31: 0 | J31: 0 | K31: 0 | L31: 0 | M31: 3 | N31: 0 | O31: 0 | P31: 0 | Q31: 0 | R31: 0 | S31: 0 | T31: 5 | U31: 0 | V31: 0 | W31: 0 | X31: 0 | Y31: 0 | Z31: 0 | AA31: 0 | AB31: 0 | AC31: 0 | AD31: 0 | AE31: 0 | AF31: 0 | AG31: 0 | AH31: 0 | AI31: 0 | AJ31: 0 | AK31: 0 | AL31: 0 | AM31: 0
B32: RECONSTRUCCION - REHABILITACION VIA PAVIMENTO FLEXIBLE | C32: 3864 | D32: =+_xlfn.XLOOKUP(Cantidades[[#This Row],[cod Idu]],APU_IDU[Código],APU_IDU[Nombre],"",0) -> IMPRIMACION CON EMULSION ASFALTICA CRL-0 (SUMINISTRO, BARRIDO SUPERFICIE Y RIEGO MECANICO) | E32: =+_xlfn.XLOOKUP(Cantidades[[#This Row],[cod Idu]],APU_IDU[Código],APU_IDU[UM],"",0) -> M2 | F32: =+_xlfn.XLOOKUP(Cantidades[[#This Row],[cod Idu]],APU_IDU[Código],APU_IDU[Valor],"",0) -> 3384 | G32: 0 | H32: =IF($B32=H$8,ROUND(H$6,2),0) -> 726 | I32: =IF($B32=I$8,ROUND(I$6,2),0) -> 781.12 | J32: =IF($B32=J$8,ROUND(J$6,2),0) -> 474.81 | K32: =IF($B32=K$8,ROUND(K$6,2),0) -> 442.11 | L32: =IF($B32=L$8,ROUND(L$6,2),0) -> 567.01 | M32: =IF($B32=M$8,ROUND(M$6,2),0) -> 112.52 | N32: =IF($B32=N$8,ROUND(N$6,2),0) -> 125.44 | O32: =IF($B32=O$8,ROUND(O$6,2),0) -> 49.89 | ... X32: =IF($B32=X$8,ROUND(X$6,2),0) -> 845.83 | Z32: =IF($B32=Z$8,ROUND(Z$6,2),0) -> 187.93 | AA32: =IF($B32=AA$8,ROUND(AA$6,2),0) -> 102.95 | AB32: =IF($B32=AB$8,ROUND(AB$6,2),0) -> 0 | AC32: =IF($B32=AC$8,ROUND(AC$6,2),0) -> 327.35 | AD32: =IF($B32=AD$8,ROUND(AD$6,2),0) -> 205.14 | AE32: =IF($B32=AE$8,ROUND(AE$6,2),0) -> 144.43 | AF32: =IF($B32=AF$8,ROUND(AF$6,2),0) -> 751.07 | AG32: =IF($B32=AG$8,ROUND(AG$6,2),0) -> 196.67 | ... AM32: =IF($B32=AM$8,ROUND(AM$6,2),0) -> 525.6
B33: RECONSTRUCCION - REHABILITACION VIA PAVIMENTO FLEXIBLE | C33: 4857 | D33: =+_xlfn.XLOOKUP(Cantidades[[#This Row],[cod Idu]],APU_IDU[Código],APU_IDU[Nombre],"",0) -> IMPRIMACIÓN CON EMULSIÓN ASFÁLTICA CRL-1 (INCLUYE SUMINISTRO, BARRIDO DE SUPERFICIE Y RIEGO MECANICO). | E33: =+_xlfn.XLOOKUP(Cantidades[[#This Row],[cod Idu]],APU_IDU[Código],APU_IDU[UM],"",0) -> M2 | F33: =+_xlfn.XLOOKUP(Cantidades[[#This Row],[cod Idu]],APU_IDU[Código],APU_IDU[Valor],"",0) -> 3721 | G33: =IF($B33=G$8,ROUND(G$6,2),0) -> 1489.08 | Y33: =IF($B33=Y$8,ROUND(Y$6,2),0) -> 75.92
B34: RECONSTRUCCION - REHABILITACION VIA PAVIMENTO FLEXIBLE | C34: 3867 | D34: =+_xlfn.XLOOKUP(Cantidades[[#This Row],[cod Idu]],APU_IDU[Código],APU_IDU[Nombre],"",0) -> RIEGO DE LIGA CON EMULSION ASFALTICA CRR-2 (SUMINISTRO, BARRIDO SUPERFICIE Y RIEGO MECANICO) | E34: =+_xlfn.XLOOKUP(Cantidades[[#This Row],[cod Idu]],APU_IDU[Código],APU_IDU[UM],"",0) -> M2 | F34: =+_xlfn.XLOOKUP(Cantidades[[#This Row],[cod Idu]],APU_IDU[Código],APU_IDU[Valor],"",0) -> 4114 | H34: =IF($B34=H$8,ROUND(H$6,2),0) -> 726 | I34: =IF($B34=I$8,ROUND(I$6,2),0) -> 781.12 | J34: =IF($B34=J$8,ROUND(J$6,2),0) -> 474.81 | K34: =IF($B34=K$8,ROUND(K$6,2),0) -> 442.11 | L34: =IF($B34=L$8,ROUND(L$6,2),0) -> 567.01 | M34: =IF($B34=M$8,ROUND(M$6,2),0) -> 112.52 | N34: =IF($B34=N$8,ROUND(N$6,2),0) -> 125.44 | O34: =IF($B34=O$8,ROUND(O$6,2),0) -> 49.89 | ... AM34: =IF($B34=AM$8,ROUND(AM$6,2),0) -> 525.6
B35: RECONSTRUCCION - REHABILITACION VIA PAVIMENTO FLEXIBLE | C35: 8613 | D35: =+_xlfn.XLOOKUP(Cantidades[[#This Row],[cod Idu]],APU_IDU[Código],APU_IDU[Nombre],"",0) -> MEZCLA ASFÁLTICA EN CALIENTE DENSA MD19 CON CEMENTO ASFÁLTICO CA 14. (SUMINISTRO, EXTENDIDO, NIVELACIÓN MANUAL Y COMPACTACIÓN MECÁNICA CON VIBROCOMPACTADOR TÁNDEM PEQUEÑO, INCLUYE OPERARIO Y COMBUSTIBLE). | E35: =+_xlfn.XLOOKUP(Cantidades[[#This Row],[cod Idu]],APU_IDU[Código],APU_IDU[UM],"",0) -> M3 | F35: =+_xlfn.XLOOKUP(Cantidades[[#This Row],[cod Idu]],APU_IDU[Código],APU_IDU[Valor],"",0) -> 1472746 | G35: =IF($B36=G$8,IF(G$10="intermedia",ROUND(G$11*G$6,2),0),0) -> 223.36 | H35: 0 | I35: 0 | J35: 0 | K35: 0 | L35: =IF($B35=L$8,IF(L$10="LOCAL",ROUND(L$11*L$6,2),0),0) -> 85.05 | M35: 0 | N35: 0 | O35: 0 | P35: 0 | Q35: =IF($B35=Q$8,IF(Q$10="LOCAL",ROUND(Q$11*Q$6,2),0),0) -> 72.66 | R35: =IF($B35=R$8,IF(R$10="LOCAL",ROUND(R$11*R$6,2),0),0) -> 64.01 | S35: 0 | T35: =IF($B35=T$8,IF(T$10="LOCAL",ROUND(T$11*T$6,2),0),0) -> 35.65 | U35: 0 | V35: =IF($B35=V$8,IF(V$10="LOCAL",ROUND(V$11*V$6,2),0),0) -> 21.71 | W35: =IF($B35=W$8,IF(W$10="LOCAL",ROUND(W$11*W$6,2),0),0) -> 74.31 | X35: 0 | Y35: =IF($B35=Y$8,IF(Y$10="LOCAL",ROUND(Y$11*Y$6,2),0),0) -> 11.39 | Z35: 0 | AA35: 0 | AB35: 0 | AC35: 0 | AD35: =IF($B35=AD$8,IF(AD$10="LOCAL",ROUND(AD$11*AD$6,2),0),0) -> 30.77 | AE35: =IF($B35=AE$8,IF(AE$10="LOCAL",ROUND(AE$11*AE$6,2),0),0) -> 21.66 | AF35: =IF($B35=AF$8,IF(AF$10="LOCAL",ROUND(AF$11*AF$6,2),0),0) -> 0 | AG35: =IF($B35=AG$8,IF(AG$10="LOCAL",ROUND(AG$11*AG$6,2),0),0) -> 29.5 | AH35: =IF($B35=AH$8,IF(AH$10="LOCAL",ROUND(AH$11*AH$6,2),0),0) -> 0 | AI35: =IF($B35=AI$8,IF(AI$10="LOCAL",ROUND(AI$11*AI$6,2),0),0) -> 0 | AJ35: =IF($B35=AJ$8,IF(AJ$10="LOCAL",ROUND(AJ$11*AJ$6,2),0),0) -> 0 | AK35: =IF($B35=AK$8,IF(AK$10="LOCAL",ROUND(AK$11*AK$6,2),0),0) -> 0 | ... AM35: =IF($B35=AM$8,IF(AM$10="LOCAL",ROUND(AM$11*AM$6,2),0),0) -> 78.84
B36: RECONSTRUCCION - REHABILITACION VIA PAVIMENTO FLEXIBLE | C36: 4200 | D36: =+_xlfn.XLOOKUP(Cantidades[[#This Row],[cod Idu]],APU_IDU[Código],APU_IDU[Nombre],"",0) -> MEZCLA ASFÁLTICA EN CALIENTE TIPO DENSO MD20 ASFALTO 60-70 (INCLUYE SUMINISTRO, EXTENDIDO, NIVELACIÓN, COMPACTACIÓN MECANICA CON VIBROCOMPACTADOR Y COMPACTADOR DE LLANTAS, FACTOR DE COMPACTACION Y TRANSPORTE DE MATERIAL A 21 KMS) | E36: =+_xlfn.XLOOKUP(Cantidades[[#This Row],[cod Idu]],APU_IDU[Código],APU_IDU[UM],"",0) -> M3 | F36: =+_xlfn.XLOOKUP(Cantidades[[#This Row],[cod Idu]],APU_IDU[Código],APU_IDU[Valor],"",0) -> 1189120 | G36: 0 | H36: =IF($B35=H$8,IF(H$10="LOCAL",ROUND(H$11*H$6,2),0),0) -> 108.9 | I36: =IF($B35=I$8,IF(I$10="LOCAL",ROUND(I$11*I$6,2),0),0) -> 117.17 | J36: =IF($B35=J$8,IF(J$10="LOCAL",ROUND(J$11*J$6,2),0),0) -> 71.22 | K36: =IF($B36=K$8,IF(K$10="LOCAL",ROUND(K$11*K$6,2),0),0) -> 66.32 | L36: =IF($B36=L$8,IF(L$10="intermedia",ROUND(L$11*L$6,2),0),0) -> 0 | M36: =IF($B36=M$8,IF(M$10="intermedia",ROUND(M$11*M$6,2),0),0) -> 0 | N36: =IF($B36=N$8,IF(N$10="intermedia",ROUND(N$11*N$6,2),0),0) -> 0 | O36: =IF($B36=O$8,IF(O$10="intermedia",ROUND(O$11*O$6,2),0),0) -> 0 | P36: =IF($B36=P$8,IF(P$10="intermedia",ROUND(P$11*P$6,2),0),0) -> 0 | Q36: =IF($B36=Q$8,IF(Q$10="intermedia",ROUND(Q$11*Q$6,2),0),0) -> 0 | R36: =IF($B36=R$8,IF(R$10="intermedia",ROUND(R$11*R$6,2),0),0) -> 0 | S36: 0 | U36: =IF($B36=U$8,IF(U$10="intermedia",ROUND(U$11*U$6,2),0),0) -> 0 | V36: =IF($B36=V$8,IF(V$10="intermedia",ROUND(V$11*V$6,2),0),0) -> 0 | W36: =IF($B36=W$8,IF(W$10="intermedia",ROUND(W$11*W$6,2),0),0) -> 0 | X36: =IF($B36=X$8,IF(X$10="intermedia",ROUND(X$11*X$6,2),0),0) -> 0 | Y36: 0 | Z36: =IF($B36=Z$8,IF(Z$10="LOCAL",ROUND(Z$11*Z$6,2),0),0) -> 28.19 | AA36: =IF($B36=AA$8,IF(AA$10="intermedia",ROUND(AA$11*AA$6,2),0),0) -> 0 | AB36: =IF($B36=AB$8,IF(AB$10="intermedia",ROUND(AB$11*AB$6,2),0),0) -> 0 | AC36: =IF($B36=AC$8,IF(AC$10="intermedia",ROUND(AC$11*AC$6,2),0),0) -> 0 | AD36: =IF($B36=AD$8,IF(AD$10="intermedia",ROUND(AD$11*AD$6,2),0),0) -> 0 | AE36: =IF($B36=AE$8,IF(AE$10="intermedia",ROUND(AE$11*AE$6,2),0),0) -> 0 | AF36: =IF($B36=AF$8,IF(AF$10="intermedia",ROUND(AF$11*AF$6,2),0),0) -> 112.66 | AG36: =IF($B36=AG$8,IF(AG$10="intermedia",ROUND(AG$11*AG$6,2),0),0) -> 0 | AH36: =IF($B36=AH$8,IF(AH$10="intermedia",ROUND(AH$11*AH$6,2),0),0) -> 138.63 | ... AM36: =IF($B36=AM$8,IF(AM$10="intermedia",ROUND(AM$11*AM$6,2),0),0) -> 0
B37: RECONSTRUCCION - REHABILITACION VIA PAVIMENTO FLEXIBLE | C37: 4712 | D37: =+_xlfn.XLOOKUP(Cantidades[[#This Row],[cod Idu]],APU_IDU[Código],APU_IDU[Nombre],"",0) -> MEZCLA ASFALTICA CON ASFALTO CAUCHO (SUMINISTRO, EXTENDIDO, NIVELACIÓN Y COMPACTACIÓN MECANICA) | E37: =+_xlfn.XLOOKUP(Cantidades[[#This Row],[cod Idu]],APU_IDU[Código],APU_IDU[UM],"",0) -> M3 | F37: =+_xlfn.XLOOKUP(Cantidades[[#This Row],[cod Idu]],APU_IDU[Código],APU_IDU[Valor],"",0) -> 1658667 | G37: 0 | H37: 0 | I37: 0 | J37: 0 | K37: 0 | L37: 0 | M37: =IF($B37=M$8,ROUND(M$6*M11,2),0) -> 16.88 | N37: =IF($B37=N$8,ROUND(N$6*N11,2),0) -> 18.82 | O37: =IF($B37=O$8,ROUND(O$6*O11,2),0) -> 7.48 | P37: =IF($B37=P$8,ROUND(P$6*P11,2),0) -> 22.25 | Q37: 0 | R37: 0 | S37: =IF($B37=S$8,ROUND(S$6*S11,2),0) -> 17.52 | T37: =IF($B37=T$8,IF(T$10="intermedia",ROUND(T$11*T$6,2),0),0) -> 0 | U37: =IF($B37=U$8,ROUND(U$6*U11,2),0) -> 80.01 | V37: 0 | W37: 0 | X37: =IF($B37=X$8,ROUND(X$6*X11,2),0) -> 126.87 | Y37: 0 | Z37: 0 | AA37: =IF($B37=AA$8,ROUND(AA$6*AA11,2),0) -> 15.44 | AB37: =IF($B37=AB$8,ROUND(AB$6*AB11,2),0) -> 0 | AC37: =IF($B37=AC$8,ROUND(AC$6*AC11,2),0) -> 49.1 | AD37: 0 | AE37: 0 | AF37: 0 | AG37: 0 | AH37: 0 | AI37: 0 | AJ37: 0 | AK37: 0 | AL37: 0 | AM37: 0
B38: RECONSTRUCCION - REHABILITACION VIA PAVIMENTO FLEXIBLE | C38: 4598 | D38: =+_xlfn.XLOOKUP(Cantidades[[#This Row],[cod Idu]],APU_IDU[Código],APU_IDU[Nombre],"",0) -> SELLO DE GRIETAS | E38: =+_xlfn.XLOOKUP(Cantidades[[#This Row],[cod Idu]],APU_IDU[Código],APU_IDU[UM],"",0) -> ML | F38: =+_xlfn.XLOOKUP(Cantidades[[#This Row],[cod Idu]],APU_IDU[Código],APU_IDU[Valor],"",0) -> 12196 | G38: 0 | H38: 0 | I38: 0 | J38: 0 | K38: 0 | L38: 0 | M38: 0 | N38: 0 | O38: 0 | P38: 0 | Q38: 0 | R38: 0 | S38: 0 | T38: 0 | U38: 0 | V38: 0 | W38: 0 | X38: 0 | Y38: 0 | Z38: 0 | AA38: 0 | AB38: 1 | AC38: 0 | AD38: 0 | AE38: 0 | AF38: 0 | AG38: 1 | AH38: 1 | AI38: 1 | AJ38: 1 | AK38: 1 | AL38: 1 | AM38: 1
B39: RECONSTRUCCION - REHABILITACION VIA PAVIMENTO FLEXIBLE | C39: 5843 | D39: =+_xlfn.XLOOKUP(Cantidades[[#This Row],[cod Idu]],APU_IDU[Código],APU_IDU[Nombre],"",0) -> GEOMALLA BIAXIAL PARA EL CONTROL DEL REFLEJO DE AGRIETAMIENTO EN CAPAS DE CONCRETO ASFALTICO, CON MODULO DE TENSION CICLICA MINIMO DE 2340 KN/M. (INCLUYE SUMINISTRO E INSTALACION). | E39: =+_xlfn.XLOOKUP(Cantidades[[#This Row],[cod Idu]],APU_IDU[Código],APU_IDU[UM],"",0) -> M2 | F39: =+_xlfn.XLOOKUP(Cantidades[[#This Row],[cod Idu]],APU_IDU[Código],APU_IDU[Valor],"",0) -> 33937 | G39: =IF($B39=G$8,ROUND(G$6,2),0) -> 1489.08 | H39: =IF($B39=H$8,ROUND(H$6,2),0) -> 726 | I39: =IF($B39=I$8,ROUND(I$6,2),0) -> 781.12 | J39: =IF($B39=J$8,ROUND(J$6,2),0) -> 474.81 | K39: =IF($B39=K$8,ROUND(K$6,2),0) -> 442.11 | L39: =IF($B39=L$8,ROUND(L$6,2),0) -> 567.01 | M39: =IF($B39=M$8,ROUND(M$6,2),0) -> 112.52 | N39: =IF($B39=N$8,ROUND(N$6,2),0) -> 125.44 | ... AM39: =IF($B39=AM$8,ROUND(AM$6,2),0) -> 525.6
B40: RECONSTRUCCION - REHABILITACION VIA PAVIMENTO FLEXIBLE | C40: 4246 | D40: =+_xlfn.XLOOKUP(Cantidades[[#This Row],[cod Idu]],APU_IDU[Código],APU_IDU[Nombre],"",0) -> FLECHA DIRECCIONAL "DE FRENTE" (E=2.3MM,TERMOPLÁSTICA. INC. SUMINISTRO Y APLICACIÓN CON EQUIPO. INC MICROESFERAS). MARCA VIAL PARA VELOCIDADES MENORES O IGUALES A 60 KM/H AREA DE LA MARCA: 1.20 M2. | E40: =+_xlfn.XLOOKUP(Cantidades[[#This Row],[cod Idu]],APU_IDU[Código],APU_IDU[UM],"",0) -> UN | F40: =+_xlfn.XLOOKUP(Cantidades[[#This Row],[cod Idu]],APU_IDU[Código],APU_IDU[Valor],"",0) -> 206205 | G40: 2 | H40: 0 | I40: 2 | J40: 0 | K40: 2 | L40: 2 | M40: 2 | N40: 0 | O40: 0 | P40: 2 | Q40: 0 | R40: 2 | S40: 2 | T40: 0 | U40: 0 | V40: 0 | W40: 2 | X40: 2 | Y40: 2 | Z40: 0 | AA40: 0 | AB40: 0 | AC40: 2 | AD40: 0 | AE40: 0 | AF40: 2 | AG40: 2 | AH40: 3 | AI40: 4 | AJ40: 5 | AK40: 6 | AL40: 7 | AM40: 7
B41: RECONSTRUCCION - REHABILITACION VIA PAVIMENTO FLEXIBLE | C41: 4248 | D41: =+_xlfn.XLOOKUP(Cantidades[[#This Row],[cod Idu]],APU_IDU[Código],APU_IDU[Nombre],"",0) -> DEMARCACION PASO PEATONAL-CEBRA (E=2.3MM,TERMOPLÁSTICA. INC. SUMINISTRO Y APLICACIÓN CON EQUIPO. INC MICROESFERAS) | E41: =+_xlfn.XLOOKUP(Cantidades[[#This Row],[cod Idu]],APU_IDU[Código],APU_IDU[UM],"",0) -> M2 | F41: =+_xlfn.XLOOKUP(Cantidades[[#This Row],[cod Idu]],APU_IDU[Código],APU_IDU[Valor],"",0) -> 171837 | G41: =IF($B41=G$8,ROUND(0.5*2*G$4,2),0) -> 7.75 | I41: =IF($B41=I$8,ROUND(0.5*2*I$4,2),0) -> 6.2 | K41: =IF($B41=K$8,ROUND(0.5*2*K$4,2),0) -> 5.16 | L41: =IF($B41=L$8,ROUND(0.5*2*L$4,2),0) -> 6.33 | M41: =IF($B41=M$8,ROUND(0.5*2*M$4,2),0) -> 4.58 | P41: =IF($B41=P$8,ROUND(0.5*2*P$4,2),0) -> 5.78 | R41: =IF($B41=R$8,ROUND(0.5*2*R$4,2),0) -> 6.03 | S41: =IF($B41=S$8,ROUND(0.5*2*S$4,2),0) -> 7.83 | W41: =IF($B41=W$8,ROUND(0.5*2*W$4,2),0) -> 6.95 | X41: =IF($B41=X$8,ROUND(0.5*2*X$4,2),0) -> 6.71 | Y41: =+Y4*1.5 -> 8.655 | AC41: =IF($B41=AC$8,ROUND(0.5*2*AC$4,2),0) -> 5.39 | AF41: =IF($B41=AF$8,ROUND(0.5*2*AF$4,2),0) -> 7.37 | AG41: =IF($B41=AG$8,ROUND(0.5*2*AG$4,2),0) -> 3.32 | AH41: =IF($B41=AH$8,ROUND(0.5*2*AH$4,2),0) -> 8.89 | AI41: =IF($B41=AI$8,ROUND(0.5*2*AI$4,2),0) -> 5.37 | AJ41: =IF($B41=AJ$8,ROUND(0.5*2*AJ$4,2),0) -> 6.74 | AK41: =IF($B41=AK$8,ROUND(0.5*2*AK$4,2),0) -> 8.36 | AL41: =IF($B41=AL$8,ROUND(0.5*2*AL$4,2),0) -> 6.19 | AM41: =IF($B41=AM$8,ROUND(0.5*2*AM$4,2),0) -> 5.18
B42: RECONSTRUCCION - REHABILITACION VIA PAVIMENTO FLEXIBLE | C42: 4242 | D42: =+_xlfn.XLOOKUP(Cantidades[[#This Row],[cod Idu]],APU_IDU[Código],APU_IDU[Nombre],"",0) -> DEMARCACION LINEA CONTINUA A=0.15M (E=2.3MM,TERMOPLÁSTICA. INC. SUMINISTRO Y APLICACIÓN CON EQUIPO. INCL. MICROESFERAS) | E42: =+_xlfn.XLOOKUP(Cantidades[[#This Row],[cod Idu]],APU_IDU[Código],APU_IDU[UM],"",0) -> ML | F42: =+_xlfn.XLOOKUP(Cantidades[[#This Row],[cod Idu]],APU_IDU[Código],APU_IDU[Valor],"",0) -> 25776 | G42: =IF($B42=G$8,ROUND(2*G$5,2),0) -> 384.36 | H42: =IF($B42=H$8,ROUND(2*H$5,2),0) -> 231.9 | I42: =IF($B42=I$8,ROUND(2*I$5,2),0) -> 251.94 | J42: =IF($B42=J$8,ROUND(2*J$5,2),0) -> 177.44 | K42: =IF($B42=K$8,ROUND(2*K$5,2),0) -> 171.48 | L42: =IF($B42=L$8,ROUND(2*L$5,2),0) -> 179.24 | M42: =IF($B42=M$8,ROUND(2*M$5,2),0) -> 49.18 | N42: =IF($B42=N$8,ROUND(2*N$5,2),0) -> 48.3 | ... AM42: =IF($B42=AM$8,ROUND(2*AM$5,2),0) -> 202.88
B43: RECONSTRUCCION - REHABILITACION VIA PAVIMENTO FLEXIBLE | C43: 3723 | D43: =+_xlfn.XLOOKUP(Cantidades[[#This Row],[cod Idu]],APU_IDU[Código],APU_IDU[Nombre],"",0) -> LIMPIEZA DE POZOS (INCLUYE CARGUE, RETIRO Y DISPOSICIÓN FINAL DE SOBRANTES) | E43: =+_xlfn.XLOOKUP(Cantidades[[#This Row],[cod Idu]],APU_IDU[Código],APU_IDU[UM],"",0) -> UN | F43: =+_xlfn.XLOOKUP(Cantidades[[#This Row],[cod Idu]],APU_IDU[Código],APU_IDU[Valor],"",0) -> 121246 | H43: 2 | I43: 2 | L43: 2 | M43: 2 | N43: 2 | O43: 1 | P43: 2 | Q43: 2 | R43: 2 | S43: 2 | T43: 2 | U43: 3 | W43: 2 | X43: 2 | Y43: 3 | Z43: 2 | AB43: 2 | AC43: 2 | AE43: 2 | AF43: 2 | AG43: 2 | AH43: 2 | AI43: 2 | AJ43: 2 | AK43: 2 | AL43: 2 | AM43: 2
B44: RECONSTRUCCION - REHABILITACION VIA PAVIMENTO FLEXIBLE | C44: 3724 | D44: =+_xlfn.XLOOKUP(Cantidades[[#This Row],[cod Idu]],APU_IDU[Código],APU_IDU[Nombre],"",0) -> LIMPIEZA DE SUMIDEROS (INCLUYE CARGUE, RETIRO Y DISPOSICIÓN FINAL DE SOBRANTES) | E44: =+_xlfn.XLOOKUP(Cantidades[[#This Row],[cod Idu]],APU_IDU[Código],APU_IDU[UM],"",0) -> UN | F44: =+_xlfn.XLOOKUP(Cantidades[[#This Row],[cod Idu]],APU_IDU[Código],APU_IDU[Valor],"",0) -> 121246 | H44: 4 | I44: 2 | J44: 4 | K44: 4 | L44: 3 | N44: 4 | O44: 4 | Q44: 1 | R44: 3 | T44: 1 | V44: 1 | X44: 1 | Y44: 3 | AA44: 1 | AC44: 1 | AE44: 4 | AF44: 4 | AG44: 4 | AH44: 4 | AI44: 4 | AJ44: 4 | AK44: 4 | AL44: 4 | AM44: 4
B45: RECONSTRUCCION - REHABILITACION VIA PAVIMENTO RIGIDO | C45: 3007 | D45: =+_xlfn.XLOOKUP(Cantidades[[#This Row],[cod Idu]],APU_IDU[Código],APU_IDU[Nombre],"",0) -> REPLANTEO GENERAL | E45: =+_xlfn.XLOOKUP(Cantidades[[#This Row],[cod Idu]],APU_IDU[Código],APU_IDU[UM],"",0) -> M2 | F45: =+_xlfn.XLOOKUP(Cantidades[[#This Row],[cod Idu]],APU_IDU[Código],APU_IDU[Valor],"",0) -> 1081 | G45: =IF($B$45=G$8,G$6,0) -> 0 | H45: =IF($B$45=H$8,H$6,0) -> 0 | I45: =IF($B$45=I$8,I$6,0) -> 0 | J45: =IF($B$45=J$8,J$6,0) -> 0 | K45: =IF($B$45=K$8,K$6,0) -> 0 | L45: =IF($B$45=L$8,L$6,0) -> 0 | M45: =IF($B$45=M$8,M$6,0) -> 0 | N45: =IF($B$45=N$8,N$6,0) -> 0 | ... AL45: =IF($B$45=AL$8,AL$6,0) -> 0
B46: RECONSTRUCCION - REHABILITACION VIA PAVIMENTO RIGIDO | C46: 6016 | D46: =+_xlfn.XLOOKUP(Cantidades[[#This Row],[cod Idu]],APU_IDU[Código],APU_IDU[Nombre],"",0) -> ESTABILIZACIÓN DE SUBRASANTE CON RAJÓN, INCLUYE EQUIPO DE COMPACTACIÓN (SUMINISTRO, EXTENDIDO, NIVELACIÓN Y COMPACTACIÓN CON EQUIPO MECÁNICO. NO INCLUYE MATERIAL DE SELLO) | E46: =+_xlfn.XLOOKUP(Cantidades[[#This Row],[cod Idu]],APU_IDU[Código],APU_IDU[UM],"",0) -> M3 | F46: =+_xlfn.XLOOKUP(Cantidades[[#This Row],[cod Idu]],APU_IDU[Código],APU_IDU[Valor],"",0) -> 148762 | AB46: =IF($B$49=AB$8,ROUND(AB$6*SUM(AB$14),2),0) -> 52.35
B47: RECONSTRUCCION - REHABILITACION VIA PAVIMENTO RIGIDO | C47: 3811 | D47: =+_xlfn.XLOOKUP(Cantidades[[#This Row],[cod Idu]],APU_IDU[Código],APU_IDU[Nombre],"",0) -> CORTE DE PAVIMENTO - INCLUYE EQUIPO: CORTADORA DE CONCRETO INCLUYE OPERARIO Y COMBUSTIBLE. INCLUYE DISCO DIAMANTADO ASFALTO-CONCRETO 350 MM, AGUA Y MANO DE OBRA | E47: =+_xlfn.XLOOKUP(Cantidades[[#This Row],[cod Idu]],APU_IDU[Código],APU_IDU[UM],"",0) -> ML | F47: =+_xlfn.XLOOKUP(Cantidades[[#This Row],[cod Idu]],APU_IDU[Código],APU_IDU[Valor],"",0) -> 3156 | AB47: =ROUND(AB5/5*AB4,2) -> 104.76
B48: RECONSTRUCCION - REHABILITACION VIA PAVIMENTO RIGIDO | C48: 3486 | D48: =+_xlfn.XLOOKUP(Cantidades[[#This Row],[cod Idu]],APU_IDU[Código],APU_IDU[Nombre],"",0) -> DEMOLICIÓN CONCRETO ESTRUCTURAL (INCLUYE CARGUE MANUAL). NO INCLUYE TRANSPORTE Y DISPOSICIÓN FINAL DE SOBRANTES. | E48: =+_xlfn.XLOOKUP(Cantidades[[#This Row],[cod Idu]],APU_IDU[Código],APU_IDU[UM],"",0) -> M3 | F48: =+_xlfn.XLOOKUP(Cantidades[[#This Row],[cod Idu]],APU_IDU[Código],APU_IDU[Valor],"",0) -> 197648 | AB48: =ROUND(AB45*0.2,2) -> 104.69
B49: RECONSTRUCCION - REHABILITACION VIA PAVIMENTO RIGIDO | C49: 3710 | D49: =+_xlfn.XLOOKUP(Cantidades[[#This Row],[cod Idu]],APU_IDU[Código],APU_IDU[Nombre],"",0) -> EXCAVACIÓN MECÁNICA EN MATERIAL COMÚN (INCLUYE CARGUE) | E49: =+_xlfn.XLOOKUP(Cantidades[[#This Row],[cod Idu]],APU_IDU[Código],APU_IDU[UM],"",0) -> M3 | F49: =+_xlfn.XLOOKUP(Cantidades[[#This Row],[cod Idu]],APU_IDU[Código],APU_IDU[Valor],"",0) -> 5998 | AB49: =IF($B$49=AB$8,ROUND(AB$6*SUM(AB$12:AB$14),2),0) -> 340.25
B50: RECONSTRUCCION - REHABILITACION VIA PAVIMENTO RIGIDO | C50: 3017 | D50: =+_xlfn.XLOOKUP(Cantidades[[#This Row],[cod Idu]],APU_IDU[Código],APU_IDU[Nombre],"",0) -> TRANSPORTE Y DISPOSICIÓN FINAL DE ESCOMBROS EN SITIO AUTORIZADO (DISTANCIA DE TRANSPORTE 21 KM). A DISTANCIA MAYOR DEL ACARREO LIBRE (90 M) EN SITIO AUTORIZADO POR LA ENTIDAD AMBIENTAL COMPETENTE. | E50: =+_xlfn.XLOOKUP(Cantidades[[#This Row],[cod Idu]],APU_IDU[Código],APU_IDU[UM],"",0) -> M3 | F50: =+_xlfn.XLOOKUP(Cantidades[[#This Row],[cod Idu]],APU_IDU[Código],APU_IDU[Valor],"",0) -> 45734 | AB50: =IF($B$50=AB$8,ROUND((AB49*1.2)+AB48,2),0) -> 512.99
B51: RECONSTRUCCION - REHABILITACION VIA PAVIMENTO RIGIDO | C51: 4015 | D51: =+_xlfn.XLOOKUP(Cantidades[[#This Row],[cod Idu]],APU_IDU[Código],APU_IDU[Nombre],"",0) -> GEOTEXTIL NO TEJIDO CON RESISTENCIA A LA TENSION GRAB: ENTRE 850 N Y 980 N. PARA SEPARACION SUBRASANTE/CAPAS GRANULARES. (INCLUYE SUMINISTRO E INSTALACION). | E51: =+_xlfn.XLOOKUP(Cantidades[[#This Row],[cod Idu]],APU_IDU[Código],APU_IDU[UM],"",0) -> M2 | F51: =+_xlfn.XLOOKUP(Cantidades[[#This Row],[cod Idu]],APU_IDU[Código],APU_IDU[Valor],"",0) -> 22923 | AB51: =+AB45 -> 523.46
B52: RECONSTRUCCION - REHABILITACION VIA PAVIMENTO RIGIDO | C52: 4161 | D52: =+_xlfn.XLOOKUP(Cantidades[[#This Row],[cod Idu]],APU_IDU[Código],APU_IDU[Nombre],"",0) -> SUBBASE GRANULAR CLASE A (SBG_A) (SUMINISTRO, EXTENDIDO, NIVELACIÓN, HUMEDECIMIENTO Y COMPACTACIÓN CON VIBROCOMPACTADOR) | E52: =+_xlfn.XLOOKUP(Cantidades[[#This Row],[cod Idu]],APU_IDU[Código],APU_IDU[UM],"",0) -> M3 | F52: =+_xlfn.XLOOKUP(Cantidades[[#This Row],[cod Idu]],APU_IDU[Código],APU_IDU[Valor],"",0) -> 208914 | AB52: =+AB6+AB13 -> 523.76
B53: RECONSTRUCCION - REHABILITACION VIA PAVIMENTO RIGIDO | C53: 4158 | D53: =+_xlfn.XLOOKUP(Cantidades[[#This Row],[cod Idu]],APU_IDU[Código],APU_IDU[Nombre],"",0) -> BASE GRANULAR CLASE A (BG_A) (SUMINISTRO, EXTENDIDO, NIVELACIÓN, HUMEDECIMIENTO Y COMPACTACIÓN CON VIBROCOMPACTADOR) | E53: =+_xlfn.XLOOKUP(Cantidades[[#This Row],[cod Idu]],APU_IDU[Código],APU_IDU[UM],"",0) -> M3 | F53: =+_xlfn.XLOOKUP(Cantidades[[#This Row],[cod Idu]],APU_IDU[Código],APU_IDU[Valor],"",0) -> 244495 | AB53: =+AB6+AB12 -> 523.71
B54: RECONSTRUCCION - REHABILITACION VIA PAVIMENTO RIGIDO | C54: 4667 | D54: =+_xlfn.XLOOKUP(Cantidades[[#This Row],[cod Idu]],APU_IDU[Código],APU_IDU[Nombre],"",0) -> CONSTRUCCIÓN DE PAVIMENTO RÍGIDO: LOSAS EN CONCRETO HIDRÁULICO MR45 E=0.20M (NO INCLUYE SARDINEL) | E54: =+_xlfn.XLOOKUP(Cantidades[[#This Row],[cod Idu]],APU_IDU[Código],APU_IDU[UM],"",0) -> M2 | F54: =+_xlfn.XLOOKUP(Cantidades[[#This Row],[cod Idu]],APU_IDU[Código],APU_IDU[Valor],"",0) -> 434307 | AB54: =+AB45 -> 523.46
B55: RECONSTRUCCION - REHABILITACION VIA PAVIMENTO RIGIDO | C55: 3708 | D55: =+_xlfn.XLOOKUP(Cantidades[[#This Row],[cod Idu]],APU_IDU[Código],APU_IDU[Nombre],"",0) -> ACERO DE REFUERZO FY=60000 PSI. SUMINISTRO E INSTALACIÓN. DE ACUERDO A LO ESTIPULADO POR LA NSR-10, NORMA ASTM A-706, ICONTEC 2289 PARA EL ACERO PDR-60. INCLUYE TODOS LOS COSTOS DE SUMINISTRO DE MATERIALES (REFUERZO (G60) FIGURADO, CORRUGADO, INCLUYE EL ALAMBRE DE AMARRE), EQUIPOS, TRANSPORTES, MANEJO, ALMACENAMIENTO, DESPERDICIOS Y MANO DE OBRA. | E55: =+_xlfn.XLOOKUP(Cantidades[[#This Row],[cod Idu]],APU_IDU[Código],APU_IDU[UM],"",0) -> KG | F55: =+_xlfn.XLOOKUP(Cantidades[[#This Row],[cod Idu]],APU_IDU[Código],APU_IDU[Valor],"",0) -> 5794 | AB55: =+AB6*4 -> 2093.84
B56: RECONSTRUCCION - REHABILITACION VIA PAVIMENTO RIGIDO | C56: 5404 | D56: =+_xlfn.XLOOKUP(Cantidades[[#This Row],[cod Idu]],APU_IDU[Código],APU_IDU[Nombre],"",0) -> CANASTILLA PASAJUNTAS (INCLUYE SUMINISTRO Y FIJACIÓN) | E56: =+_xlfn.XLOOKUP(Cantidades[[#This Row],[cod Idu]],APU_IDU[Código],APU_IDU[UM],"",0) -> KG | F56: =+_xlfn.XLOOKUP(Cantidades[[#This Row],[cod Idu]],APU_IDU[Código],APU_IDU[Valor],"",0) -> 10706 | AB56: 30
B57: RECONSTRUCCION - REHABILITACION VIA PAVIMENTO RIGIDO | C57: 7714 | D57: =+_xlfn.XLOOKUP(Cantidades[[#This Row],[cod Idu]],APU_IDU[Código],APU_IDU[Nombre],"",0) -> (DOVELAS) ACERO LISO PARA TRANSFERENCIA DE LOSAS D= 1" (NO INCLUYE CANASTILLA). SUMINISTRO E INSTALACIÓN. | E57: =+_xlfn.XLOOKUP(Cantidades[[#This Row],[cod Idu]],APU_IDU[Código],APU_IDU[UM],"",0) -> KG | F57: =+_xlfn.XLOOKUP(Cantidades[[#This Row],[cod Idu]],APU_IDU[Código],APU_IDU[Valor],"",0) -> 8071 | AB57: 70
B58: RECONSTRUCCION - REHABILITACION VIA PAVIMENTO RIGIDO | C58: 3806 | D58: =+_xlfn.XLOOKUP(Cantidades[[#This Row],[cod Idu]],APU_IDU[Código],APU_IDU[Nombre],"",0) -> CURADO DE LOSAS DE CONCRETO (SUMINISTRO Y APLICACIÓN) | E58: =+_xlfn.XLOOKUP(Cantidades[[#This Row],[cod Idu]],APU_IDU[Código],APU_IDU[UM],"",0) -> M2 | F58: =+_xlfn.XLOOKUP(Cantidades[[#This Row],[cod Idu]],APU_IDU[Código],APU_IDU[Valor],"",0) -> 3405 | AB58: =+AB45 -> 523.46
B59: RECONSTRUCCION - REHABILITACION VIA PAVIMENTO RIGIDO | C59: 3837 | D59: =+_xlfn.XLOOKUP(Cantidades[[#This Row],[cod Idu]],APU_IDU[Código],APU_IDU[Nombre],"",0) -> SELLADO DE JUNTAS EN PAVIMENTO DE CONCRETO HIDRAULICO (INCLUYE LIMPIEZA, SUMINISTRO E INSTALACIÓN DE FONDO Y SELLANTE) | E59: =+_xlfn.XLOOKUP(Cantidades[[#This Row],[cod Idu]],APU_IDU[Código],APU_IDU[UM],"",0) -> ML | F59: =+_xlfn.XLOOKUP(Cantidades[[#This Row],[cod Idu]],APU_IDU[Código],APU_IDU[Valor],"",0) -> 15321 | AB59: =+AB47 -> 104.76
B60: RECONSTRUCCION - REHABILITACION VIA PAVIMENTO RIGIDO | C60: 4242 | D60: =+_xlfn.XLOOKUP(Cantidades[[#This Row],[cod Idu]],APU_IDU[Código],APU_IDU[Nombre],"",0) -> DEMARCACION LINEA CONTINUA A=0.15M (E=2.3MM,TERMOPLÁSTICA. INC. SUMINISTRO Y APLICACIÓN CON EQUIPO. INCL. MICROESFERAS) | E60: =+_xlfn.XLOOKUP(Cantidades[[#This Row],[cod Idu]],APU_IDU[Código],APU_IDU[UM],"",0) -> ML | F60: =+_xlfn.XLOOKUP(Cantidades[[#This Row],[cod Idu]],APU_IDU[Código],APU_IDU[Valor],"",0) -> 25776 | AB60: =2*AC5 -> 121.44
B61: RECONSTRUCCION - REHABILITACION VIA PAVIMENTO RIGIDO | C61: 4243 | D61: =+_xlfn.XLOOKUP(Cantidades[[#This Row],[cod Idu]],APU_IDU[Código],APU_IDU[Nombre],"",0) -> DEMARCACION LINEA DISCONTINUA A=0.15M (E=2.3MM,TERMOPLÁSTICA. INC. SUMINISTRO Y APLICACIÓN CON EQUIPO. INC MICROESFERAS) | E61: =+_xlfn.XLOOKUP(Cantidades[[#This Row],[cod Idu]],APU_IDU[Código],APU_IDU[UM],"",0) -> ML | F61: =+_xlfn.XLOOKUP(Cantidades[[#This Row],[cod Idu]],APU_IDU[Código],APU_IDU[Valor],"",0) -> 25776 | AB61: =+AC5 -> 60.72
B62: RECONSTRUCCION - REHABILITACION VIA PAVIMENTO RIGIDO | C62: 4248 | D62: =+_xlfn.XLOOKUP(Cantidades[[#This Row],[cod Idu]],APU_IDU[Código],APU_IDU[Nombre],"",0) -> DEMARCACION PASO PEATONAL-CEBRA (E=2.3MM,TERMOPLÁSTICA. INC. SUMINISTRO Y APLICACIÓN CON EQUIPO. INC MICROESFERAS) | E62: =+_xlfn.XLOOKUP(Cantidades[[#This Row],[cod Idu]],APU_IDU[Código],APU_IDU[UM],"",0) -> M2 | F62: =+_xlfn.XLOOKUP(Cantidades[[#This Row],[cod Idu]],APU_IDU[Código],APU_IDU[Valor],"",0) -> 171837 | AB62: =IF($B62=AB$8,ROUND(0.5*2*AB$4,2),0) -> 6.46
B63: RECONSTRUCCION - REHABILITACION VIA PAVIMENTO RIGIDO | C63: 4246 | D63: =+_xlfn.XLOOKUP(Cantidades[[#This Row],[cod Idu]],APU_IDU[Código],APU_IDU[Nombre],"",0) -> FLECHA DIRECCIONAL "DE FRENTE" (E=2.3MM,TERMOPLÁSTICA. INC. SUMINISTRO Y APLICACIÓN CON EQUIPO. INC MICROESFERAS). MARCA VIAL PARA VELOCIDADES MENORES O IGUALES A 60 KM/H AREA DE LA MARCA: 1.20 M2. | E63: =+_xlfn.XLOOKUP(Cantidades[[#This Row],[cod Idu]],APU_IDU[Código],APU_IDU[UM],"",0) -> UN | F63: =+_xlfn.XLOOKUP(Cantidades[[#This Row],[cod Idu]],APU_IDU[Código],APU_IDU[Valor],"",0) -> 206205 | AB63: 2
B64: ACUEDUCTO | C64: 3224 | D64: =+_xlfn.XLOOKUP(Cantidades[[#This Row],[cod Idu]],APU_IDU[Código],APU_IDU[Nombre],"",0) -> TUBERIA PVC D=2 1/2" TIPO U.M. RDE 21 (SUMINISTRO E INSTALACIÓN) | E64: =+_xlfn.XLOOKUP(Cantidades[[#This Row],[cod Idu]],APU_IDU[Código],APU_IDU[UM],"",0) -> ML | F64: =+_xlfn.XLOOKUP(Cantidades[[#This Row],[cod Idu]],APU_IDU[Código],APU_IDU[Valor],"",0) -> 36526 | P64: =+P5 -> 25.68 | Z64: 30
B65: ACUEDUCTO | C65: 3226 | D65: =+_xlfn.XLOOKUP(Cantidades[[#This Row],[cod Idu]],APU_IDU[Código],APU_IDU[Nombre],"",0) -> TUBERIA PVC D=4" TIPO U.M. RDE 21 (SUMINISTRO E INSTALACIÓN) | E65: =+_xlfn.XLOOKUP(Cantidades[[#This Row],[cod Idu]],APU_IDU[Código],APU_IDU[UM],"",0) -> ML | F65: =+_xlfn.XLOOKUP(Cantidades[[#This Row],[cod Idu]],APU_IDU[Código],APU_IDU[Valor],"",0) -> 76083 | S65: =+S5 -> 14.92
B66: ACUEDUCTO | C66: 3227 | D66: =+_xlfn.XLOOKUP(Cantidades[[#This Row],[cod Idu]],APU_IDU[Código],APU_IDU[Nombre],"",0) -> TUBERIA PVC D=6" TIPO U.M. RDE 21 (SUMINISTRO E INSTALACIÓN) | E66: =+_xlfn.XLOOKUP(Cantidades[[#This Row],[cod Idu]],APU_IDU[Código],APU_IDU[UM],"",0) -> ML | F66: =+_xlfn.XLOOKUP(Cantidades[[#This Row],[cod Idu]],APU_IDU[Código],APU_IDU[Valor],"",0) -> 151759 | X66: 3.8
B67: ACUEDUCTO | C67: 3391 | D67: =+_xlfn.XLOOKUP(Cantidades[[#This Row],[cod Idu]],APU_IDU[Código],APU_IDU[Nombre],"",0) -> CODO HD 22.5° EXTREMO LISO PARA PVC D=4" (SUMINISTRO E INSTALACIÓN) | E67: =+_xlfn.XLOOKUP(Cantidades[[#This Row],[cod Idu]],APU_IDU[Código],APU_IDU[UM],"",0) -> UN | F67: =+_xlfn.XLOOKUP(Cantidades[[#This Row],[cod Idu]],APU_IDU[Código],APU_IDU[Valor],"",0) -> 329719 | O67: 2
B68: ACUEDUCTO | C68: 3523 | D68: =+_xlfn.XLOOKUP(Cantidades[[#This Row],[cod Idu]],APU_IDU[Código],APU_IDU[Nombre],"",0) -> CODO G.RAD. PVC 45º TIPO U.M. D=4" (SUMINISTRO E INSTALACIÓN) | E68: =+_xlfn.XLOOKUP(Cantidades[[#This Row],[cod Idu]],APU_IDU[Código],APU_IDU[UM],"",0) -> UN | F68: =+_xlfn.XLOOKUP(Cantidades[[#This Row],[cod Idu]],APU_IDU[Código],APU_IDU[Valor],"",0) -> 176892 | J68: 1 | L68: 1 | R68: 1 | V68: 1
B69: ACUEDUCTO | C69: 3532 | D69: =+_xlfn.XLOOKUP(Cantidades[[#This Row],[cod Idu]],APU_IDU[Código],APU_IDU[Nombre],"",0) -> CODO G.RAD. PVC 22.5° TIPO U.M D=6" (SUMINISTRO E INSTALACIÓN) | E69: =+_xlfn.XLOOKUP(Cantidades[[#This Row],[cod Idu]],APU_IDU[Código],APU_IDU[UM],"",0) -> UN | F69: =+_xlfn.XLOOKUP(Cantidades[[#This Row],[cod Idu]],APU_IDU[Código],APU_IDU[Valor],"",0) -> 338771 | H69: 1 | AL69: 1 | AM69: 1
B70: ACUEDUCTO | C70: 3535 | D70: =+_xlfn.XLOOKUP(Cantidades[[#This Row],[cod Idu]],APU_IDU[Código],APU_IDU[Nombre],"",0) -> CODO G.RAD. PVC 22.5° TIPO U.M. D=12" (SUMINISTRO E INSTALACIÓN) | E70: =+_xlfn.XLOOKUP(Cantidades[[#This Row],[cod Idu]],APU_IDU[Código],APU_IDU[UM],"",0) -> UN | F70: =+_xlfn.XLOOKUP(Cantidades[[#This Row],[cod Idu]],APU_IDU[Código],APU_IDU[Valor],"",0) -> 2095131 | Q70: 1
B71: ACUEDUCTO | C71: 3539 | D71: =+_xlfn.XLOOKUP(Cantidades[[#This Row],[cod Idu]],APU_IDU[Código],APU_IDU[Nombre],"",0) -> CODO G.RAD. PVC 11.25° TIPO U.M. D=4" RDE 21 (SUMINISTRO E INSTALACIÓN) | E71: =+_xlfn.XLOOKUP(Cantidades[[#This Row],[cod Idu]],APU_IDU[Código],APU_IDU[UM],"",0) -> UN | F71: =+_xlfn.XLOOKUP(Cantidades[[#This Row],[cod Idu]],APU_IDU[Código],APU_IDU[Valor],"",0) -> 134877 | U71: 1
B72: ACUEDUCTO | C72: 3540 | D72: =+_xlfn.XLOOKUP(Cantidades[[#This Row],[cod Idu]],APU_IDU[Código],APU_IDU[Nombre],"",0) -> CODO G.RAD. PVC 11.25° TIPO U.M. D=6" (SUMINISTRO E INSTALACIÓN) | E72: =+_xlfn.XLOOKUP(Cantidades[[#This Row],[cod Idu]],APU_IDU[Código],APU_IDU[UM],"",0) -> UN | F72: =+_xlfn.XLOOKUP(Cantidades[[#This Row],[cod Idu]],APU_IDU[Código],APU_IDU[Valor],"",0) -> 304534 | J72: 1 | M72: 1 | R72: 1
B73: ACUEDUCTO | C73: 4402 | D73: =+_xlfn.XLOOKUP(Cantidades[[#This Row],[cod Idu]],APU_IDU[Código],APU_IDU[Nombre],"",0) -> VALVULA COMPUERTA ELASTICA VASTAGO NO ASCENDENTE EXTREMO LISO D=4" (SUMINISTRO E INSTALACIÓN) | E73: =+_xlfn.XLOOKUP(Cantidades[[#This Row],[cod Idu]],APU_IDU[Código],APU_IDU[UM],"",0) -> UN | F73: =+_xlfn.XLOOKUP(Cantidades[[#This Row],[cod Idu]],APU_IDU[Código],APU_IDU[Valor],"",0) -> 1190850 | AE73: 1
B74: ACUEDUCTO | C74: 4416 | D74: =+_xlfn.XLOOKUP(Cantidades[[#This Row],[cod Idu]],APU_IDU[Código],APU_IDU[Nombre],"",0) -> TAPON PVC TIPO U.M. D=4" (SUMINISTRO E INSTALACIÓN) | E74: =+_xlfn.XLOOKUP(Cantidades[[#This Row],[cod Idu]],APU_IDU[Código],APU_IDU[UM],"",0) -> UN | F74: =+_xlfn.XLOOKUP(Cantidades[[#This Row],[cod Idu]],APU_IDU[Código],APU_IDU[Valor],"",0) -> 109473 | L74: 4
B75: ACUEDUCTO | C75: 5186 | D75: =+_xlfn.XLOOKUP(Cantidades[[#This Row],[cod Idu]],APU_IDU[Código],APU_IDU[Nombre],"",0) -> ACOMETIDA DOMICILIARIA DE 1/2" CON COLLAR DE DERIVACION DE 4" X 1/2". SUMINISTRO E INSTALACION. (INCLUYE TUBERIA PF, REGISTROS Y ACCESORIOS, LONGITUD PROMEDIO DE 6.5M, INCLUYE CAJILLA EN POLIPROPILENO PARA MEDIDOR) | E75: =+_xlfn.XLOOKUP(Cantidades[[#This Row],[cod Idu]],APU_IDU[Código],APU_IDU[UM],"",0) -> UN | F75: =+_xlfn.XLOOKUP(Cantidades[[#This Row],[cod Idu]],APU_IDU[Código],APU_IDU[Valor],"",0) -> 470326 | AB75: 1 | AC75: 1 | AD75: 1 | AE75: 1 | AF75: 1 | AL75: 1 | AM75: 1
B76: ACUEDUCTO | C76: 5078 | D76: =+_xlfn.XLOOKUP(Cantidades[[#This Row],[cod Idu]],APU_IDU[Código],APU_IDU[Nombre],"",0) -> CODO 90° CXE PVC SANITARIA D=4" (INCLUYE SUMINISTRO E INSTALACIÓN). | E76: =+_xlfn.XLOOKUP(Cantidades[[#This Row],[cod Idu]],APU_IDU[Código],APU_IDU[UM],"",0) -> UN | F76: =+_xlfn.XLOOKUP(Cantidades[[#This Row],[cod Idu]],APU_IDU[Código],APU_IDU[Valor],"",0) -> 29796 | I76: 1 | K76: 1
B77: ACUEDUCTO | C77: 7419 | D77: =+_xlfn.XLOOKUP(Cantidades[[#This Row],[cod Idu]],APU_IDU[Código],APU_IDU[Nombre],"",0) -> TEE PVC U.M. 4" X 4" (SUMINISTRO E INSTALACIÓN) | E77: =+_xlfn.XLOOKUP(Cantidades[[#This Row],[cod Idu]],APU_IDU[Código],APU_IDU[UM],"",0) -> UN | F77: =+_xlfn.XLOOKUP(Cantidades[[#This Row],[cod Idu]],APU_IDU[Código],APU_IDU[Valor],"",0) -> 288662 | J77: 1 | P77: 1
B78: ACUEDUCTO | C78: 7421 | D78: =+_xlfn.XLOOKUP(Cantidades[[#This Row],[cod Idu]],APU_IDU[Código],APU_IDU[Nombre],"",0) -> TEE PVC U.M. 6" X 4" (SUMINISTRO E INSTALACIÓN) | E78: =+_xlfn.XLOOKUP(Cantidades[[#This Row],[cod Idu]],APU_IDU[Código],APU_IDU[UM],"",0) -> UN | F78: =+_xlfn.XLOOKUP(Cantidades[[#This Row],[cod Idu]],APU_IDU[Código],APU_IDU[Valor],"",0) -> 1926775 | T78: 1
B79: ACUEDUCTO | C79: 7727 | D79: =+_xlfn.XLOOKUP(Cantidades[[#This Row],[cod Idu]],APU_IDU[Código],APU_IDU[Nombre],"",0) -> TEE PVC U.M. 8" X 4" (SUMINISTRO E INSTALACIÓN) | E79: =+_xlfn.XLOOKUP(Cantidades[[#This Row],[cod Idu]],APU_IDU[Código],APU_IDU[UM],"",0) -> UN | F79: =+_xlfn.XLOOKUP(Cantidades[[#This Row],[cod Idu]],APU_IDU[Código],APU_IDU[Valor],"",0) -> 3234266 | L79: 1 | Q79: 1 | T79: 1
B80: ACUEDUCTO | C80: 4558 | D80: =+_xlfn.XLOOKUP(Cantidades[[#This Row],[cod Idu]],APU_IDU[Código],APU_IDU[Nombre],"",0) -> SUMIDERO ALCANTARILLADO PLUVIAL EN VIA NS-047-1V4 EAAB | E80: =+_xlfn.XLOOKUP(Cantidades[[#This Row],[cod Idu]],APU_IDU[Código],APU_IDU[UM],"",0) -> UN | F80: =+_xlfn.XLOOKUP(Cantidades[[#This Row],[cod Idu]],APU_IDU[Código],APU_IDU[Valor],"",0) -> 8015596 | AA80: 1
B81: ACUEDUCTO | C81: 5015 | D81: =+_xlfn.XLOOKUP(Cantidades[[#This Row],[cod Idu]],APU_IDU[Código],APU_IDU[Nombre],"",0) -> CAJA DE INSPECCION 0.80X0.8M. SUMINISTRO Y CONSTRUCCION. (H=0.6M. INCLUYE MARCO Y TAPA, NO INCLUYE BASE Y CAÑUELA). | E81: =+_xlfn.XLOOKUP(Cantidades[[#This Row],[cod Idu]],APU_IDU[Código],APU_IDU[UM],"",0) -> UN | F81: =+_xlfn.XLOOKUP(Cantidades[[#This Row],[cod Idu]],APU_IDU[Código],APU_IDU[Valor],"",0) -> 729363 | H81: 1 | X81: 1
B82: ACUEDUCTO | C82: 3779 | D82: =+_xlfn.XLOOKUP(Cantidades[[#This Row],[cod Idu]],APU_IDU[Código],APU_IDU[Nombre],"",0) -> CAJA DE INSPECCIÓN DE 0.6X0.6M (H=0.6M. INCLUYE SUMINISTRO Y CONSTRUCCIÓN. INCLUYE MARCO Y TAPA. NO INC. BASE Y CAÑUELA) | E82: =+_xlfn.XLOOKUP(Cantidades[[#This Row],[cod Idu]],APU_IDU[Código],APU_IDU[UM],"",0) -> UN | F82: =+_xlfn.XLOOKUP(Cantidades[[#This Row],[cod Idu]],APU_IDU[Código],APU_IDU[Valor],"",0) -> 622929 | X82: 1
B83: ACUEDUCTO | C83: 4611 | D83: =+_xlfn.XLOOKUP(Cantidades[[#This Row],[cod Idu]],APU_IDU[Código],APU_IDU[Nombre],"",0) -> CARCAMO PROTECCIÓN DE TUBERÍA Ø 8" (TIPO PLACA) NORMA EAAB NS-090 | E83: =+_xlfn.XLOOKUP(Cantidades[[#This Row],[cod Idu]],APU_IDU[Código],APU_IDU[UM],"",0) -> ML | F83: =+_xlfn.XLOOKUP(Cantidades[[#This Row],[cod Idu]],APU_IDU[Código],APU_IDU[Valor],"",0) -> 254780 | J83: 15 | V83: 8
B84: ACUEDUCTO | C84: 4612 | D84: =+_xlfn.XLOOKUP(Cantidades[[#This Row],[cod Idu]],APU_IDU[Código],APU_IDU[Nombre],"",0) -> CARCAMO PROTECCIÓN DE TUBERÍA Ø 10" (TIPO PLACA) NORMA EAAB NS-090 | E84: =+_xlfn.XLOOKUP(Cantidades[[#This Row],[cod Idu]],APU_IDU[Código],APU_IDU[UM],"",0) -> ML | F84: =+_xlfn.XLOOKUP(Cantidades[[#This Row],[cod Idu]],APU_IDU[Código],APU_IDU[Valor],"",0) -> 254780 | U84: 10
B85: ACUEDUCTO | C85: 4614 | D85: =+_xlfn.XLOOKUP(Cantidades[[#This Row],[cod Idu]],APU_IDU[Código],APU_IDU[Nombre],"",0) -> CARCAMO PROTECCIÓN DE TUBERÍA Ø 12" (TIPO PLACA) NORMA EAAB NS-090 | E85: =+_xlfn.XLOOKUP(Cantidades[[#This Row],[cod Idu]],APU_IDU[Código],APU_IDU[UM],"",0) -> ML | F85: =+_xlfn.XLOOKUP(Cantidades[[#This Row],[cod Idu]],APU_IDU[Código],APU_IDU[Valor],"",0) -> 257166 | S85: 8 | T85: 3
B86: ACUEDUCTO | C86: 3009 | D86: =+_xlfn.XLOOKUP(Cantidades[[#This Row],[cod Idu]],APU_IDU[Código],APU_IDU[Nombre],"",0) -> EXCAVACION MANUAL PARA REDES PROFUNDIDAD 0M - 2M (INCLUYE CARGUE) | E86: =+_xlfn.XLOOKUP(Cantidades[[#This Row],[cod Idu]],APU_IDU[Código],APU_IDU[UM],"",0) -> M3 | F86: =+_xlfn.XLOOKUP(Cantidades[[#This Row],[cod Idu]],APU_IDU[Código],APU_IDU[Valor],"",0) -> 58471 | H86: =ROUND(SUM(H$96:H$99)*3*0.8,2) -> 147.49 | I86: =ROUND(SUM(I$96:I$99)*3*0.8,2) -> 160.23 | J86: =ROUND(SUM(J$96:J$99)*3*0.8,2) -> 112.85 | K86: =ROUND(SUM(K$96:K$99)*3*0.8,2) -> 109.06 | L86: =ROUND(SUM(L$96:L$99)*3*0.8,2) -> 114 | M86: =ROUND(SUM(M$96:M$99)*3*0.8,2) -> 0 | N86: =ROUND(SUM(N$96:N$99)*3*0.8,2) -> 30.72 | P86: =ROUND(SUM(P$96:P$99)*3*0.8,2) -> 32.66 | Q86: =ROUND(SUM(Q$96:Q$99)*3*0.8,2) -> 84.74 | R86: =ROUND(SUM(R$96:R$99)*3*0.8,2) -> 89.96 | S86: =ROUND(SUM(S$96:S$99)*3*0.8,2) -> 18.98 | T86: =ROUND(SUM(T$96:T$99)*3*0.8,2) -> 39.64 | U86: =ROUND(SUM(U$96:U$99)*3*0.8,2) -> 117.69 | V86: =ROUND(SUM(V$96:V$99)*3*0.8,2) -> 48.65 | W86: =ROUND(SUM(W$96:W$99)*3*0.8,2) -> 90.72 | X86: =ROUND(SUM(X$96:X$99)*3*0.8,2) -> 0 | Z86: =ROUND(SUM(Z$96:Z$99)*3*0.8,2) -> 46.1 | AB86: =ROUND(SUM(AB$96:AB$99)*3*0.8,2) -> 103.13 | AC86: =ROUND(SUM(AC$96:AC$99)*3*0.8,2) -> 77.24 | AD86: =ROUND(SUM(AD$96:AD$99)*3*0.8,2) -> 48.48 | AE86: =ROUND(SUM(AE$96:AE$99)*3*0.8,2) -> 33.4 | AF86: =ROUND(SUM(AF$96:AF$99)*3*0.8,2) -> 129.63 | AL86: =ROUND(SUM(AL$96:AL$99)*3*0.8,2) -> 193.13 | AM86: =ROUND(SUM(AM$96:AM$99)*3*0.8,2) -> 129.03
B87: ACUEDUCTO | C87: 3017 | D87: =+_xlfn.XLOOKUP(Cantidades[[#This Row],[cod Idu]],APU_IDU[Código],APU_IDU[Nombre],"",0) -> TRANSPORTE Y DISPOSICIÓN FINAL DE ESCOMBROS EN SITIO AUTORIZADO (DISTANCIA DE TRANSPORTE 21 KM). A DISTANCIA MAYOR DEL ACARREO LIBRE (90 M) EN SITIO AUTORIZADO POR LA ENTIDAD AMBIENTAL COMPETENTE. | E87: =+_xlfn.XLOOKUP(Cantidades[[#This Row],[cod Idu]],APU_IDU[Código],APU_IDU[UM],"",0) -> M3 | F87: =+_xlfn.XLOOKUP(Cantidades[[#This Row],[cod Idu]],APU_IDU[Código],APU_IDU[Valor],"",0) -> 45734 | H87: =ROUND(H$86*1.3,2) -> 191.74 | I87: =ROUND(I$86*1.3,2) -> 208.3 | J87: =ROUND(J$86*1.3,2) -> 146.71 | K87: =ROUND(K$86*1.3,2) -> 141.78 | L87: =ROUND(L$86*1.3,2) -> 148.2 | M87: =ROUND(M$86*1.3,2) -> 0 | N87: =ROUND(N$86*1.3,2) -> 39.94 | P87: =ROUND(P$86*1.3,2) -> 42.46 | Q87: =ROUND(Q$86*1.3,2) -> 110.16 | R87: =ROUND(R$86*1.3,2) -> 116.95 | S87: =ROUND(S$86*1.3,2) -> 24.67 | T87: =ROUND(T$86*1.3,2) -> 51.53 | U87: =ROUND(U$86*1.3,2) -> 153 | V87: =ROUND(V$86*1.3,2) -> 63.25 | W87: =ROUND(W$86*1.3,2) -> 117.94 | X87: =ROUND(X$86*1.3,2) -> 0 | Z87: =ROUND(Z$86*1.3,2) -> 59.93 | AB87: =ROUND(AB$86*1.3,2) -> 134.07 | AC87: =ROUND(AC$86*1.3,2) -> 100.41 | AD87: =ROUND(AD$86*1.3,2) -> 63.02 | AE87: =ROUND(AE$86*1.3,2) -> 43.42 | AF87: =ROUND(AF$86*1.3,2) -> 168.52 | AL87: =ROUND(AL$86*1.3,2) -> 251.07 | AM87: =ROUND(AM$86*1.3,2) -> 167.74
B88: ACUEDUCTO | C88: 3050 | D88: =+_xlfn.XLOOKUP(Cantidades[[#This Row],[cod Idu]],APU_IDU[Código],APU_IDU[Nombre],"",0) -> RELLENO EN MATERIAL SELECCIONADO PROVENIENTE DE LA EXCAVACIÓN (EXTENDIDO MANUAL, HUMEDECIMIENTO Y COMPACTACIÓN) | E88: =+_xlfn.XLOOKUP(Cantidades[[#This Row],[cod Idu]],APU_IDU[Código],APU_IDU[UM],"",0) -> M3 | F88: =+_xlfn.XLOOKUP(Cantidades[[#This Row],[cod Idu]],APU_IDU[Código],APU_IDU[Valor],"",0) -> 48122 | H88: =ROUND(H$86*0.1,2) -> 14.75 | I88: =ROUND(I$86*0.1,2) -> 16.02 | K88: =ROUND(K$86*0.1,2) -> 10.91 | L88: =ROUND(L$86*0.1,2) -> 11.4 | N88: =ROUND(N$86*0.1,2) -> 3.07 | P88: =ROUND(P$86*0.1,2) -> 3.27 | Q88: =ROUND(Q$86*0.1,2) -> 8.47 | R88: =ROUND(R$86*0.1,2) -> 9 | S88: =ROUND(S$86*0.1,2) -> 1.9 | T88: =ROUND(T$86*0.1,2) -> 3.96 | U88: =ROUND(U$86*0.1,2) -> 11.77 | V88: =ROUND(V$86*0.1,2) -> 4.87 | W88: =ROUND(W$86*0.1,2) -> 9.07 | Z88: =ROUND(Z$86*0.1,2) -> 4.61 | AB88: =ROUND(AB$86*0.1,2) -> 10.31 | AC88: =ROUND(AC$86*0.1,2) -> 7.72 | AD88: =ROUND(AD$86*0.1,2) -> 4.85 | AE88: =ROUND(AE$86*0.1,2) -> 3.34 | AF88: =ROUND(AF$86*0.1,2) -> 12.96 | AL88: =ROUND(AL$86*0.1,2) -> 19.31 | AM88: =ROUND(AM$86*0.1,2) -> 12.9
B89: ACUEDUCTO | C89: 5412 | D89: =+_xlfn.XLOOKUP(Cantidades[[#This Row],[cod Idu]],APU_IDU[Código],APU_IDU[Nombre],"",0) -> RELLENO EN TRITURADO DE 3/4`` (INCLUYE TRANSPORTE, SUMINISTRO, EXTENDIDO MANUAL Y COLOCACIÓN) | E89: =+_xlfn.XLOOKUP(Cantidades[[#This Row],[cod Idu]],APU_IDU[Código],APU_IDU[UM],"",0) -> M3 | F89: =+_xlfn.XLOOKUP(Cantidades[[#This Row],[cod Idu]],APU_IDU[Código],APU_IDU[Valor],"",0) -> 178829 | J89: =ROUND(J$86*0.1,2) -> 11.29
B90: ACUEDUCTO | C90: 4792 | D90: =+_xlfn.XLOOKUP(Cantidades[[#This Row],[cod Idu]],APU_IDU[Código],APU_IDU[Nombre],"",0) -> RELLENO EN RECEBO COMUN (SUMINISTRO E INSTALACIÓN EXTENDIDO MANUAL, HUMEDECIMIENTO Y COMPACTACIÓN TRANSPORTE A 28 KM). | E90: =+_xlfn.XLOOKUP(Cantidades[[#This Row],[cod Idu]],APU_IDU[Código],APU_IDU[UM],"",0) -> M3 | F90: =+_xlfn.XLOOKUP(Cantidades[[#This Row],[cod Idu]],APU_IDU[Código],APU_IDU[Valor],"",0) -> 112980 | H90: =ROUND(H88*0.1,2) -> 1.48 | I90: =ROUND(I88*0.1,2) -> 1.6 | J90: =+J88*0.1 -> 0 | L90: =ROUND(L88*0.1,2) -> 1.14 | N90: =ROUND(N88*0.1,2) -> 0.31 | P90: =ROUND(P88*0.1,2) -> 0.33 | Q90: =ROUND(Q88*0.1,2) -> 0.85 | R90: =ROUND(R88*0.1,2) -> 0.9 | S90: =ROUND(S88*0.1,2) -> 0.19 | T90: =ROUND(T88*0.1,2) -> 0.4 | U90: =ROUND(U88*0.1,2) -> 1.18 | V90: =ROUND(V88*0.1,2) -> 0.49 | W90: =ROUND(W88*0.1,2) -> 0.91 | Z90: =ROUND(Z88*0.1,2) -> 0.46 | AB90: =ROUND(AB88*0.1,2) -> 1.03 | AC90: =ROUND(AC88*0.1,2) -> 0.77 | AD90: =ROUND(AD88*0.1,2) -> 0.49 | AE90: =ROUND(AE88*0.1,2) -> 0.33 | AF90: =ROUND(AF88*0.1,2) -> 1.3 | AL90: =ROUND(AL88*0.1,2) -> 1.93 | AM90: =ROUND(AM88*0.1,2) -> 1.29
B91: ACUEDUCTO | C91: 4837 | D91: =+_xlfn.XLOOKUP(Cantidades[[#This Row],[cod Idu]],APU_IDU[Código],APU_IDU[Nombre],"",0) -> RELLENO CON MEZCLA DE GRAVILLA DE 3/4" Y ARENA DE RIO (RELACIÓN 1:1) SUMINISTRO Y COLOCACIÓN. (INCLUYE TRANSPORTE, SUMINISTRO, EXTENDIDO MANUAL Y COLOCACIÓN). | E91: =+_xlfn.XLOOKUP(Cantidades[[#This Row],[cod Idu]],APU_IDU[Código],APU_IDU[UM],"",0) -> M3 | F91: =+_xlfn.XLOOKUP(Cantidades[[#This Row],[cod Idu]],APU_IDU[Código],APU_IDU[Valor],"",0) -> 223097 | H91: =ROUND(H86*0.3,2) -> 44.25 | I91: =ROUND(I86*0.3,2) -> 48.07 | J91: =ROUND(J86*0.3,2) -> 33.86 | K91: =ROUND(K86*0.3,2) -> 32.72 | L91: =ROUND(L86*0.3,2) -> 34.2 | N91: =ROUND(N86*0.3,2) -> 9.22 | P91: =ROUND(P86*0.3,2) -> 9.8 | Q91: =ROUND(Q86*0.3,2) -> 25.42 | R91: =ROUND(R86*0.3,2) -> 26.99 | S91: =ROUND(S86*0.3,2) -> 5.69 | T91: =ROUND(T86*0.3,2) -> 11.89 | U91: =ROUND(U86*0.3,2) -> 35.31 | V91: =ROUND(V86*0.3,2) -> 14.6 | W91: =ROUND(W86*0.3,2) -> 27.22 | Z91: =ROUND(Z86*0.3,2) -> 13.83 | AB91: =ROUND(AB86*0.3,2) -> 30.94 | AC91: =ROUND(AC86*0.3,2) -> 23.17 | AD91: =ROUND(AD86*0.3,2) -> 14.54 | AE91: =ROUND(AE86*0.3,2) -> 10.02 | AF91: =ROUND(AF86*0.3,2) -> 38.89 | AL91: =ROUND(AL86*0.3,2) -> 57.94 | AM91: =ROUND(AM86*0.3,2) -> 38.71
B92: ACUEDUCTO | C92: 3024 | D92: =+_xlfn.XLOOKUP(Cantidades[[#This Row],[cod Idu]],APU_IDU[Código],APU_IDU[Nombre],"",0) -> RELLENO PARA REDES EN ARENA DE PEÑA (SUMINISTRO, EXTENDIDO, HUMEDECIMIENTO Y COMPACTACIÓN) | E92: =+_xlfn.XLOOKUP(Cantidades[[#This Row],[cod Idu]],APU_IDU[Código],APU_IDU[UM],"",0) -> M3 | F92: =+_xlfn.XLOOKUP(Cantidades[[#This Row],[cod Idu]],APU_IDU[Código],APU_IDU[Valor],"",0) -> 182185 | H92: =ROUND(H90*0.1,2) -> 0.15 | I92: =ROUND(I90*0.1,2) -> 0.16 | J92: =ROUND(J89*0.1,2) -> 1.13 | L92: =ROUND(L90*0.1,2) -> 0.11 | N92: =ROUND(N90*0.1,2) -> 0.03 | P92: =ROUND(P90*0.1,2) -> 0.03 | Q92: =+Q90*0.1 -> 0.085 | R92: =+R90*0.1 -> 0.09 | S92: =+S90*0.1 -> 0.019 | T92: =+T90*0.1 -> 0.04 | U92: =+U90*0.1 -> 0.118 | V92: =+V90*0.1 -> 0.049 | W92: =+W90*0.1 -> 0.091 | Z92: =+Z90*0.1 -> 0.046 | AB92: =+AB90*0.1 -> 0.103 | AC92: =+AC90*0.1 -> 0.077 | AD92: =+AD90*0.1 -> 0.049 | AE92: =+AE90*0.1 -> 0.033 | AF92: =+AF90*0.1 -> 0.13 | AL92: =+AL90*0.1 -> 0.193 | AM92: =+AM90*0.1 -> 0.129
B93: ACUEDUCTO | C93: 3878 | D93: =+_xlfn.XLOOKUP(Cantidades[[#This Row],[cod Idu]],APU_IDU[Código],APU_IDU[Nombre],"",0) -> PLACA CUBIERTA D=1.70M POZO INSPEC. (PREFABRICADA. INCLUYE SUMINISTRO E INSTALACIÓN. INCLUYE TAPA) | E93: =+_xlfn.XLOOKUP(Cantidades[[#This Row],[cod Idu]],APU_IDU[Código],APU_IDU[UM],"",0) -> UN | F93: =+_xlfn.XLOOKUP(Cantidades[[#This Row],[cod Idu]],APU_IDU[Código],APU_IDU[Valor],"",0) -> 2025781 | H93: 2 | I93: 3 | J93: 4 | M93: 3 | N93: 4 | P93: 4 | R93: 2 | S93: 4 | U93: 2 | V93: 3 | W93: 2 | X93: 3 | Z93: 2 | AE93: 4 | AF93: 3 | AL93: 3 | AM93: 3
B94: ACUEDUCTO | C94: 3471 | D94: =+_xlfn.XLOOKUP(Cantidades[[#This Row],[cod Idu]],APU_IDU[Código],APU_IDU[Nombre],"",0) -> CILINDRO POZO INSP. EN MAMPOSTERIA E=0.25M (INC. SUMIN. Y CONST, ACERO PARA ESCALERAS, GEOTEXTIL NO TEJIDO CON RESISTENCIA A LA TENSION GRAB: ENTRE 450 N Y 500 N Y PAÑETE IMPERMEAB.) | E94: =+_xlfn.XLOOKUP(Cantidades[[#This Row],[cod Idu]],APU_IDU[Código],APU_IDU[UM],"",0) -> ML | F94: =+_xlfn.XLOOKUP(Cantidades[[#This Row],[cod Idu]],APU_IDU[Código],APU_IDU[Valor],"",0) -> 907310 | H94: =+H93 -> 2 | I94: =+I93 -> 3 | J94: =+J93 -> 4 | K94: =+K93 -> 0 | L94: =+L93 -> 0 | M94: =+M93 -> 3 | N94: =+N93 -> 4 | P94: =+P93 -> 4 | Q94: =+Q93 -> 0 | R94: =+R93 -> 2 | S94: =+S93 -> 4 | T94: =+T93 -> 0 | U94: =+U93 -> 2 | V94: =+V93 -> 3 | W94: =+W93 -> 2 | X94: =+X93 -> 3 | Z94: =+Z93 -> 2 | AB94: =+AB93 -> 0 | AC94: =+AC93 -> 0 | AD94: =+AD93 -> 0 | AE94: =+AE93 -> 4 | AF94: =+AF93 -> 3 | AL94: =+AL93 -> 3 | AM94: =+AM93 -> 3
B95: ACUEDUCTO | C95: 3722 | D95: =+_xlfn.XLOOKUP(Cantidades[[#This Row],[cod Idu]],APU_IDU[Código],APU_IDU[Nombre],"",0) -> NIVELACIÓN DE POZO (HASTA RASANTE EN CONCRETO 3000 PSI HECHO EN OBRA, H=0.15M. INCLUYE SUMINISTRO Y CONSTRUCCIÓN) | E95: =+_xlfn.XLOOKUP(Cantidades[[#This Row],[cod Idu]],APU_IDU[Código],APU_IDU[UM],"",0) -> UN | F95: =+_xlfn.XLOOKUP(Cantidades[[#This Row],[cod Idu]],APU_IDU[Código],APU_IDU[Valor],"",0) -> 146651 | H95: =+H93 -> 2 | I95: =+I93 -> 3 | J95: =+J93 -> 4 | K95: =+K93 -> 0 | L95: =+L93 -> 0 | M95: =+M93 -> 3 | N95: =+N93 -> 4 | P95: =+P93 -> 4 | Q95: =+Q93 -> 0 | R95: =+R93 -> 2 | S95: =+S93 -> 4 | T95: =+T93 -> 0 | U95: =+U93 -> 2 | V95: =+V93 -> 3 | W95: =+W93 -> 2 | X95: =+X93 -> 3 | Z95: =+Z93 -> 2 | AB95: =+AB93 -> 0 | AC95: =+AC93 -> 0 | AD95: =+AD93 -> 0 | AE95: =+AE93 -> 4 | AF95: =+AF93 -> 3 | AL95: =+AL93 -> 3 | AM95: =+AM93 -> 3
B96: ACUEDUCTO | C96: 4265 | D96: =+_xlfn.XLOOKUP(Cantidades[[#This Row],[cod Idu]],APU_IDU[Código],APU_IDU[Nombre],"",0) -> TUBERIA CONCRETO D=10" CL. II SIN REFUERZO (INCLUYE SUMINISTRO E INSTALACIÓN) | E96: =+_xlfn.XLOOKUP(Cantidades[[#This Row],[cod Idu]],APU_IDU[Código],APU_IDU[UM],"",0) -> ML | F96: =+_xlfn.XLOOKUP(Cantidades[[#This Row],[cod Idu]],APU_IDU[Código],APU_IDU[Valor],"",0) -> 154949 | I96: =+I$5*0.53 -> 66.7641 | J96: =+J$5*0.53 -> 47.0216 | L96: =+L$5*0.53 -> 47.4986 | Q96: =+Q$5*0.53 -> 35.3086 | S96: =+S$5*0.53 -> 7.9076 | T96: =+T$5*0.53 -> 16.5148 | U96: =+U$5*0.53 -> 49.0356 | AF96: =+AF$5*0.53 -> 54.0123 | AL96: =+AL$5*0.53 -> 80.4699 | AM96: =+AM$5*0.53 -> 53.7632
B97: ACUEDUCTO | C97: 3934 | D97: =+_xlfn.XLOOKUP(Cantidades[[#This Row],[cod Idu]],APU_IDU[Código],APU_IDU[Nombre],"",0) -> TUBERIA CONCRETO D=12" CL. II SIN REFUERZO (INCLUYE SUMINISTRO E INSTALACIÓN) | E97: =+_xlfn.XLOOKUP(Cantidades[[#This Row],[cod Idu]],APU_IDU[Código],APU_IDU[UM],"",0) -> ML | F97: =+_xlfn.XLOOKUP(Cantidades[[#This Row],[cod Idu]],APU_IDU[Código],APU_IDU[Valor],"",0) -> 209263 | H97: =+H$5*0.53 -> 61.4535 | N97: =+N$5*0.53 -> 12.7995 | P97: =+P$5*0.53 -> 13.6104 | R97: =+R$5*0.53 -> 37.4816 | V97: =+V$5*0.53 -> 20.2725 | W97: =+W$5*0.53 -> 37.7996 | AB97: =+AB$5*0.53 -> 42.9724 | AC97: =+AC$5*0.53 -> 32.1816 | AD97: =+AD$5*0.53 -> 20.1983 | AE97: =+AE$5*0.53 -> 13.9178
B98: ACUEDUCTO | C98: 3935 | D98: =+_xlfn.XLOOKUP(Cantidades[[#This Row],[cod Idu]],APU_IDU[Código],APU_IDU[Nombre],"",0) -> TUBERIA CONCRETO D=14" CL. II SIN REFUERZO (INCLUYE SUMINISTRO E INSTALACIÓN) | E98: =+_xlfn.XLOOKUP(Cantidades[[#This Row],[cod Idu]],APU_IDU[Código],APU_IDU[UM],"",0) -> ML | F98: =+_xlfn.XLOOKUP(Cantidades[[#This Row],[cod Idu]],APU_IDU[Código],APU_IDU[Valor],"",0) -> 264640 | Z98: =+Z$5*0.53 -> 19.2072
B99: ACUEDUCTO | C99: 3936 | D99: =+_xlfn.XLOOKUP(Cantidades[[#This Row],[cod Idu]],APU_IDU[Código],APU_IDU[Nombre],"",0) -> TUBERIA CONCRETO D=16" CL. II SIN REFUERZO (INCLUYE SUMINISTRO E INSTALACIÓN) | E99: =+_xlfn.XLOOKUP(Cantidades[[#This Row],[cod Idu]],APU_IDU[Código],APU_IDU[UM],"",0) -> ML | F99: =+_xlfn.XLOOKUP(Cantidades[[#This Row],[cod Idu]],APU_IDU[Código],APU_IDU[Valor],"",0) -> 338622 | K99: =+K$5*0.53 -> 45.4422
B100: ACUEDUCTO | C100: 3041 | D100: =+_xlfn.XLOOKUP(Cantidades[[#This Row],[cod Idu]],APU_IDU[Código],APU_IDU[Nombre],"",0) -> TUBERIA PVC U.M. EXT CORRUGADO/INT LISO U.M. NORMA NTC 3722-1 D=4" (INCLUYE SUMINISTRO E INSTALACIÓN) | E100: =+_xlfn.XLOOKUP(Cantidades[[#This Row],[cod Idu]],APU_IDU[Código],APU_IDU[UM],"",0) -> ML | F100: =+_xlfn.XLOOKUP(Cantidades[[#This Row],[cod Idu]],APU_IDU[Código],APU_IDU[Valor],"",0) -> 39297 | H100: =+H$5*0.53 -> 61.4535 | I100: =+I$5*0.53 -> 66.7641 | J100: =+J$5*0.53 -> 47.0216 | L100: =+L$5*0.53 -> 47.4986 | P100: =+P$5*0.53 -> 13.6104 | Q100: =+Q$5*0.53 -> 35.3086 | R100: =+R$5*0.53 -> 37.4816 | T100: =+T$5*0.53 -> 16.5148 | V100: =+V$5*0.53 -> 20.2725 | W100: =+W$5*0.53 -> 37.7996 | AB100: =+AB$5*0.53 -> 42.9724 | AD100: =+AD$5*0.53 -> 20.1983 | AF100: =+AF$5*0.53 -> 54.0123 | AL100: =+AL$5*0.53 -> 80.4699 | AM100: =+AM$5*0.53 -> 53.7632
B101: ACUEDUCTO | C101: 3042 | D101: =+_xlfn.XLOOKUP(Cantidades[[#This Row],[cod Idu]],APU_IDU[Código],APU_IDU[Nombre],"",0) -> TUBERIA PVC U.M. EXT CORRUGADO/INT LISO U.M. NORMA NTC 3722-1 D=6" (INCLUYE SUMINISTRO E INSTALACIÓN) | E101: =+_xlfn.XLOOKUP(Cantidades[[#This Row],[cod Idu]],APU_IDU[Código],APU_IDU[UM],"",0) -> ML | F101: =+_xlfn.XLOOKUP(Cantidades[[#This Row],[cod Idu]],APU_IDU[Código],APU_IDU[Valor],"",0) -> 66044 | AC101: =+AC$5*0.53 -> 32.1816 | AE101: =+AE$5*0.53 -> 13.9178
...

Sheet CantidadesConsolidadas
A1: cod Idu | B1: Descripcion | C1: UM | D1: VU | E1: 91013913 | F1: 472330 | G1: 167810 | H1: 166646 | I1: 167491 | J1: 167266 | K1: 170896 | L1: 170897 | M1: 170898 | N1: 91064150 | O1: 168919 | P1: 168426 | Q1: 91020796 | R1: 176184 | S1: 167636 | T1: 176730 | U1: 173038 | V1: 170222 | W1: 170229 | X1: 170227 | Y1: 170226 | Z1: 171567 | AA1: 166632 | AB1: 170228 | AC1: 172926 | AD1: 171152 | AE1: 173058 | AF1: 174478 | AG1: 91010089 | AH1: 176122 | AI1: 168536 | AJ1: 166934 | AK1: 174353 | AL1: 52531 | AM1: 52456 | AN1: 92058103 | AO1: 20011114 | AP1: 20013540 | AQ1: 55337 | AR1: 92087422 | AS1: 55259 | AT1: 466904 | AU1: 48591 | AV1: 48590 | AW1: 48561 | AX1: 48560 | AY1: 48657 | AZ1: 48655 | BA1: Total | BB1: Valor total
A2: 3007 | B2: =+_xlfn.XLOOKUP(CantidadesConsolidadas[[#This Row],[cod Idu]],APU_IDU[Código],APU_IDU[Nombre],"",0) -> REPLANTEO GENERAL | C2: =+_xlfn.XLOOKUP(CantidadesConsolidadas[[#This Row],[cod Idu]],APU_IDU[Código],APU_IDU[UM],"",0) -> M2 | D2: =+_xlfn.XLOOKUP(CantidadesConsolidadas[[#This Row],[cod Idu]],APU_IDU[Código],APU_IDU[Valor],"",0) -> 1081 | E2: =ROUND(SUMIFS(Cantidades[91013913],Cantidades[cod Idu],'CantidadesConsolidadas'!$A2),2) -> 1489.08 | F2: =ROUND(SUMIFS(Cantidades[472330],Cantidades[cod Idu],'CantidadesConsolidadas'!$A2),2) -> 726 | G2: =ROUND(SUMIFS(Cantidades[167810],Cantidades[cod Idu],'CantidadesConsolidadas'!$A2),2) -> 781.12 | H2: =ROUND(SUMIFS(Cantidades[166646],Cantidades[cod Idu],'CantidadesConsolidadas'!$A2),2) -> 474.81 | I2: =ROUND(SUMIFS(Cantidades[167491],Cantidades[cod Idu],'CantidadesConsolidadas'!$A2),2) -> 442.11 | J2: =ROUND(SUMIFS(Cantidades[167266],Cantidades[cod Idu],'CantidadesConsolidadas'!$A2),2) -> 567.01 | K2: =ROUND(SUMIFS(Cantidades[170896],Cantidades[cod Idu],'CantidadesConsolidadas'!$A2),2) -> 112.52 | L2: =ROUND(SUMIFS(Cantidades[170897],Cantidades[cod Idu],'CantidadesConsolidadas'!$A2),2) -> 125.44 | M2: =ROUND(SUMIFS(Cantidades[170898],Cantidades[cod Idu],'CantidadesConsolidadas'!$A2),2) -> 49.89 | N2: =ROUND(SUMIFS(Cantidades[91064150],Cantidades[cod Idu],'CantidadesConsolidadas'!$A2),2) -> 148.31 | O2: =ROUND(SUMIFS(Cantidades[168919],Cantidades[cod Idu],'CantidadesConsolidadas'!$A2),2) -> 484.43 | P2: =ROUND(SUMIFS(Cantidades[168426],Cantidades[cod Idu],'CantidadesConsolidadas'!$A2),2) -> 426.72 | Q2: =ROUND(SUMIFS(Cantidades[91020796],Cantidades[cod Idu],'CantidadesConsolidadas'!$A2),2) -> 116.78 | R2: =ROUND(SUMIFS(Cantidades[176184],Cantidades[cod Idu],'CantidadesConsolidadas'!$A2),2) -> 237.65 | S2: =ROUND(SUMIFS(Cantidades[167636],Cantidades[cod Idu],'CantidadesConsolidadas'!$A2),2) -> 533.41 | T2: =ROUND(SUMIFS(Cantidades[176730],Cantidades[cod Idu],'CantidadesConsolidadas'!$A2),2) -> 144.71 | U2: =ROUND(SUMIFS(Cantidades[173038],Cantidades[cod Idu],'CantidadesConsolidadas'!$A2),2) -> 495.42 | V2: =ROUND(SUMIFS(Cantidades[170222],Cantidades[cod Idu],'CantidadesConsolidadas'!$A2),2) -> 845.83 | W2: =ROUND(SUMIFS(Cantidades[170229],Cantidades[cod Idu],'CantidadesConsolidadas'!$A2),2) -> 75.92 | X2: =ROUND(SUMIFS(Cantidades[170227],Cantidades[cod Idu],'CantidadesConsolidadas'!$A2),2) -> 187.93 | Y2: =ROUND(SUMIFS(Cantidades[170226],Cantidades[cod Idu],'CantidadesConsolidadas'!$A2),2) -> 102.95 | Z2: =ROUND(SUMIFS(Cantidades[171567],Cantidades[cod Idu],'CantidadesConsolidadas'!$A2),2) -> 523.46 | AA2: =ROUND(SUMIFS(Cantidades[166632],Cantidades[cod Idu],'CantidadesConsolidadas'!$A2),2) -> 327.35 | AB2: =ROUND(SUMIFS(Cantidades[170228],Cantidades[cod Idu],'CantidadesConsolidadas'!$A2),2) -> 205.14 | AC2: =ROUND(SUMIFS(Cantidades[172926],Cantidades[cod Idu],'CantidadesConsolidadas'!$A2),2) -> 144.43 | AD2: =ROUND(SUMIFS(Cantidades[171152],Cantidades[cod Idu],'CantidadesConsolidadas'!$A2),2) -> 751.07 | AE2: =ROUND(SUMIFS(Cantidades[173058],Cantidades[cod Idu],'CantidadesConsolidadas'!$A2),2) -> 196.67 | AF2: =ROUND(SUMIFS(Cantidades[174478],Cantidades[cod Idu],'CantidadesConsolidadas'!$A2),2) -> 924.18 | AG2: =ROUND(SUMIFS(Cantidades[91010089],Cantidades[cod Idu],'CantidadesConsolidadas'!$A2),2) -> 297.23 | AH2: =ROUND(SUMIFS(Cantidades[176122],Cantidades[cod Idu],'CantidadesConsolidadas'!$A2),2) -> 693.96 | AI2: =ROUND(SUMIFS(Cantidades[168536],Cantidades[cod Idu],'CantidadesConsolidadas'!$A2),2) -> 606.14 | AJ2: =ROUND(SUMIFS(Cantidades[166934],Cantidades[cod Idu],'CantidadesConsolidadas'!$A2),2) -> 939.11 | AK2: =ROUND(SUMIFS(Cantidades[174353],Cantidades[cod Idu],'CantidadesConsolidadas'!$A2),2) -> 525.6 | AL2: =ROUND(SUMIFS(Cantidades[52531],Cantidades[cod Idu],'CantidadesConsolidadas'!$A2),2) -> 0 | AM2: =ROUND(SUMIFS(Cantidades[52456],Cantidades[cod Idu],'CantidadesConsolidadas'!$A2),2) -> 0 | AN2: =ROUND(SUMIFS(Cantidades[92058103],Cantidades[cod Idu],'CantidadesConsolidadas'!$A2),2) -> 0 | AO2: =ROUND(SUMIFS(Cantidades[20011114],Cantidades[cod Idu],'CantidadesConsolidadas'!$A2),2) -> 0 | AP2: =ROUND(SUMIFS(Cantidades[20013540],Cantidades[cod Idu],'CantidadesConsolidadas'!$A2),2) -> 0 | AQ2: =ROUND(SUMIFS(Cantidades[55337],Cantidades[cod Idu],'CantidadesConsolidadas'!$A2),2) -> 0 | AR2: =ROUND(SUMIFS(Cantidades[92087422],Cantidades[cod Idu],'CantidadesConsolidadas'!$A2),2) -> 0 | AS2: =ROUND(SUMIFS(Cantidades[55259],Cantidades[cod Idu],'CantidadesConsolidadas'!$A2),2) -> 0 | AT2: =ROUND(SUMIFS(Cantidades[466904],Cantidades[cod Idu],'CantidadesConsolidadas'!$A2),2) -> 0 | AU2: =ROUND(SUMIFS(Cantidades[48591],Cantidades[cod Idu],'CantidadesConsolidadas'!$A2),2) -> 0 | AV2: =ROUND(SUMIFS(Cantidades[48590],Cantidades[cod Idu],'CantidadesConsolidadas'!$A2),2) -> 0 | AW2: =ROUND(SUMIFS(Cantidades[48561],Cantidades[cod Idu],'CantidadesConsolidadas'!$A2),2) -> 0 | AX2: =ROUND(SUMIFS(Cantidades[48560],Cantidades[cod Idu],'CantidadesConsolidadas'!$A2),2) -> 0 | AY2: =ROUND(SUMIFS(Cantidades[48657],Cantidades[cod Idu],'CantidadesConsolidadas'!$A2),2) -> 0 | AZ2: =ROUND(SUMIFS(Cantidades[48655],Cantidades[cod Idu],'CantidadesConsolidadas'!$A2),2) -> 0 | BA2: =SUBTOTAL(9,CantidadesConsolidadas[[#This Row],[91013913]:[48655]]) -> 14702.38 | BB2: =ROUND(CantidadesConsolidadas[[#This Row],[Total]]*CantidadesConsolidadas[[#This Row],[VU]],0) -> 15893273
A3: 5360 | B3: =+_xlfn.XLOOKUP(CantidadesConsolidadas[[#This Row],[cod Idu]],APU_IDU[Código],APU_IDU[Nombre],"",0) -> ACOPIO Y TRASIEGO MECANICO DE MATERIAL DE FRESADO EN EL SITIO DE ALMACENAMIENTO TRANSITORIO. | C3: =+_xlfn.XLOOKUP(CantidadesConsolidadas[[#This Row],[cod Idu]],APU_IDU[Código],APU_IDU[UM],"",0) -> HR | D3: =+_xlfn.XLOOKUP(CantidadesConsolidadas[[#This Row],[cod Idu]],APU_IDU[Código],APU_IDU[Valor],"",0) -> 182788 | E3: =ROUND(SUMIFS(Cantidades[91013913],Cantidades[cod Idu],'CantidadesConsolidadas'!$A3),2) -> 0 | F3: =ROUND(SUMIFS(Cantidades[472330],Cantidades[cod Idu],'CantidadesConsolidadas'!$A3),2) -> 0 | G3: =ROUND(SUMIFS(Cantidades[167810],Cantidades[cod Idu],'CantidadesConsolidadas'!$A3),2) -> 0 | H3: =ROUND(SUMIFS(Cantidades[166646],Cantidades[cod Idu],'CantidadesConsolidadas'!$A3),2) -> 0 | I3: =ROUND(SUMIFS(Cantidades[167491],Cantidades[cod Idu],'CantidadesConsolidadas'!$A3),2) -> 0 | J3: =ROUND(SUMIFS(Cantidades[167266],Cantidades[cod Idu],'CantidadesConsolidadas'!$A3),2) -> 0 | K3: =ROUND(SUMIFS(Cantidades[170896],Cantidades[cod Idu],'CantidadesConsolidadas'!$A3),2) -> 4 | L3: =ROUND(SUMIFS(Cantidades[170897],Cantidades[cod Idu],'CantidadesConsolidadas'!$A3),2) -> 5 | M3: =ROUND(SUMIFS(Cantidades[170898],Cantidades[cod Idu],'CantidadesConsolidadas'!$A3),2) -> 4 | N3: =ROUND(SUMIFS(Cantidades[91064150],Cantidades[cod Idu],'CantidadesConsolidadas'!$A3),2) -> 5 | O3: =ROUND(SUMIFS(Cantidades[168919],Cantidades[cod Idu],'CantidadesConsolidadas'!$A3),2) -> 0 | P3: =ROUND(SUMIFS(Cantidades[168426],Cantidades[cod Idu],'CantidadesConsolidadas'!$A3),2) -> 0 | Q3: =ROUND(SUMIFS(Cantidades[91020796],Cantidades[cod Idu],'CantidadesConsolidadas'!$A3),2) -> 6 | R3: =ROUND(SUMIFS(Cantidades[176184],Cantidades[cod Idu],'CantidadesConsolidadas'!$A3),2) -> 0 | S3: =ROUND(SUMIFS(Cantidades[167636],Cantidades[cod Idu],'CantidadesConsolidadas'!$A3),2) -> 5 | T3: =ROUND(SUMIFS(Cantidades[176730],Cantidades[cod Idu],'CantidadesConsolidadas'!$A3),2) -> 0 | U3: =ROUND(SUMIFS(Cantidades[173038],Cantidades[cod Idu],'CantidadesConsolidadas'!$A3),2) -> 0 | V3: =ROUND(SUMIFS(Cantidades[170222],Cantidades[cod Idu],'CantidadesConsolidadas'!$A3),2) -> 6 | W3: =ROUND(SUMIFS(Cantidades[170229],Cantidades[cod Idu],'CantidadesConsolidadas'!$A3),2) -> 0 | X3: =ROUND(SUMIFS(Cantidades[170227],Cantidades[cod Idu],'CantidadesConsolidadas'!$A3),2) -> 0 | Y3: =ROUND(SUMIFS(Cantidades[170226],Cantidades[cod Idu],'CantidadesConsolidadas'!$A3),2) -> 6 | Z3: =ROUND(SUMIFS(Cantidades[171567],Cantidades[cod Idu],'CantidadesConsolidadas'!$A3),2) -> 0 | AA3: =ROUND(SUMIFS(Cantidades[166632],Cantidades[cod Idu],'CantidadesConsolidadas'!$A3),2) -> 6 | AB3: =ROUND(SUMIFS(Cantidades[170228],Cantidades[cod Idu],'CantidadesConsolidadas'!$A3),2) -> 0 | AC3: =ROUND(SUMIFS(Cantidades[172926],Cantidades[cod Idu],'CantidadesConsolidadas'!$A3),2) -> 0 | AD3: =ROUND(SUMIFS(Cantidades[171152],Cantidades[cod Idu],'CantidadesConsolidadas'!$A3),2) -> 0 | AE3: =ROUND(SUMIFS(Cantidades[173058],Cantidades[cod Idu],'CantidadesConsolidadas'!$A3),2) -> 0 | AF3: =ROUND(SUMIFS(Cantidades[174478],Cantidades[cod Idu],'CantidadesConsolidadas'!$A3),2) -> 0 | AG3: =ROUND(SUMIFS(Cantidades[91010089],Cantidades[cod Idu],'CantidadesConsolidadas'!$A3),2) -> 0 | AH3: =ROUND(SUMIFS(Cantidades[176122],Cantidades[cod Idu],'CantidadesConsolidadas'!$A3),2) -> 0 | AI3: =ROUND(SUMIFS(Cantidades[168536],Cantidades[cod Idu],'CantidadesConsolidadas'!$A3),2) -> 0 | AJ3: =ROUND(SUMIFS(Cantidades[166934],Cantidades[cod Idu],'CantidadesConsolidadas'!$A3),2) -> 1 | AK3: =ROUND(SUMIFS(Cantidades[174353],Cantidades[cod Idu],'CantidadesConsolidadas'!$A3),2) -> 1 | AL3: =ROUND(SUMIFS(Cantidades[52531],Cantidades[cod Idu],'CantidadesConsolidadas'!$A3),2) -> 0 | AM3: =ROUND(SUMIFS(Cantidades[52456],Cantidades[cod Idu],'CantidadesConsolidadas'!$A3),2) -> 0 | AN3: =ROUND(SUMIFS(Cantidades[92058103],Cantidades[cod Idu],'CantidadesConsolidadas'!$A3),2) -> 0 | AO3: =ROUND(SUMIFS(Cantidades[20011114],Cantidades[cod Idu],'CantidadesConsolidadas'!$A3),2) -> 0 | AP3: =ROUND(SUMIFS(Cantidades[20013540],Cantidades[cod Idu],'CantidadesConsolidadas'!$A3),2) -> 0 | AQ3: =ROUND(SUMIFS(Cantidades[55337],Cantidades[cod Idu],'CantidadesConsolidadas'!$A3),2) -> 0 | AR3: =ROUND(SUMIFS(Cantidades[92087422],Cantidades[cod Idu],'CantidadesConsolidadas'!$A3),2) -> 0 | AS3: =ROUND(SUMIFS(Cantidades[55259],Cantidades[cod Idu],'CantidadesConsolidadas'!$A3),2) -> 0 | AT3: =ROUND(SUMIFS(Cantidades[466904],Cantidades[cod Idu],'CantidadesConsolidadas'!$A3),2) -> 0 | AU3: =ROUND(SUMIFS(Cantidades[48591],Cantidades[cod Idu],'CantidadesConsolidadas'!$A3),2) -> 0 | AV3: =ROUND(SUMIFS(Cantidades[48590],Cantidades[cod Idu],'CantidadesConsolidadas'!$A3),2) -> 0 | AW3: =ROUND(SUMIFS(Cantidades[48561],Cantidades[cod Idu],'CantidadesConsolidadas'!$A3),2) -> 0 | AX3: =ROUND(SUMIFS(Cantidades[48560],Cantidades[cod Idu],'CantidadesConsolidadas'!$A3),2) -> 0 | AY3: =ROUND(SUMIFS(Cantidades[48657],Cantidades[cod Idu],'CantidadesConsolidadas'!$A3),2) -> 0 | AZ3: =ROUND(SUMIFS(Cantidades[48655],Cantidades[cod Idu],'CantidadesConsolidadas'!$A3),2) -> 0 | BA3: =SUBTOTAL(9,CantidadesConsolidadas[[#This Row],[91013913]:[48655]]) -> 49 | BB3: =ROUND(CantidadesConsolidadas[[#This Row],[Total]]*CantidadesConsolidadas[[#This Row],[VU]],0) -> 8956612
A4: 3010 | B4: =+_xlfn.XLOOKUP(CantidadesConsolidadas[[#This Row],[cod Idu]],APU_IDU[Código],APU_IDU[Nombre],"",0) -> DEMOLICION PAVIMENTO ASFALTICO (INCLUYE CARGUE). NO INCLUYE TRANSPORTE Y DISPOSICIÓN FINAL DE SOBRANTES. | C4: =+_xlfn.XLOOKUP(CantidadesConsolidadas[[#This Row],[cod Idu]],APU_IDU[Código],APU_IDU[UM],"",0) -> M3 | D4: =+_xlfn.XLOOKUP(CantidadesConsolidadas[[#This Row],[cod Idu]],APU_IDU[Código],APU_IDU[Valor],"",0) -> 43555 | E4: =ROUND(SUMIFS(Cantidades[91013913],Cantidades[cod Idu],'CantidadesConsolidadas'!$A4),2) -> 223.36 | F4: =ROUND(SUMIFS(Cantidades[472330],Cantidades[cod Idu],'CantidadesConsolidadas'!$A4),2) -> 108.9 | G4: =ROUND(SUMIFS(Cantidades[167810],Cantidades[cod Idu],'CantidadesConsolidadas'!$A4),2) -> 117.17 | H4: =ROUND(SUMIFS(Cantidades[166646],Cantidades[cod Idu],'CantidadesConsolidadas'!$A4),2) -> 71.22 | I4: =ROUND(SUMIFS(Cantidades[167491],Cantidades[cod Idu],'CantidadesConsolidadas'!$A4),2) -> 66.32 | J4: =ROUND(SUMIFS(Cantidades[167266],Cantidades[cod Idu],'CantidadesConsolidadas'!$A4),2) -> 85.05 | K4: =ROUND(SUMIFS(Cantidades[170896],Cantidades[cod Idu],'CantidadesConsolidadas'!$A4),2) -> 16.88 | L4: =ROUND(SUMIFS(Cantidades[170897],Cantidades[cod Idu],'CantidadesConsolidadas'!$A4),2) -> 18.82 | M4: =ROUND(SUMIFS(Cantidades[170898],Cantidades[cod Idu],'CantidadesConsolidadas'!$A4),2) -> 7.48 | N4: =ROUND(SUMIFS(Cantidades[91064150],Cantidades[cod Idu],'CantidadesConsolidadas'!$A4),2) -> 22.25 | O4: =ROUND(SUMIFS(Cantidades[168919],Cantidades[cod Idu],'CantidadesConsolidadas'!$A4),2) -> 72.66 | P4: =ROUND(SUMIFS(Cantidades[168426],Cantidades[cod Idu],'CantidadesConsolidadas'!$A4),2) -> 64.01 | Q4: =ROUND(SUMIFS(Cantidades[91020796],Cantidades[cod Idu],'CantidadesConsolidadas'!$A4),2) -> 17.52 | R4: =ROUND(SUMIFS(Cantidades[176184],Cantidades[cod Idu],'CantidadesConsolidadas'!$A4),2) -> 35.65 | S4: =ROUND(SUMIFS(Cantidades[167636],Cantidades[cod Idu],'CantidadesConsolidadas'!$A4),2) -> 80.01 | T4: =ROUND(SUMIFS(Cantidades[176730],Cantidades[cod Idu],'CantidadesConsolidadas'!$A4),2) -> 21.71 | U4: =ROUND(SUMIFS(Cantidades[173038],Cantidades[cod Idu],'CantidadesConsolidadas'!$A4),2) -> 74.31 | V4: =ROUND(SUMIFS(Cantidades[170222],Cantidades[cod Idu],'CantidadesConsolidadas'!$A4),2) -> 126.87 | W4: =ROUND(SUMIFS(Cantidades[170229],Cantidades[cod Idu],'CantidadesConsolidadas'!$A4),2) -> 11.39 | X4: =ROUND(SUMIFS(Cantidades[170227],Cantidades[cod Idu],'CantidadesConsolidadas'!$A4),2) -> 28.19 | Y4: =ROUND(SUMIFS(Cantidades[170226],Cantidades[cod Idu],'CantidadesConsolidadas'!$A4),2) -> 15.44 | Z4: =ROUND(SUMIFS(Cantidades[171567],Cantidades[cod Idu],'CantidadesConsolidadas'!$A4),2) -> 0 | AA4: =ROUND(SUMIFS(Cantidades[166632],Cantidades[cod Idu],'CantidadesConsolidadas'!$A4),2) -> 49.1 | AB4: =ROUND(SUMIFS(Cantidades[170228],Cantidades[cod Idu],'CantidadesConsolidadas'!$A4),2) -> 30.77 | AC4: =ROUND(SUMIFS(Cantidades[172926],Cantidades[cod Idu],'CantidadesConsolidadas'!$A4),2) -> 21.66 | AD4: =ROUND(SUMIFS(Cantidades[171152],Cantidades[cod Idu],'CantidadesConsolidadas'!$A4),2) -> 112.66 | AE4: =ROUND(SUMIFS(Cantidades[173058],Cantidades[cod Idu],'CantidadesConsolidadas'!$A4),2) -> 29.5 | AF4: =ROUND(SUMIFS(Cantidades[174478],Cantidades[cod Idu],'CantidadesConsolidadas'!$A4),2) -> 138.63 | AG4: =ROUND(SUMIFS(Cantidades[91010089],Cantidades[cod Idu],'CantidadesConsolidadas'!$A4),2) -> 44.58 | AH4: =ROUND(SUMIFS(Cantidades[176122],Cantidades[cod Idu],'CantidadesConsolidadas'!$A4),2) -> 104.09 | AI4: =ROUND(SUMIFS(Cantidades[168536],Cantidades[cod Idu],'CantidadesConsolidadas'!$A4),2) -> 90.92 | AJ4: =ROUND(SUMIFS(Cantidades[166934],Cantidades[cod Idu],'CantidadesConsolidadas'!$A4),2) -> 140.87 | AK4: =ROUND(SUMIFS(Cantidades[174353],Cantidades[cod Idu],'CantidadesConsolidadas'!$A4),2) -> 78.84 | AL4: =ROUND(SUMIFS(Cantidades[52531],Cantidades[cod Idu],'CantidadesConsolidadas'!$A4),2) -> 0 | AM4: =ROUND(SUMIFS(Cantidades[52456],Cantidades[cod Idu],'CantidadesConsolidadas'!$A4),2) -> 0 | AN4: =ROUND(SUMIFS(Cantidades[92058103],Cantidades[cod Idu],'CantidadesConsolidadas'!$A4),2) -> 0 | AO4: =ROUND(SUMIFS(Cantidades[20011114],Cantidades[cod Idu],'CantidadesConsolidadas'!$A4),2) -> 0 | AP4: =ROUND(SUMIFS(Cantidades[20013540],Cantidades[cod Idu],'CantidadesConsolidadas'!$A4),2) -> 0 | AQ4: =ROUND(SUMIFS(Cantidades[55337],Cantidades[cod Idu],'CantidadesConsolidadas'!$A4),2) -> 0 | AR4: =ROUND(SUMIFS(Cantidades[92087422],Cantidades[cod Idu],'CantidadesConsolidadas'!$A4),2) -> 0 | AS4: =ROUND(SUMIFS(Cantidades[55259],Cantidades[cod Idu],'CantidadesConsolidadas'!$A4),2) -> 0 | AT4: =ROUND(SUMIFS(Cantidades[466904],Cantidades[cod Idu],'CantidadesConsolidadas'!$A4),2) -> 0 | AU4: =ROUND(SUMIFS(Cantidades[48591],Cantidades[cod Idu],'CantidadesConsolidadas'!$A4),2) -> 0 | AV4: =ROUND(SUMIFS(Cantidades[48590],Cantidades[cod Idu],'CantidadesConsolidadas'!$A4),2) -> 0 | AW4: =ROUND(SUMIFS(Cantidades[48561],Cantidades[cod Idu],'CantidadesConsolidadas'!$A4),2) -> 0 | AX4: =ROUND(SUMIFS(Cantidades[48560],Cantidades[cod Idu],'CantidadesConsolidadas'!$A4),2) -> 0 | AY4: =ROUND(SUMIFS(Cantidades[48657],Cantidades[cod Idu],'CantidadesConsolidadas'!$A4),2) -> 0 | AZ4: =ROUND(SUMIFS(Cantidades[48655],Cantidades[cod Idu],'CantidadesConsolidadas'!$A4),2) -> 0 | BA4: =SUBTOTAL(9,CantidadesConsolidadas[[#This Row],[91013913]:[48655]]) -> 2126.83 | BB4: =ROUND(CantidadesConsolidadas[[#This Row],[Total]]*CantidadesConsolidadas[[#This Row],[VU]],0) -> 92634081
A5: 3710 | B5: =+_xlfn.XLOOKUP(CantidadesConsolidadas[[#This Row],[cod Idu]],APU_IDU[Código],APU_IDU[Nombre],"",0) -> EXCAVACIÓN MECÁNICA EN MATERIAL COMÚN (INCLUYE CARGUE) | C5: =+_xlfn.XLOOKUP(CantidadesConsolidadas[[#This Row],[cod Idu]],APU_IDU[Código],APU_IDU[UM],"",0) -> M3 | D5: =+_xlfn.XLOOKUP(CantidadesConsolidadas[[#This Row],[cod Idu]],APU_IDU[Código],APU_IDU[Valor],"",0) -> 5998 | E5: =ROUND(SUMIFS(Cantidades[91013913],Cantidades[cod Idu],'CantidadesConsolidadas'!$A5),2) -> 1191.26 | F5: =ROUND(SUMIFS(Cantidades[472330],Cantidades[cod Idu],'CantidadesConsolidadas'!$A5),2) -> 399.3 | G5: =ROUND(SUMIFS(Cantidades[167810],Cantidades[cod Idu],'CantidadesConsolidadas'!$A5),2) -> 429.62 | H5: =ROUND(SUMIFS(Cantidades[166646],Cantidades[cod Idu],'CantidadesConsolidadas'!$A5),2) -> 308.63 | I5: =ROUND(SUMIFS(Cantidades[167491],Cantidades[cod Idu],'CantidadesConsolidadas'!$A5),2) -> 287.37 | J5: =ROUND(SUMIFS(Cantidades[167266],Cantidades[cod Idu],'CantidadesConsolidadas'!$A5),2) -> 311.86 | K5: =ROUND(SUMIFS(Cantidades[170896],Cantidades[cod Idu],'CantidadesConsolidadas'!$A5),2) -> 67.51 | L5: =ROUND(SUMIFS(Cantidades[170897],Cantidades[cod Idu],'CantidadesConsolidadas'!$A5),2) -> 75.26 | M5: =ROUND(SUMIFS(Cantidades[170898],Cantidades[cod Idu],'CantidadesConsolidadas'!$A5),2) -> 29.93 | N5: =ROUND(SUMIFS(Cantidades[91064150],Cantidades[cod Idu],'CantidadesConsolidadas'!$A5),2) -> 88.99 | O5: =ROUND(SUMIFS(Cantidades[168919],Cantidades[cod Idu],'CantidadesConsolidadas'!$A5),2) -> 314.88 | P5: =ROUND(SUMIFS(Cantidades[168426],Cantidades[cod Idu],'CantidadesConsolidadas'!$A5),2) -> 277.37 | Q5: =ROUND(SUMIFS(Cantidades[91020796],Cantidades[cod Idu],'CantidadesConsolidadas'!$A5),2) -> 70.07 | R5: =ROUND(SUMIFS(Cantidades[176184],Cantidades[cod Idu],'CantidadesConsolidadas'!$A5),2) -> 142.59 | S5: =ROUND(SUMIFS(Cantidades[167636],Cantidades[cod Idu],'CantidadesConsolidadas'!$A5),2) -> 346.72 | T5: =ROUND(SUMIFS(Cantidades[176730],Cantidades[cod Idu],'CantidadesConsolidadas'!$A5),2) -> 86.83 | U5: =ROUND(SUMIFS(Cantidades[173038],Cantidades[cod Idu],'CantidadesConsolidadas'!$A5),2) -> 322.02 | V5: =ROUND(SUMIFS(Cantidades[170222],Cantidades[cod Idu],'CantidadesConsolidadas'!$A5),2) -> 549.79 | W5: =ROUND(SUMIFS(Cantidades[170229],Cantidades[cod Idu],'CantidadesConsolidadas'!$A5),2) -> 45.55 | X5: =ROUND(SUMIFS(Cantidades[170227],Cantidades[cod Idu],'CantidadesConsolidadas'!$A5),2) -> 112.76 | Y5: =ROUND(SUMIFS(Cantidades[170226],Cantidades[cod Idu],'CantidadesConsolidadas'!$A5),2) -> 61.77 | Z5: =ROUND(SUMIFS(Cantidades[171567],Cantidades[cod Idu],'CantidadesConsolidadas'!$A5),2) -> 340.25 | AA5: =ROUND(SUMIFS(Cantidades[166632],Cantidades[cod Idu],'CantidadesConsolidadas'!$A5),2) -> 196.41 | AB5: =ROUND(SUMIFS(Cantidades[170228],Cantidades[cod Idu],'CantidadesConsolidadas'!$A5),2) -> 123.08 | AC5: =ROUND(SUMIFS(Cantidades[172926],Cantidades[cod Idu],'CantidadesConsolidadas'!$A5),2) -> 86.66 | AD5: =ROUND(SUMIFS(Cantidades[171152],Cantidades[cod Idu],'CantidadesConsolidadas'!$A5),2) -> 600.86 | AE5: =ROUND(SUMIFS(Cantidades[173058],Cantidades[cod Idu],'CantidadesConsolidadas'!$A5),2) -> 118 | AF5: =ROUND(SUMIFS(Cantidades[174478],Cantidades[cod Idu],'CantidadesConsolidadas'!$A5),2) -> 739.34 | AG5: =ROUND(SUMIFS(Cantidades[91010089],Cantidades[cod Idu],'CantidadesConsolidadas'!$A5),2) -> 237.78 | AH5: =ROUND(SUMIFS(Cantidades[176122],Cantidades[cod Idu],'CantidadesConsolidadas'!$A5),2) -> 555.17 | AI5: =ROUND(SUMIFS(Cantidades[168536],Cantidades[cod Idu],'CantidadesConsolidadas'!$A5),2) -> 484.91 | AJ5: =ROUND(SUMIFS(Cantidades[166934],Cantidades[cod Idu],'CantidadesConsolidadas'!$A5),2) -> 610.42 | AK5: =ROUND(SUMIFS(Cantidades[174353],Cantidades[cod Idu],'CantidadesConsolidadas'!$A5),2) -> 341.64 | AL5: =ROUND(SUMIFS(Cantidades[52531],Cantidades[cod Idu],'CantidadesConsolidadas'!$A5),2) -> 0 | AM5: =ROUND(SUMIFS(Cantidades[52456],Cantidades[cod Idu],'CantidadesConsolidadas'!$A5),2) -> 0 | AN5: =ROUND(SUMIFS(Cantidades[92058103],Cantidades[cod Idu],'CantidadesConsolidadas'!$A5),2) -> 0 | AO5: =ROUND(SUMIFS(Cantidades[20011114],Cantidades[cod Idu],'CantidadesConsolidadas'!$A5),2) -> 0 | AP5: =ROUND(SUMIFS(Cantidades[20013540],Cantidades[cod Idu],'CantidadesConsolidadas'!$A5),2) -> 0 | AQ5: =ROUND(SUMIFS(Cantidades[55337],Cantidades[cod Idu],'CantidadesConsolidadas'!$A5),2) -> 0 | AR5: =ROUND(SUMIFS(Cantidades[92087422],Cantidades[cod Idu],'CantidadesConsolidadas'!$A5),2) -> 0 | AS5: =ROUND(SUMIFS(Cantidades[55259],Cantidades[cod Idu],'CantidadesConsolidadas'!$A5),2) -> 0 | AT5: =ROUND(SUMIFS(Cantidades[466904],Cantidades[cod Idu],'CantidadesConsolidadas'!$A5),2) -> 0 | AU5: =ROUND(SUMIFS(Cantidades[48591],Cantidades[cod Idu],'CantidadesConsolidadas'!$A5),2) -> 0 | AV5: =ROUND(SUMIFS(Cantidades[48590],Cantidades[cod Idu],'CantidadesConsolidadas'!$A5),2) -> 0 | AW5: =ROUND(SUMIFS(Cantidades[48561],Cantidades[cod Idu],'CantidadesConsolidadas'!$A5),2) -> 0 | AX5: =ROUND(SUMIFS(Cantidades[48560],Cantidades[cod Idu],'CantidadesConsolidadas'!$A5),2) -> 0 | AY5: =ROUND(SUMIFS(Cantidades[48657],Cantidades[cod Idu],'CantidadesConsolidadas'!$A5),2) -> 0 | AZ5: =ROUND(SUMIFS(Cantidades[48655],Cantidades[cod Idu],'CantidadesConsolidadas'!$A5),2) -> 0 | BA5: =SUBTOTAL(9,CantidadesConsolidadas[[#This Row],[91013913]:[48655]]) -> 9954.6 | BB5: =ROUND(CantidadesConsolidadas[[#This Row],[Total]]*CantidadesConsolidadas[[#This Row],[VU]],0) -> 59707691
A6: 3017 | B6: =+_xlfn.XLOOKUP(CantidadesConsolidadas[[#This Row],[cod Idu]],APU_IDU[Código],APU_IDU[Nombre],"",0) -> TRANSPORTE Y DISPOSICIÓN FINAL DE ESCOMBROS EN SITIO AUTORIZADO (DISTANCIA DE TRANSPORTE 21 KM). A DISTANCIA MAYOR DEL ACARREO LIBRE (90 M) EN SITIO AUTORIZADO POR LA ENTIDAD AMBIENTAL COMPETENTE. | C6: =+_xlfn.XLOOKUP(CantidadesConsolidadas[[#This Row],[cod Idu]],APU_IDU[Código],APU_IDU[UM],"",0) -> M3 | D6: =+_xlfn.XLOOKUP(CantidadesConsolidadas[[#This Row],[cod Idu]],APU_IDU[Código],APU_IDU[Valor],"",0) -> 45734 | E6: =ROUND(SUMIFS(Cantidades[91013913],Cantidades[cod Idu],'CantidadesConsolidadas'!$A6),2) -> 1839.01 | F6: =ROUND(SUMIFS(Cantidades[472330],Cantidades[cod Idu],'CantidadesConsolidadas'!$A6),2) -> 852.4 | G6: =ROUND(SUMIFS(Cantidades[167810],Cantidades[cod Idu],'CantidadesConsolidadas'!$A6),2) -> 919.13 | H6: =ROUND(SUMIFS(Cantidades[166646],Cantidades[cod Idu],'CantidadesConsolidadas'!$A6),2) -> 640.52 | I6: =ROUND(SUMIFS(Cantidades[167491],Cantidades[cod Idu],'CantidadesConsolidadas'!$A6),2) -> 601.58 | J6: =ROUND(SUMIFS(Cantidades[167266],Cantidades[cod Idu],'CantidadesConsolidadas'!$A6),2) -> 664.18 | K6: =ROUND(SUMIFS(Cantidades[170896],Cantidades[cod Idu],'CantidadesConsolidadas'!$A6),2) -> 112.71 | L6: =ROUND(SUMIFS(Cantidades[170897],Cantidades[cod Idu],'CantidadesConsolidadas'!$A6),2) -> 162.24 | M6: =ROUND(SUMIFS(Cantidades[170898],Cantidades[cod Idu],'CantidadesConsolidadas'!$A6),2) -> 48.63 | N6: =ROUND(SUMIFS(Cantidades[91064150],Cantidades[cod Idu],'CantidadesConsolidadas'!$A6),2) -> 187.07 | O6: =ROUND(SUMIFS(Cantidades[168919],Cantidades[cod Idu],'CantidadesConsolidadas'!$A6),2) -> 613.96 | P6: =ROUND(SUMIFS(Cantidades[168426],Cantidades[cod Idu],'CantidadesConsolidadas'!$A6),2) -> 560.74 | Q6: =ROUND(SUMIFS(Cantidades[91020796],Cantidades[cod Idu],'CantidadesConsolidadas'!$A6),2) -> 138.54 | R6: =ROUND(SUMIFS(Cantidades[176184],Cantidades[cod Idu],'CantidadesConsolidadas'!$A6),2) -> 288.24 | S6: =ROUND(SUMIFS(Cantidades[167636],Cantidades[cod Idu],'CantidadesConsolidadas'!$A6),2) -> 707.75 | T6: =ROUND(SUMIFS(Cantidades[176730],Cantidades[cod Idu],'CantidadesConsolidadas'!$A6),2) -> 204.35 | U6: =ROUND(SUMIFS(Cantidades[173038],Cantidades[cod Idu],'CantidadesConsolidadas'!$A6),2) -> 633.17 | V6: =ROUND(SUMIFS(Cantidades[170222],Cantidades[cod Idu],'CantidadesConsolidadas'!$A6),2) -> 879.66 | W6: =ROUND(SUMIFS(Cantidades[170229],Cantidades[cod Idu],'CantidadesConsolidadas'!$A6),2) -> 74.02 | X6: =ROUND(SUMIFS(Cantidades[170227],Cantidades[cod Idu],'CantidadesConsolidadas'!$A6),2) -> 243.17 | Y6: =ROUND(SUMIFS(Cantidades[170226],Cantidades[cod Idu],'CantidadesConsolidadas'!$A6),2) -> 100.37 | Z6: =ROUND(SUMIFS(Cantidades[171567],Cantidades[cod Idu],'CantidadesConsolidadas'!$A6),2) -> 647.06 | AA6: =ROUND(SUMIFS(Cantidades[166632],Cantidades[cod Idu],'CantidadesConsolidadas'!$A6),2) -> 419.57 | AB6: =ROUND(SUMIFS(Cantidades[170228],Cantidades[cod Idu],'CantidadesConsolidadas'!$A6),2) -> 263.03 | AC6: =ROUND(SUMIFS(Cantidades[172926],Cantidades[cod Idu],'CantidadesConsolidadas'!$A6),2) -> 184.24 | AD6: =ROUND(SUMIFS(Cantidades[171152],Cantidades[cod Idu],'CantidadesConsolidadas'!$A6),2) -> 1096.1 | AE6: =ROUND(SUMIFS(Cantidades[173058],Cantidades[cod Idu],'CantidadesConsolidadas'!$A6),2) -> 191.75 | AF6: =ROUND(SUMIFS(Cantidades[174478],Cantidades[cod Idu],'CantidadesConsolidadas'!$A6),2) -> 1141.36 | AG6: =ROUND(SUMIFS(Cantidades[91010089],Cantidades[cod Idu],'CantidadesConsolidadas'!$A6),2) -> 367.07 | AH6: =ROUND(SUMIFS(Cantidades[176122],Cantidades[cod Idu],'CantidadesConsolidadas'!$A6),2) -> 857.04 | AI6: =ROUND(SUMIFS(Cantidades[168536],Cantidades[cod Idu],'CantidadesConsolidadas'!$A6),2) -> 748.58 | AJ6: =ROUND(SUMIFS(Cantidades[166934],Cantidades[cod Idu],'CantidadesConsolidadas'!$A6),2) -> 1227.75 | AK6: =ROUND(SUMIFS(Cantidades[174353],Cantidades[cod Idu],'CantidadesConsolidadas'!$A6),2) -> 714.36 | AL6: =ROUND(SUMIFS(Cantidades[52531],Cantidades[cod Idu],'CantidadesConsolidadas'!$A6),2) -> 109.44 | AM6: =ROUND(SUMIFS(Cantidades[52456],Cantidades[cod Idu],'CantidadesConsolidadas'!$A6),2) -> 86.62 | AN6: =ROUND(SUMIFS(Cantidades[92058103],Cantidades[cod Idu],'CantidadesConsolidadas'!$A6),2) -> 57.16 | AO6: =ROUND(SUMIFS(Cantidades[20011114],Cantidades[cod Idu],'CantidadesConsolidadas'!$A6),2) -> 214.01 | AP6: =ROUND(SUMIFS(Cantidades[20013540],Cantidades[cod Idu],'CantidadesConsolidadas'!$A6),2) -> 94.06 | AQ6: =ROUND(SUMIFS(Cantidades[55337],Cantidades[cod Idu],'CantidadesConsolidadas'!$A6),2) -> 250.89 | AR6: =ROUND(SUMIFS(Cantidades[92087422],Cantidades[cod Idu],'CantidadesConsolidadas'!$A6),2) -> 407.25 | AS6: =ROUND(SUMIFS(Cantidades[55259],Cantidades[cod Idu],'CantidadesConsolidadas'!$A6),2) -> 510.04 | AT6: =ROUND(SUMIFS(Cantidades[466904],Cantidades[cod Idu],'CantidadesConsolidadas'!$A6),2) -> 30.81 | AU6: =ROUND(SUMIFS(Cantidades[48591],Cantidades[cod Idu],'CantidadesConsolidadas'!$A6),2) -> 673.06 | AV6: =ROUND(SUMIFS(Cantidades[48590],Cantidades[cod Idu],'CantidadesConsolidadas'!$A6),2) -> 688.12 | AW6: =ROUND(SUMIFS(Cantidades[48561],Cantidades[cod Idu],'CantidadesConsolidadas'!$A6),2) -> 706.13 | AX6: =ROUND(SUMIFS(Cantidades[48560],Cantidades[cod Idu],'CantidadesConsolidadas'!$A6),2) -> 711.7 | AY6: =ROUND(SUMIFS(Cantidades[48657],Cantidades[cod Idu],'CantidadesConsolidadas'!$A6),2) -> 294.81 | AZ6: =ROUND(SUMIFS(Cantidades[48655],Cantidades[cod Idu],'CantidadesConsolidadas'!$A6),2) -> 120.96 | BA6: =SUBTOTAL(9,CantidadesConsolidadas[[#This Row],[91013913]:[48655]]) -> 23284.41 | BB6: =ROUND(CantidadesConsolidadas[[#This Row],[Total]]*CantidadesConsolidadas[[#This Row],[VU]],0) -> 1064889207
A7: 4015 | B7: =+_xlfn.XLOOKUP(CantidadesConsolidadas[[#This Row],[cod Idu]],APU_IDU[Código],APU_IDU[Nombre],"",0) -> GEOTEXTIL NO TEJIDO CON RESISTENCIA A LA TENSION GRAB: ENTRE 850 N Y 980 N. PARA SEPARACION SUBRASANTE/CAPAS GRANULARES. (INCLUYE SUMINISTRO E INSTALACION). | C7: =+_xlfn.XLOOKUP(CantidadesConsolidadas[[#This Row],[cod Idu]],APU_IDU[Código],APU_IDU[UM],"",0) -> M2 | D7: =+_xlfn.XLOOKUP(CantidadesConsolidadas[[#This Row],[cod Idu]],APU_IDU[Código],APU_IDU[Valor],"",0) -> 22923 | E7: =ROUND(SUMIFS(Cantidades[91013913],Cantidades[cod Idu],'CantidadesConsolidadas'!$A7),2) -> 1489.08 | F7: =ROUND(SUMIFS(Cantidades[472330],Cantidades[cod Idu],'CantidadesConsolidadas'!$A7),2) -> 726 | G7: =ROUND(SUMIFS(Cantidades[167810],Cantidades[cod Idu],'CantidadesConsolidadas'!$A7),2) -> 781.12 | H7: =ROUND(SUMIFS(Cantidades[166646],Cantidades[cod Idu],'CantidadesConsolidadas'!$A7),2) -> 474.81 | I7: =ROUND(SUMIFS(Cantidades[167491],Cantidades[cod Idu],'CantidadesConsolidadas'!$A7),2) -> 442.11 | J7: =ROUND(SUMIFS(Cantidades[167266],Cantidades[cod Idu],'CantidadesConsolidadas'!$A7),2) -> 567.01 | K7: =ROUND(SUMIFS(Cantidades[170896],Cantidades[cod Idu],'CantidadesConsolidadas'!$A7),2) -> 112.52 | L7: =ROUND(SUMIFS(Cantidades[170897],Cantidades[cod Idu],'CantidadesConsolidadas'!$A7),2) -> 125.44 | M7: =ROUND(SUMIFS(Cantidades[170898],Cantidades[cod Idu],'CantidadesConsolidadas'!$A7),2) -> 49.89 | N7: =ROUND(SUMIFS(Cantidades[91064150],Cantidades[cod Idu],'CantidadesConsolidadas'!$A7),2) -> 148.31 | O7: =ROUND(SUMIFS(Cantidades[168919],Cantidades[cod Idu],'CantidadesConsolidadas'!$A7),2) -> 484.43 | P7: =ROUND(SUMIFS(Cantidades[168426],Cantidades[cod Idu],'CantidadesConsolidadas'!$A7),2) -> 426.72 | Q7: =ROUND(SUMIFS(Cantidades[91020796],Cantidades[cod Idu],'CantidadesConsolidadas'!$A7),2) -> 116.78 | R7: =ROUND(SUMIFS(Cantidades[176184],Cantidades[cod Idu],'CantidadesConsolidadas'!$A7),2) -> 237.65 | S7: =ROUND(SUMIFS(Cantidades[167636],Cantidades[cod Idu],'CantidadesConsolidadas'!$A7),2) -> 533.41 | T7: =ROUND(SUMIFS(Cantidades[176730],Cantidades[cod Idu],'CantidadesConsolidadas'!$A7),2) -> 144.71 | U7: =ROUND(SUMIFS(Cantidades[173038],Cantidades[cod Idu],'CantidadesConsolidadas'!$A7),2) -> 495.42 | V7: =ROUND(SUMIFS(Cantidades[170222],Cantidades[cod Idu],'CantidadesConsolidadas'!$A7),2) -> 845.83 | W7: =ROUND(SUMIFS(Cantidades[170229],Cantidades[cod Idu],'CantidadesConsolidadas'!$A7),2) -> 75.92 | X7: =ROUND(SUMIFS(Cantidades[170227],Cantidades[cod Idu],'CantidadesConsolidadas'!$A7),2) -> 187.93 | Y7: =ROUND(SUMIFS(Cantidades[170226],Cantidades[cod Idu],'CantidadesConsolidadas'!$A7),2) -> 102.95 | Z7: =ROUND(SUMIFS(Cantidades[171567],Cantidades[cod Idu],'CantidadesConsolidadas'!$A7),2) -> 523.46 | AA7: =ROUND(SUMIFS(Cantidades[166632],Cantidades[cod Idu],'CantidadesConsolidadas'!$A7),2) -> 327.35 | AB7: =ROUND(SUMIFS(Cantidades[170228],Cantidades[cod Idu],'CantidadesConsolidadas'!$A7),2) -> 205.14 | AC7: =ROUND(SUMIFS(Cantidades[172926],Cantidades[cod Idu],'CantidadesConsolidadas'!$A7),2) -> 144.43 | AD7: =ROUND(SUMIFS(Cantidades[171152],Cantidades[cod Idu],'CantidadesConsolidadas'!$A7),2) -> 751.07 | AE7: =ROUND(SUMIFS(Cantidades[173058],Cantidades[cod Idu],'CantidadesConsolidadas'!$A7),2) -> 196.67 | AF7: =ROUND(SUMIFS(Cantidades[174478],Cantidades[cod Idu],'CantidadesConsolidadas'!$A7),2) -> 924.18 | AG7: =ROUND(SUMIFS(Cantidades[91010089],Cantidades[cod Idu],'CantidadesConsolidadas'!$A7),2) -> 297.23 | AH7: =ROUND(SUMIFS(Cantidades[176122],Cantidades[cod Idu],'CantidadesConsolidadas'!$A7),2) -> 693.96 | AI7: =ROUND(SUMIFS(Cantidades[168536],Cantidades[cod Idu],'CantidadesConsolidadas'!$A7),2) -> 606.14 | AJ7: =ROUND(SUMIFS(Cantidades[166934],Cantidades[cod Idu],'CantidadesConsolidadas'!$A7),2) -> 939.11 | AK7: =ROUND(SUMIFS(Cantidades[174353],Cantidades[cod Idu],'CantidadesConsolidadas'!$A7),2) -> 525.6 | AL7: =ROUND(SUMIFS(Cantidades[52531],Cantidades[cod Idu],'CantidadesConsolidadas'!$A7),2) -> 0 | AM7: =ROUND(SUMIFS(Cantidades[52456],Cantidades[cod Idu],'CantidadesConsolidadas'!$A7),2) -> 0 | AN7: =ROUND(SUMIFS(Cantidades[92058103],Cantidades[cod Idu],'CantidadesConsolidadas'!$A7),2) -> 0 | AO7: =ROUND(SUMIFS(Cantidades[20011114],Cantidades[cod Idu],'CantidadesConsolidadas'!$A7),2) -> 0 | AP7: =ROUND(SUMIFS(Cantidades[20013540],Cantidades[cod Idu],'CantidadesConsolidadas'!$A7),2) -> 0 | AQ7: =ROUND(SUMIFS(Cantidades[55337],Cantidades[cod Idu],'CantidadesConsolidadas'!$A7),2) -> 0 | AR7: =ROUND(SUMIFS(Cantidades[92087422],Cantidades[cod Idu],'CantidadesConsolidadas'!$A7),2) -> 0 | AS7: =ROUND(SUMIFS(Cantidades[55259],Cantidades[cod Idu],'CantidadesConsolidadas'!$A7),2) -> 0 | AT7: =ROUND(SUMIFS(Cantidades[466904],Cantidades[cod Idu],'CantidadesConsolidadas'!$A7),2) -> 0 | AU7: =ROUND(SUMIFS(Cantidades[48591],Cantidades[cod Idu],'CantidadesConsolidadas'!$A7),2) -> 0 | AV7: =ROUND(SUMIFS(Cantidades[48590],Cantidades[cod Idu],'CantidadesConsolidadas'!$A7),2) -> 0 | AW7: =ROUND(SUMIFS(Cantidades[48561],Cantidades[cod Idu],'CantidadesConsolidadas'!$A7),2) -> 0 | AX7: =ROUND(SUMIFS(Cantidades[48560],Cantidades[cod Idu],'CantidadesConsolidadas'!$A7),2) -> 0 | AY7: =ROUND(SUMIFS(Cantidades[48657],Cantidades[cod Idu],'CantidadesConsolidadas'!$A7),2) -> 0 | AZ7: =ROUND(SUMIFS(Cantidades[48655],Cantidades[cod Idu],'CantidadesConsolidadas'!$A7),2) -> 0 | BA7: =SUBTOTAL(9,CantidadesConsolidadas[[#This Row],[91013913]:[48655]]) -> 14702.38 | BB7: =ROUND(CantidadesConsolidadas[[#This Row],[Total]]*CantidadesConsolidadas[[#This Row],[VU]],0) -> 337022657
A8: 6053 | B8: =+_xlfn.XLOOKUP(CantidadesConsolidadas[[#This Row],[cod Idu]],APU_IDU[Código],APU_IDU[Nombre],"",0) -> CAPA DE SUELO DE SUBRASANTE ESTABILIZADA CON CAL HIDRATADA TIPO N, IN SITU AL 4%. (SUMINISTRO, EXTENDIDO, NIVELACION, HUMEDECIMIENTO Y COMPACTACION). | C8: =+_xlfn.XLOOKUP(CantidadesConsolidadas[[#This Row],[cod Idu]],APU_IDU[Código],APU_IDU[UM],"",0) -> M3 | D8: =+_xlfn.XLOOKUP(CantidadesConsolidadas[[#This Row],[cod Idu]],APU_IDU[Código],APU_IDU[Valor],"",0) -> 128511 | E8: =ROUND(SUMIFS(Cantidades[91013913],Cantidades[cod Idu],'CantidadesConsolidadas'!$A8),2) -> 297.82 | F8: =ROUND(SUMIFS(Cantidades[472330],Cantidades[cod Idu],'CantidadesConsolidadas'!$A8),2) -> 0 | G8: =ROUND(SUMIFS(Cantidades[167810],Cantidades[cod Idu],'CantidadesConsolidadas'!$A8),2) -> 0 | H8: =ROUND(SUMIFS(Cantidades[166646],Cantidades[cod Idu],'CantidadesConsolidadas'!$A8),2) -> 33.24 | I8: =ROUND(SUMIFS(Cantidades[167491],Cantidades[cod Idu],'CantidadesConsolidadas'!$A8),2) -> 30.95 | J8: =ROUND(SUMIFS(Cantidades[167266],Cantidades[cod Idu],'CantidadesConsolidadas'!$A8),2) -> 0 | K8: =ROUND(SUMIFS(Cantidades[170896],Cantidades[cod Idu],'CantidadesConsolidadas'!$A8),2) -> 7.88 | L8: =ROUND(SUMIFS(Cantidades[170897],Cantidades[cod Idu],'CantidadesConsolidadas'!$A8),2) -> 8.78 | M8: =ROUND(SUMIFS(Cantidades[170898],Cantidades[cod Idu],'CantidadesConsolidadas'!$A8),2) -> 0 | N8: =ROUND(SUMIFS(Cantidades[91064150],Cantidades[cod Idu],'CantidadesConsolidadas'!$A8),2) -> 10.38 | O8: =ROUND(SUMIFS(Cantidades[168919],Cantidades[cod Idu],'CantidadesConsolidadas'!$A8),2) -> 33.91 | P8: =ROUND(SUMIFS(Cantidades[168426],Cantidades[cod Idu],'CantidadesConsolidadas'!$A8),2) -> 29.87 | Q8: =ROUND(SUMIFS(Cantidades[91020796],Cantidades[cod Idu],'CantidadesConsolidadas'!$A8),2) -> 8.17 | R8: =ROUND(SUMIFS(Cantidades[176184],Cantidades[cod Idu],'CantidadesConsolidadas'!$A8),2) -> 16.64 | S8: =ROUND(SUMIFS(Cantidades[167636],Cantidades[cod Idu],'CantidadesConsolidadas'!$A8),2) -> 37.34 | T8: =ROUND(SUMIFS(Cantidades[176730],Cantidades[cod Idu],'CantidadesConsolidadas'!$A8),2) -> 10.13 | U8: =ROUND(SUMIFS(Cantidades[173038],Cantidades[cod Idu],'CantidadesConsolidadas'!$A8),2) -> 34.68 | V8: =ROUND(SUMIFS(Cantidades[170222],Cantidades[cod Idu],'CantidadesConsolidadas'!$A8),2) -> 59.21 | W8: =ROUND(SUMIFS(Cantidades[170229],Cantidades[cod Idu],'CantidadesConsolidadas'!$A8),2) -> 0 | X8: =ROUND(SUMIFS(Cantidades[170227],Cantidades[cod Idu],'CantidadesConsolidadas'!$A8),2) -> 13.16 | Y8: =ROUND(SUMIFS(Cantidades[170226],Cantidades[cod Idu],'CantidadesConsolidadas'!$A8),2) -> 7.21 | Z8: =ROUND(SUMIFS(Cantidades[171567],Cantidades[cod Idu],'CantidadesConsolidadas'!$A8),2) -> 0 | AA8: =ROUND(SUMIFS(Cantidades[166632],Cantidades[cod Idu],'CantidadesConsolidadas'!$A8),2) -> 22.91 | AB8: =ROUND(SUMIFS(Cantidades[170228],Cantidades[cod Idu],'CantidadesConsolidadas'!$A8),2) -> 14.36 | AC8: =ROUND(SUMIFS(Cantidades[172926],Cantidades[cod Idu],'CantidadesConsolidadas'!$A8),2) -> 10.11 | AD8: =ROUND(SUMIFS(Cantidades[171152],Cantidades[cod Idu],'CantidadesConsolidadas'!$A8),2) -> 105.15 | AE8: =ROUND(SUMIFS(Cantidades[173058],Cantidades[cod Idu],'CantidadesConsolidadas'!$A8),2) -> 13.77 | AF8: =ROUND(SUMIFS(Cantidades[174478],Cantidades[cod Idu],'CantidadesConsolidadas'!$A8),2) -> 129.39 | AG8: =ROUND(SUMIFS(Cantidades[91010089],Cantidades[cod Idu],'CantidadesConsolidadas'!$A8),2) -> 41.61 | AH8: =ROUND(SUMIFS(Cantidades[176122],Cantidades[cod Idu],'CantidadesConsolidadas'!$A8),2) -> 97.15 | AI8: =ROUND(SUMIFS(Cantidades[168536],Cantidades[cod Idu],'CantidadesConsolidadas'!$A8),2) -> 84.86 | AJ8: =ROUND(SUMIFS(Cantidades[166934],Cantidades[cod Idu],'CantidadesConsolidadas'!$A8),2) -> 65.74 | AK8: =ROUND(SUMIFS(Cantidades[174353],Cantidades[cod Idu],'CantidadesConsolidadas'!$A8),2) -> 36.79 | AL8: =ROUND(SUMIFS(Cantidades[52531],Cantidades[cod Idu],'CantidadesConsolidadas'!$A8),2) -> 0 | AM8: =ROUND(SUMIFS(Cantidades[52456],Cantidades[cod Idu],'CantidadesConsolidadas'!$A8),2) -> 0 | AN8: =ROUND(SUMIFS(Cantidades[92058103],Cantidades[cod Idu],'CantidadesConsolidadas'!$A8),2) -> 0 | AO8: =ROUND(SUMIFS(Cantidades[20011114],Cantidades[cod Idu],'CantidadesConsolidadas'!$A8),2) -> 0 | AP8: =ROUND(SUMIFS(Cantidades[20013540],Cantidades[cod Idu],'CantidadesConsolidadas'!$A8),2) -> 0 | AQ8: =ROUND(SUMIFS(Cantidades[55337],Cantidades[cod Idu],'CantidadesConsolidadas'!$A8),2) -> 0 | AR8: =ROUND(SUMIFS(Cantidades[92087422],Cantidades[cod Idu],'CantidadesConsolidadas'!$A8),2) -> 0 | AS8: =ROUND(SUMIFS(Cantidades[55259],Cantidades[cod Idu],'CantidadesConsolidadas'!$A8),2) -> 0 | AT8: =ROUND(SUMIFS(Cantidades[466904],Cantidades[cod Idu],'CantidadesConsolidadas'!$A8),2) -> 0 | AU8: =ROUND(SUMIFS(Cantidades[48591],Cantidades[cod Idu],'CantidadesConsolidadas'!$A8),2) -> 0 | AV8: =ROUND(SUMIFS(Cantidades[48590],Cantidades[cod Idu],'CantidadesConsolidadas'!$A8),2) -> 0 | AW8: =ROUND(SUMIFS(Cantidades[48561],Cantidades[cod Idu],'CantidadesConsolidadas'!$A8),2) -> 0 | AX8: =ROUND(SUMIFS(Cantidades[48560],Cantidades[cod Idu],'CantidadesConsolidadas'!$A8),2) -> 0 | AY8: =ROUND(SUMIFS(Cantidades[48657],Cantidades[cod Idu],'CantidadesConsolidadas'!$A8),2) -> 0 | AZ8: =ROUND(SUMIFS(Cantidades[48655],Cantidades[cod Idu],'CantidadesConsolidadas'!$A8),2) -> 0 | BA8: =SUBTOTAL(9,CantidadesConsolidadas[[#This Row],[91013913]:[48655]]) -> 1261.21 | BB8: =ROUND(CantidadesConsolidadas[[#This Row],[Total]]*CantidadesConsolidadas[[#This Row],[VU]],0) -> 162079358
A9: 6016 | B9: =+_xlfn.XLOOKUP(CantidadesConsolidadas[[#This Row],[cod Idu]],APU_IDU[Código],APU_IDU[Nombre],"",0) -> ESTABILIZACIÓN DE SUBRASANTE CON RAJÓN, INCLUYE EQUIPO DE COMPACTACIÓN (SUMINISTRO, EXTENDIDO, NIVELACIÓN Y COMPACTACIÓN CON EQUIPO MECÁNICO. NO INCLUYE MATERIAL DE SELLO) | C9: =+_xlfn.XLOOKUP(CantidadesConsolidadas[[#This Row],[cod Idu]],APU_IDU[Código],APU_IDU[UM],"",0) -> M3 | D9: =+_xlfn.XLOOKUP(CantidadesConsolidadas[[#This Row],[cod Idu]],APU_IDU[Código],APU_IDU[Valor],"",0) -> 148762 | E9: =ROUND(SUMIFS(Cantidades[91013913],Cantidades[cod Idu],'CantidadesConsolidadas'!$A9),2) -> 0 | F9: =ROUND(SUMIFS(Cantidades[472330],Cantidades[cod Idu],'CantidadesConsolidadas'!$A9),2) -> 0 | G9: =ROUND(SUMIFS(Cantidades[167810],Cantidades[cod Idu],'CantidadesConsolidadas'!$A9),2) -> 0 | H9: =ROUND(SUMIFS(Cantidades[166646],Cantidades[cod Idu],'CantidadesConsolidadas'!$A9),2) -> 14.24 | I9: =ROUND(SUMIFS(Cantidades[167491],Cantidades[cod Idu],'CantidadesConsolidadas'!$A9),2) -> 13.26 | J9: =ROUND(SUMIFS(Cantidades[167266],Cantidades[cod Idu],'CantidadesConsolidadas'!$A9),2) -> 0 | K9: =ROUND(SUMIFS(Cantidades[170896],Cantidades[cod Idu],'CantidadesConsolidadas'!$A9),2) -> 3.38 | L9: =ROUND(SUMIFS(Cantidades[170897],Cantidades[cod Idu],'CantidadesConsolidadas'!$A9),2) -> 3.76 | M9: =ROUND(SUMIFS(Cantidades[170898],Cantidades[cod Idu],'CantidadesConsolidadas'!$A9),2) -> 4.99 | N9: =ROUND(SUMIFS(Cantidades[91064150],Cantidades[cod Idu],'CantidadesConsolidadas'!$A9),2) -> 4.45 | O9: =ROUND(SUMIFS(Cantidades[168919],Cantidades[cod Idu],'CantidadesConsolidadas'!$A9),2) -> 14.53 | P9: =ROUND(SUMIFS(Cantidades[168426],Cantidades[cod Idu],'CantidadesConsolidadas'!$A9),2) -> 12.8 | Q9: =ROUND(SUMIFS(Cantidades[91020796],Cantidades[cod Idu],'CantidadesConsolidadas'!$A9),2) -> 3.5 | R9: =ROUND(SUMIFS(Cantidades[176184],Cantidades[cod Idu],'CantidadesConsolidadas'!$A9),2) -> 7.13 | S9: =ROUND(SUMIFS(Cantidades[167636],Cantidades[cod Idu],'CantidadesConsolidadas'!$A9),2) -> 16 | T9: =ROUND(SUMIFS(Cantidades[176730],Cantidades[cod Idu],'CantidadesConsolidadas'!$A9),2) -> 4.34 | U9: =ROUND(SUMIFS(Cantidades[173038],Cantidades[cod Idu],'CantidadesConsolidadas'!$A9),2) -> 14.86 | V9: =ROUND(SUMIFS(Cantidades[170222],Cantidades[cod Idu],'CantidadesConsolidadas'!$A9),2) -> 25.37 | W9: =ROUND(SUMIFS(Cantidades[170229],Cantidades[cod Idu],'CantidadesConsolidadas'!$A9),2) -> 7.59 | X9: =ROUND(SUMIFS(Cantidades[170227],Cantidades[cod Idu],'CantidadesConsolidadas'!$A9),2) -> 5.64 | Y9: =ROUND(SUMIFS(Cantidades[170226],Cantidades[cod Idu],'CantidadesConsolidadas'!$A9),2) -> 3.09 | Z9: =ROUND(SUMIFS(Cantidades[171567],Cantidades[cod Idu],'CantidadesConsolidadas'!$A9),2) -> 52.35 | AA9: =ROUND(SUMIFS(Cantidades[166632],Cantidades[cod Idu],'CantidadesConsolidadas'!$A9),2) -> 9.82 | AB9: =ROUND(SUMIFS(Cantidades[170228],Cantidades[cod Idu],'CantidadesConsolidadas'!$A9),2) -> 6.15 | AC9: =ROUND(SUMIFS(Cantidades[172926],Cantidades[cod Idu],'CantidadesConsolidadas'!$A9),2) -> 4.33 | AD9: =ROUND(SUMIFS(Cantidades[171152],Cantidades[cod Idu],'CantidadesConsolidadas'!$A9),2) -> 45.06 | AE9: =ROUND(SUMIFS(Cantidades[173058],Cantidades[cod Idu],'CantidadesConsolidadas'!$A9),2) -> 5.9 | AF9: =ROUND(SUMIFS(Cantidades[174478],Cantidades[cod Idu],'CantidadesConsolidadas'!$A9),2) -> 55.45 | AG9: =ROUND(SUMIFS(Cantidades[91010089],Cantidades[cod Idu],'CantidadesConsolidadas'!$A9),2) -> 17.83 | AH9: =ROUND(SUMIFS(Cantidades[176122],Cantidades[cod Idu],'CantidadesConsolidadas'!$A9),2) -> 41.64 | AI9: =ROUND(SUMIFS(Cantidades[168536],Cantidades[cod Idu],'CantidadesConsolidadas'!$A9),2) -> 36.37 | AJ9: =ROUND(SUMIFS(Cantidades[166934],Cantidades[cod Idu],'CantidadesConsolidadas'!$A9),2) -> 28.17 | AK9: =ROUND(SUMIFS(Cantidades[174353],Cantidades[cod Idu],'CantidadesConsolidadas'!$A9),2) -> 15.77 | AL9: =ROUND(SUMIFS(Cantidades[52531],Cantidades[cod Idu],'CantidadesConsolidadas'!$A9),2) -> 0 | AM9: =ROUND(SUMIFS(Cantidades[52456],Cantidades[cod Idu],'CantidadesConsolidadas'!$A9),2) -> 0 | AN9: =ROUND(SUMIFS(Cantidades[92058103],Cantidades[cod Idu],'CantidadesConsolidadas'!$A9),2) -> 0 | AO9: =ROUND(SUMIFS(Cantidades[20011114],Cantidades[cod Idu],'CantidadesConsolidadas'!$A9),2) -> 0 | AP9: =ROUND(SUMIFS(Cantidades[20013540],Cantidades[cod Idu],'CantidadesConsolidadas'!$A9),2) -> 0 | AQ9: =ROUND(SUMIFS(Cantidades[55337],Cantidades[cod Idu],'CantidadesConsolidadas'!$A9),2) -> 0 | AR9: =ROUND(SUMIFS(Cantidades[92087422],Cantidades[cod Idu],'CantidadesConsolidadas'!$A9),2) -> 0 | AS9: =ROUND(SUMIFS(Cantidades[55259],Cantidades[cod Idu],'CantidadesConsolidadas'!$A9),2) -> 0 | AT9: =ROUND(SUMIFS(Cantidades[466904],Cantidades[cod Idu],'CantidadesConsolidadas'!$A9),2) -> 0 | AU9: =ROUND(SUMIFS(Cantidades[48591],Cantidades[cod Idu],'CantidadesConsolidadas'!$A9),2) -> 0 | AV9: =ROUND(SUMIFS(Cantidades[48590],Cantidades[cod Idu],'CantidadesConsolidadas'!$A9),2) -> 0 | AW9: =ROUND(SUMIFS(Cantidades[48561],Cantidades[cod Idu],'CantidadesConsolidadas'!$A9),2) -> 0 | AX9: =ROUND(SUMIFS(Cantidades[48560],Cantidades[cod Idu],'CantidadesConsolidadas'!$A9),2) -> 0 | AY9: =ROUND(SUMIFS(Cantidades[48657],Cantidades[cod Idu],'CantidadesConsolidadas'!$A9),2) -> 0 | AZ9: =ROUND(SUMIFS(Cantidades[48655],Cantidades[cod Idu],'CantidadesConsolidadas'!$A9),2) -> 0 | BA9: =SUBTOTAL(9,CantidadesConsolidadas[[#This Row],[91013913]:[48655]]) -> 477.77 | BB9: =ROUND(CantidadesConsolidadas[[#This Row],[Total]]*CantidadesConsolidadas[[#This Row],[VU]],0) -> 71074021
A10: 4142 | B10: =+_xlfn.XLOOKUP(CantidadesConsolidadas[[#This Row],[cod Idu]],APU_IDU[Código],APU_IDU[Nombre],"",0) -> SUBBASE GRANULAR SBG-A (SUMINISTRO, EXTENDIDO, NIVELACIÓN, HUMEDECIMIENTO Y COMPACTACIÓN CON VIBROCOMPACTADOR) | C10: =+_xlfn.XLOOKUP(CantidadesConsolidadas[[#This Row],[cod Idu]],APU_IDU[Código],APU_IDU[UM],"",0) -> M3 | D10: =+_xlfn.XLOOKUP(CantidadesConsolidadas[[#This Row],[cod Idu]],APU_IDU[Código],APU_IDU[Valor],"",0) -> 221997 | E10: =ROUND(SUMIFS(Cantidades[91013913],Cantidades[cod Idu],'CantidadesConsolidadas'!$A10),2) -> 0 | F10: =ROUND(SUMIFS(Cantidades[472330],Cantidades[cod Idu],'CantidadesConsolidadas'!$A10),2) -> 0 | G10: =ROUND(SUMIFS(Cantidades[167810],Cantidades[cod Idu],'CantidadesConsolidadas'!$A10),2) -> 0 | H10: =ROUND(SUMIFS(Cantidades[166646],Cantidades[cod Idu],'CantidadesConsolidadas'!$A10),2) -> 0 | I10: =ROUND(SUMIFS(Cantidades[167491],Cantidades[cod Idu],'CantidadesConsolidadas'!$A10),2) -> 0 | J10: =ROUND(SUMIFS(Cantidades[167266],Cantidades[cod Idu],'CantidadesConsolidadas'!$A10),2) -> 0 | K10: =ROUND(SUMIFS(Cantidades[170896],Cantidades[cod Idu],'CantidadesConsolidadas'!$A10),2) -> 0 | L10: =ROUND(SUMIFS(Cantidades[170897],Cantidades[cod Idu],'CantidadesConsolidadas'!$A10),2) -> 0 | M10: =ROUND(SUMIFS(Cantidades[170898],Cantidades[cod Idu],'CantidadesConsolidadas'!$A10),2) -> 14.97 | N10: =ROUND(SUMIFS(Cantidades[91064150],Cantidades[cod Idu],'CantidadesConsolidadas'!$A10),2) -> 0 | O10: =ROUND(SUMIFS(Cantidades[168919],Cantidades[cod Idu],'CantidadesConsolidadas'!$A10),2) -> 0 | P10: =ROUND(SUMIFS(Cantidades[168426],Cantidades[cod Idu],'CantidadesConsolidadas'!$A10),2) -> 0 | Q10: =ROUND(SUMIFS(Cantidades[91020796],Cantidades[cod Idu],'CantidadesConsolidadas'!$A10),2) -> 0 | R10: =ROUND(SUMIFS(Cantidades[176184],Cantidades[cod Idu],'CantidadesConsolidadas'!$A10),2) -> 0 | S10: =ROUND(SUMIFS(Cantidades[167636],Cantidades[cod Idu],'CantidadesConsolidadas'!$A10),2) -> 0 | T10: =ROUND(SUMIFS(Cantidades[176730],Cantidades[cod Idu],'CantidadesConsolidadas'!$A10),2) -> 0 | U10: =ROUND(SUMIFS(Cantidades[173038],Cantidades[cod Idu],'CantidadesConsolidadas'!$A10),2) -> 0 | V10: =ROUND(SUMIFS(Cantidades[170222],Cantidades[cod Idu],'CantidadesConsolidadas'!$A10),2) -> 0 | W10: =ROUND(SUMIFS(Cantidades[170229],Cantidades[cod Idu],'CantidadesConsolidadas'!$A10),2) -> 22.78 | X10: =ROUND(SUMIFS(Cantidades[170227],Cantidades[cod Idu],'CantidadesConsolidadas'!$A10),2) -> 0 | Y10: =ROUND(SUMIFS(Cantidades[170226],Cantidades[cod Idu],'CantidadesConsolidadas'!$A10),2) -> 0 | Z10: =ROUND(SUMIFS(Cantidades[171567],Cantidades[cod Idu],'CantidadesConsolidadas'!$A10),2) -> 0 | AA10: =ROUND(SUMIFS(Cantidades[166632],Cantidades[cod Idu],'CantidadesConsolidadas'!$A10),2) -> 0 | AB10: =ROUND(SUMIFS(Cantidades[170228],Cantidades[cod Idu],'CantidadesConsolidadas'!$A10),2) -> 0 | AC10: =ROUND(SUMIFS(Cantidades[172926],Cantidades[cod Idu],'CantidadesConsolidadas'!$A10),2) -> 0 | AD10: =ROUND(SUMIFS(Cantidades[171152],Cantidades[cod Idu],'CantidadesConsolidadas'!$A10),2) -> 0 | AE10: =ROUND(SUMIFS(Cantidades[173058],Cantidades[cod Idu],'CantidadesConsolidadas'!$A10),2) -> 0 | AF10: =ROUND(SUMIFS(Cantidades[174478],Cantidades[cod Idu],'CantidadesConsolidadas'!$A10),2) -> 0 | AG10: =ROUND(SUMIFS(Cantidades[91010089],Cantidades[cod Idu],'CantidadesConsolidadas'!$A10),2) -> 0 | AH10: =ROUND(SUMIFS(Cantidades[176122],Cantidades[cod Idu],'CantidadesConsolidadas'!$A10),2) -> 0 | AI10: =ROUND(SUMIFS(Cantidades[168536],Cantidades[cod Idu],'CantidadesConsolidadas'!$A10),2) -> 0 | AJ10: =ROUND(SUMIFS(Cantidades[166934],Cantidades[cod Idu],'CantidadesConsolidadas'!$A10),2) -> 0 | AK10: =ROUND(SUMIFS(Cantidades[174353],Cantidades[cod Idu],'CantidadesConsolidadas'!$A10),2) -> 0 | AL10: =ROUND(SUMIFS(Cantidades[52531],Cantidades[cod Idu],'CantidadesConsolidadas'!$A10),2) -> 0 | AM10: =ROUND(SUMIFS(Cantidades[52456],Cantidades[cod Idu],'CantidadesConsolidadas'!$A10),2) -> 0 | AN10: =ROUND(SUMIFS(Cantidades[92058103],Cantidades[cod Idu],'CantidadesConsolidadas'!$A10),2) -> 0 | AO10: =ROUND(SUMIFS(Cantidades[20011114],Cantidades[cod Idu],'CantidadesConsolidadas'!$A10),2) -> 0 | AP10: =ROUND(SUMIFS(Cantidades[20013540],Cantidades[cod Idu],'CantidadesConsolidadas'!$A10),2) -> 0 | AQ10: =ROUND(SUMIFS(Cantidades[55337],Cantidades[cod Idu],'CantidadesConsolidadas'!$A10),2) -> 0 | AR10: =ROUND(SUMIFS(Cantidades[92087422],Cantidades[cod Idu],'CantidadesConsolidadas'!$A10),2) -> 0 | AS10: =ROUND(SUMIFS(Cantidades[55259],Cantidades[cod Idu],'CantidadesConsolidadas'!$A10),2) -> 0 | AT10: =ROUND(SUMIFS(Cantidades[466904],Cantidades[cod Idu],'CantidadesConsolidadas'!$A10),2) -> 0 | AU10: =ROUND(SUMIFS(Cantidades[48591],Cantidades[cod Idu],'CantidadesConsolidadas'!$A10),2) -> 0 | AV10: =ROUND(SUMIFS(Cantidades[48590],Cantidades[cod Idu],'CantidadesConsolidadas'!$A10),2) -> 0 | AW10: =ROUND(SUMIFS(Cantidades[48561],Cantidades[cod Idu],'CantidadesConsolidadas'!$A10),2) -> 0 | AX10: =ROUND(SUMIFS(Cantidades[48560],Cantidades[cod Idu],'CantidadesConsolidadas'!$A10),2) -> 0 | AY10: =ROUND(SUMIFS(Cantidades[48657],Cantidades[cod Idu],'CantidadesConsolidadas'!$A10),2) -> 0 | AZ10: =ROUND(SUMIFS(Cantidades[48655],Cantidades[cod Idu],'CantidadesConsolidadas'!$A10),2) -> 0 | BA10: =SUBTOTAL(9,CantidadesConsolidadas[[#This Row],[91013913]:[48655]]) -> 37.75 | BB10: =ROUND(CantidadesConsolidadas[[#This Row],[Total]]*CantidadesConsolidadas[[#This Row],[VU]],0) -> 8380387
A11: 8617 | B11: =+_xlfn.XLOOKUP(CantidadesConsolidadas[[#This Row],[cod Idu]],APU_IDU[Código],APU_IDU[Nombre],"",0) -> AGREGADOS RECICLADOS PARA SUBBASE GRANULAR (AR_SBG50) (Suministro, Extendido, Nivelación, Humedecimiento y Compactación con vibrocompactador) | C11: =+_xlfn.XLOOKUP(CantidadesConsolidadas[[#This Row],[cod Idu]],APU_IDU[Código],APU_IDU[UM],"",0) -> M3 | D11: =+_xlfn.XLOOKUP(CantidadesConsolidadas[[#This Row],[cod Idu]],APU_IDU[Código],APU_IDU[Valor],"",0) -> 204760 | E11: =ROUND(SUMIFS(Cantidades[91013913],Cantidades[cod Idu],'CantidadesConsolidadas'!$A11),2) -> 0 | F11: =ROUND(SUMIFS(Cantidades[472330],Cantidades[cod Idu],'CantidadesConsolidadas'!$A11),2) -> 0 | G11: =ROUND(SUMIFS(Cantidades[167810],Cantidades[cod Idu],'CantidadesConsolidadas'!$A11),2) -> 0 | H11: =ROUND(SUMIFS(Cantidades[166646],Cantidades[cod Idu],'CantidadesConsolidadas'!$A11),2) -> 142.44 | I11: =ROUND(SUMIFS(Cantidades[167491],Cantidades[cod Idu],'CantidadesConsolidadas'!$A11),2) -> 0 | J11: =ROUND(SUMIFS(Cantidades[167266],Cantidades[cod Idu],'CantidadesConsolidadas'!$A11),2) -> 0 | K11: =ROUND(SUMIFS(Cantidades[170896],Cantidades[cod Idu],'CantidadesConsolidadas'!$A11),2) -> 0 | L11: =ROUND(SUMIFS(Cantidades[170897],Cantidades[cod Idu],'CantidadesConsolidadas'!$A11),2) -> 0 | M11: =ROUND(SUMIFS(Cantidades[170898],Cantidades[cod Idu],'CantidadesConsolidadas'!$A11),2) -> 0 | N11: =ROUND(SUMIFS(Cantidades[91064150],Cantidades[cod Idu],'CantidadesConsolidadas'!$A11),2) -> 0 | O11: =ROUND(SUMIFS(Cantidades[168919],Cantidades[cod Idu],'CantidadesConsolidadas'!$A11),2) -> 0 | P11: =ROUND(SUMIFS(Cantidades[168426],Cantidades[cod Idu],'CantidadesConsolidadas'!$A11),2) -> 0 | Q11: =ROUND(SUMIFS(Cantidades[91020796],Cantidades[cod Idu],'CantidadesConsolidadas'!$A11),2) -> 0 | R11: =ROUND(SUMIFS(Cantidades[176184],Cantidades[cod Idu],'CantidadesConsolidadas'!$A11),2) -> 0 | S11: =ROUND(SUMIFS(Cantidades[167636],Cantidades[cod Idu],'CantidadesConsolidadas'!$A11),2) -> 0 | T11: =ROUND(SUMIFS(Cantidades[176730],Cantidades[cod Idu],'CantidadesConsolidadas'!$A11),2) -> 0 | U11: =ROUND(SUMIFS(Cantidades[173038],Cantidades[cod Idu],'CantidadesConsolidadas'!$A11),2) -> 0 | V11: =ROUND(SUMIFS(Cantidades[170222],Cantidades[cod Idu],'CantidadesConsolidadas'!$A11),2) -> 0 | W11: =ROUND(SUMIFS(Cantidades[170229],Cantidades[cod Idu],'CantidadesConsolidadas'!$A11),2) -> 0 | X11: =ROUND(SUMIFS(Cantidades[170227],Cantidades[cod Idu],'CantidadesConsolidadas'!$A11),2) -> 0 | Y11: =ROUND(SUMIFS(Cantidades[170226],Cantidades[cod Idu],'CantidadesConsolidadas'!$A11),2) -> 0 | Z11: =ROUND(SUMIFS(Cantidades[171567],Cantidades[cod Idu],'CantidadesConsolidadas'!$A11),2) -> 0 | AA11: =ROUND(SUMIFS(Cantidades[166632],Cantidades[cod Idu],'CantidadesConsolidadas'!$A11),2) -> 0 | AB11: =ROUND(SUMIFS(Cantidades[170228],Cantidades[cod Idu],'CantidadesConsolidadas'!$A11),2) -> 0 | AC11: =ROUND(SUMIFS(Cantidades[172926],Cantidades[cod Idu],'CantidadesConsolidadas'!$A11),2) -> 0 | AD11: =ROUND(SUMIFS(Cantidades[171152],Cantidades[cod Idu],'CantidadesConsolidadas'!$A11),2) -> 0 | AE11: =ROUND(SUMIFS(Cantidades[173058],Cantidades[cod Idu],'CantidadesConsolidadas'!$A11),2) -> 0 | AF11: =ROUND(SUMIFS(Cantidades[174478],Cantidades[cod Idu],'CantidadesConsolidadas'!$A11),2) -> 0 | AG11: =ROUND(SUMIFS(Cantidades[91010089],Cantidades[cod Idu],'CantidadesConsolidadas'!$A11),2) -> 0 | AH11: =ROUND(SUMIFS(Cantidades[176122],Cantidades[cod Idu],'CantidadesConsolidadas'!$A11),2) -> 0 | AI11: =ROUND(SUMIFS(Cantidades[168536],Cantidades[cod Idu],'CantidadesConsolidadas'!$A11),2) -> 0 | AJ11: =ROUND(SUMIFS(Cantidades[166934],Cantidades[cod Idu],'CantidadesConsolidadas'!$A11),2) -> 0 | AK11: =ROUND(SUMIFS(Cantidades[174353],Cantidades[cod Idu],'CantidadesConsolidadas'!$A11),2) -> 0 | AL11: =ROUND(SUMIFS(Cantidades[52531],Cantidades[cod Idu],'CantidadesConsolidadas'!$A11),2) -> 0 | AM11: =ROUND(SUMIFS(Cantidades[52456],Cantidades[cod Idu],'CantidadesConsolidadas'!$A11),2) -> 0 | AN11: =ROUND(SUMIFS(Cantidades[92058103],Cantidades[cod Idu],'CantidadesConsolidadas'!$A11),2) -> 0 | AO11: =ROUND(SUMIFS(Cantidades[20011114],Cantidades[cod Idu],'CantidadesConsolidadas'!$A11),2) -> 0 | AP11: =ROUND(SUMIFS(Cantidades[20013540],Cantidades[cod Idu],'CantidadesConsolidadas'!$A11),2) -> 0 | AQ11: =ROUND(SUMIFS(Cantidades[55337],Cantidades[cod Idu],'CantidadesConsolidadas'!$A11),2) -> 0 | AR11: =ROUND(SUMIFS(Cantidades[92087422],Cantidades[cod Idu],'CantidadesConsolidadas'!$A11),2) -> 0 | AS11: =ROUND(SUMIFS(Cantidades[55259],Cantidades[cod Idu],'CantidadesConsolidadas'!$A11),2) -> 0 | AT11: =ROUND(SUMIFS(Cantidades[466904],Cantidades[cod Idu],'CantidadesConsolidadas'!$A11),2) -> 0 | AU11: =ROUND(SUMIFS(Cantidades[48591],Cantidades[cod Idu],'CantidadesConsolidadas'!$A11),2) -> 0 | AV11: =ROUND(SUMIFS(Cantidades[48590],Cantidades[cod Idu],'CantidadesConsolidadas'!$A11),2) -> 0 | AW11: =ROUND(SUMIFS(Cantidades[48561],Cantidades[cod Idu],'CantidadesConsolidadas'!$A11),2) -> 0 | AX11: =ROUND(SUMIFS(Cantidades[48560],Cantidades[cod Idu],'CantidadesConsolidadas'!$A11),2) -> 0 | AY11: =ROUND(SUMIFS(Cantidades[48657],Cantidades[cod Idu],'CantidadesConsolidadas'!$A11),2) -> 0 | AZ11: =ROUND(SUMIFS(Cantidades[48655],Cantidades[cod Idu],'CantidadesConsolidadas'!$A11),2) -> 0 | BA11: =SUBTOTAL(9,CantidadesConsolidadas[[#This Row],[91013913]:[48655]]) -> 142.44 | BB11: =ROUND(CantidadesConsolidadas[[#This Row],[Total]]*CantidadesConsolidadas[[#This Row],[VU]],0) -> 29166014
A12: 4140 | B12: =+_xlfn.XLOOKUP(CantidadesConsolidadas[[#This Row],[cod Idu]],APU_IDU[Código],APU_IDU[Nombre],"",0) -> BASE GRANULAR BG-A. (SUMINISTRO, EXTENDIDO, NIVELACIÓN Y HUMEDECIMIENTO MECÁNICO, COMPACTACIÓN MECÁNICA CON VIBROCOMPACTADOR TÁNDEM PEQUEÑO, INCLUYE OPERARIO Y COMBUSTIBLE). | C12: =+_xlfn.XLOOKUP(CantidadesConsolidadas[[#This Row],[cod Idu]],APU_IDU[Código],APU_IDU[UM],"",0) -> M3 | D12: =+_xlfn.XLOOKUP(CantidadesConsolidadas[[#This Row],[cod Idu]],APU_IDU[Código],APU_IDU[Valor],"",0) -> 262698 | E12: =ROUND(SUMIFS(Cantidades[91013913],Cantidades[cod Idu],'CantidadesConsolidadas'!$A12),2) -> 0 | F12: =ROUND(SUMIFS(Cantidades[472330],Cantidades[cod Idu],'CantidadesConsolidadas'!$A12),2) -> 0 | G12: =ROUND(SUMIFS(Cantidades[167810],Cantidades[cod Idu],'CantidadesConsolidadas'!$A12),2) -> 0 | H12: =ROUND(SUMIFS(Cantidades[166646],Cantidades[cod Idu],'CantidadesConsolidadas'!$A12),2) -> 0 | I12: =ROUND(SUMIFS(Cantidades[167491],Cantidades[cod Idu],'CantidadesConsolidadas'!$A12),2) -> 0 | J12: =ROUND(SUMIFS(Cantidades[167266],Cantidades[cod Idu],'CantidadesConsolidadas'!$A12),2) -> 0 | K12: =ROUND(SUMIFS(Cantidades[170896],Cantidades[cod Idu],'CantidadesConsolidadas'!$A12),2) -> 0 | L12: =ROUND(SUMIFS(Cantidades[170897],Cantidades[cod Idu],'CantidadesConsolidadas'!$A12),2) -> 0 | M12: =ROUND(SUMIFS(Cantidades[170898],Cantidades[cod Idu],'CantidadesConsolidadas'!$A12),2) -> 9.98 | N12: =ROUND(SUMIFS(Cantidades[91064150],Cantidades[cod Idu],'CantidadesConsolidadas'!$A12),2) -> 0 | O12: =ROUND(SUMIFS(Cantidades[168919],Cantidades[cod Idu],'CantidadesConsolidadas'!$A12),2) -> 0 | P12: =ROUND(SUMIFS(Cantidades[168426],Cantidades[cod Idu],'CantidadesConsolidadas'!$A12),2) -> 0 | Q12: =ROUND(SUMIFS(Cantidades[91020796],Cantidades[cod Idu],'CantidadesConsolidadas'!$A12),2) -> 0 | R12: =ROUND(SUMIFS(Cantidades[176184],Cantidades[cod Idu],'CantidadesConsolidadas'!$A12),2) -> 0 | S12: =ROUND(SUMIFS(Cantidades[167636],Cantidades[cod Idu],'CantidadesConsolidadas'!$A12),2) -> 0 | T12: =ROUND(SUMIFS(Cantidades[176730],Cantidades[cod Idu],'CantidadesConsolidadas'!$A12),2) -> 0 | U12: =ROUND(SUMIFS(Cantidades[173038],Cantidades[cod Idu],'CantidadesConsolidadas'!$A12),2) -> 0 | V12: =ROUND(SUMIFS(Cantidades[170222],Cantidades[cod Idu],'CantidadesConsolidadas'!$A12),2) -> 0 | W12: =ROUND(SUMIFS(Cantidades[170229],Cantidades[cod Idu],'CantidadesConsolidadas'!$A12),2) -> 15.18 | X12: =ROUND(SUMIFS(Cantidades[170227],Cantidades[cod Idu],'CantidadesConsolidadas'!$A12),2) -> 0 | Y12: =ROUND(SUMIFS(Cantidades[170226],Cantidades[cod Idu],'CantidadesConsolidadas'!$A12),2) -> 20.59 | Z12: =ROUND(SUMIFS(Cantidades[171567],Cantidades[cod Idu],'CantidadesConsolidadas'!$A12),2) -> 0 | AA12: =ROUND(SUMIFS(Cantidades[166632],Cantidades[cod Idu],'CantidadesConsolidadas'!$A12),2) -> 0 | AB12: =ROUND(SUMIFS(Cantidades[170228],Cantidades[cod Idu],'CantidadesConsolidadas'!$A12),2) -> 0 | AC12: =ROUND(SUMIFS(Cantidades[172926],Cantidades[cod Idu],'CantidadesConsolidadas'!$A12),2) -> 0 | AD12: =ROUND(SUMIFS(Cantidades[171152],Cantidades[cod Idu],'CantidadesConsolidadas'!$A12),2) -> 0 | AE12: =ROUND(SUMIFS(Cantidades[173058],Cantidades[cod Idu],'CantidadesConsolidadas'!$A12),2) -> 0 | AF12: =ROUND(SUMIFS(Cantidades[174478],Cantidades[cod Idu],'CantidadesConsolidadas'!$A12),2) -> 0 | AG12: =ROUND(SUMIFS(Cantidades[91010089],Cantidades[cod Idu],'CantidadesConsolidadas'!$A12),2) -> 0 | AH12: =ROUND(SUMIFS(Cantidades[176122],Cantidades[cod Idu],'CantidadesConsolidadas'!$A12),2) -> 0 | AI12: =ROUND(SUMIFS(Cantidades[168536],Cantidades[cod Idu],'CantidadesConsolidadas'!$A12),2) -> 0 | AJ12: =ROUND(SUMIFS(Cantidades[166934],Cantidades[cod Idu],'CantidadesConsolidadas'!$A12),2) -> 0 | AK12: =ROUND(SUMIFS(Cantidades[174353],Cantidades[cod Idu],'CantidadesConsolidadas'!$A12),2) -> 0 | AL12: =ROUND(SUMIFS(Cantidades[52531],Cantidades[cod Idu],'CantidadesConsolidadas'!$A12),2) -> 0 | AM12: =ROUND(SUMIFS(Cantidades[52456],Cantidades[cod Idu],'CantidadesConsolidadas'!$A12),2) -> 0 | AN12: =ROUND(SUMIFS(Cantidades[92058103],Cantidades[cod Idu],'CantidadesConsolidadas'!$A12),2) -> 0 | AO12: =ROUND(SUMIFS(Cantidades[20011114],Cantidades[cod Idu],'CantidadesConsolidadas'!$A12),2) -> 0 | AP12: =ROUND(SUMIFS(Cantidades[20013540],Cantidades[cod Idu],'CantidadesConsolidadas'!$A12),2) -> 0 | AQ12: =ROUND(SUMIFS(Cantidades[55337],Cantidades[cod Idu],'CantidadesConsolidadas'!$A12),2) -> 0 | AR12: =ROUND(SUMIFS(Cantidades[92087422],Cantidades[cod Idu],'CantidadesConsolidadas'!$A12),2) -> 0 | AS12: =ROUND(SUMIFS(Cantidades[55259],Cantidades[cod Idu],'CantidadesConsolidadas'!$A12),2) -> 0 | AT12: =ROUND(SUMIFS(Cantidades[466904],Cantidades[cod Idu],'CantidadesConsolidadas'!$A12),2) -> 0 | AU12: =ROUND(SUMIFS(Cantidades[48591],Cantidades[cod Idu],'CantidadesConsolidadas'!$A12),2) -> 0 | AV12: =ROUND(SUMIFS(Cantidades[48590],Cantidades[cod Idu],'CantidadesConsolidadas'!$A12),2) -> 0 | AW12: =ROUND(SUMIFS(Cantidades[48561],Cantidades[cod Idu],'CantidadesConsolidadas'!$A12),2) -> 0 | AX12: =ROUND(SUMIFS(Cantidades[48560],Cantidades[cod Idu],'CantidadesConsolidadas'!$A12),2) -> 0 | AY12: =ROUND(SUMIFS(Cantidades[48657],Cantidades[cod Idu],'CantidadesConsolidadas'!$A12),2) -> 0 | AZ12: =ROUND(SUMIFS(Cantidades[48655],Cantidades[cod Idu],'CantidadesConsolidadas'!$A12),2) -> 0 | BA12: =SUBTOTAL(9,CantidadesConsolidadas[[#This Row],[91013913]:[48655]]) -> 45.75 | BB12: =ROUND(CantidadesConsolidadas[[#This Row],[Total]]*CantidadesConsolidadas[[#This Row],[VU]],0) -> 12018434
